Workbook

Sheet dados
A1: DADOS DO ORÇAMENTO
A2: SECRETARIA: | B2: SECRETARIA MUNICIPAL DE OBRAS E INFRAESTRUTURA
A3: OBJETO: | B3: Execução de Obras de Pavimentação e Redes de Drenagem na Rua Giruá
A4: ENDEREÇO: | B4: Rua Giruá, Vila Panorama, Lomba Pinheiro, Porto Alegre, RS
A5: AUTOR: | B5: Demitrio Fleck
A6: TÍTULO: | B6: Engenheiro Civil
A7: CONSELHO: | B7: CREA RS-145877
A8: REVISÃO: | B8: 46265
A9: DATA BASE: | B9: 46204
A10: ENCARGOS SOCIAIS: | B10: Não Desonerado
A11: PERCENTUAL DE MÃO DE OBRA EM RELAÇÃO AO VALOR TOTAL DO ORÇAMENTO: | C11: =SUM(orcamento!L10:L192)/orcamento!N193 -> 0.36552041

Sheet orcamento
D1: PREFEITURA MUNICIPAL DE PORTO ALEGRE
D2: =dados!B2 -> SECRETARIA MUNICIPAL DE OBRAS E INFRAESTRUTURA
D3: ="Objeto: "&dados!B3 -> Objeto: Execução de Obras de Pavimentação e Redes de Drenagem na Rua Giruá
D4: ="Endereço: "&dados!B4 -> Endereço: Rua Giruá, Vila Panorama, Lomba Pinheiro, Porto Alegre, RS
D6: ="Orçamento ("&dados!B10&")" -> Orçamento (Não Desonerado)
B8: CÓDIGO | C8: FONTE | D8: DESCRIÇÃO | E8: UNID. | F8: QUANT. | H8: Custo Unitário | J8: BDI | K8: Preço Unitário | M8: Preço Total
G9: Mão de obra | H9: Material+Equip. | I9: Total | L9: Mão de obra | M9: Material+Equip. | N9: Total
A10: 1 | D10: ADMINISTRAÇÃO LOCAL
A11: 1.1 | B11: CCU 01 | C11: COMPOSICAO_PROPRIA | D11: =VLOOKUP(B11,composicoes!$A:$K,2,0) -> EQUIPE E CONSUMOS DE ADMINISTRAÇÃO LOCAL | E11: =VLOOKUP(B11,composicoes!$A:$K,8,0) -> UN | F11: 1 | G11: =VLOOKUP(B11,composicoes!$A:$K,10,0) -> 121481.36 | H11: =VLOOKUP(B11,composicoes!$A:$K,11,0) -> 7031.44 | I11: =G11+H11 -> 128512.8 | J11: 0.2423 | K11: =I11+ROUND(I11*J11,2) -> 159651.45 | L11: =TRUNC(TRUNC(G11*(1+J11),2)*F11,2) -> 150916.29 | M11: =N11-L11 -> 8735.16 | N11: =ROUND(F11*K11,2) -> 159651.45
A12: 1.2 | B12: CCU 02 | C12: COMPOSICAO_PROPRIA | D12: =VLOOKUP(B12,composicoes!$A:$K,2,0) -> SERVIÇO DE VIGILÂNCIA NOTURNO (DIÁRIO) E DIURNO (FINAIS DE SEMANA E FERIADO) | E12: =VLOOKUP(B12,composicoes!$A:$K,8,0) -> UN | F12: 1 | G12: =VLOOKUP(B12,composicoes!$A:$K,10,0) -> 31048.31 | H12: =VLOOKUP(B12,composicoes!$A:$K,11,0) -> 4400.36 | I12: =G12+H12 -> 35448.67 | J12: 0.2423 | K12: =I12+ROUND(I12*J12,2) -> 44037.88 | L12: =TRUNC(TRUNC(G12*(1+J12),2)*F12,2) -> 38571.31 | M12: =N12-L12 -> 5466.57 | N12: =ROUND(F12*K12,2) -> 44037.88
A13: 1.3 | B13: TAB 01 | C13: COTACAO | D13: =VLOOKUP(B13,tabelas!$A:$L,4,0) -> DOCUMENTO DE RESPONSABILIDADE TÉCNICA | E13: =VLOOKUP(B13,tabelas!$A:$L,5,0) -> UN | F13: 1 | G13: 0 | H13: =VLOOKUP($B13,tabelas!$A:$L,12,0) -> 285.59 | I13: =G13+H13 -> 285.59 | J13: 0.2423 | K13: =I13+ROUND(I13*J13,2) -> 354.79 | L13: =TRUNC(TRUNC(G13*(1+J13),2)*F13,2) -> 0 | M13: =N13-L13 -> 354.79 | N13: =ROUND(F13*K13,2) -> 354.79
A14: 1.4 | B14: CCU 03 | C14: COMPOSICAO_PROPRIA | D14: =VLOOKUP(B14,composicoes!$A:$K,2,0) -> PROJETO AS BUILT (1.550m2 DE ÁREA CONSTRUÍDA) | E14: =VLOOKUP(B14,composicoes!$A:$K,8,0) -> UN | F14: 1 | G14: =VLOOKUP(B14,composicoes!$A:$K,10,0) -> 1588.41 | H14: =VLOOKUP(B14,composicoes!$A:$K,11,0) -> 0 | I14: =G14+H14 -> 1588.41 | J14: 0.2423 | K14: =I14+ROUND(I14*J14,2) -> 1973.28 | L14: =TRUNC(TRUNC(G14*(1+J14),2)*F14,2) -> 1973.28 | M14: =N14-L14 -> 0 | N14: =ROUND(F14*K14,2) -> 1973.28
A15: 1.5 | B15: CCU 04 | C15: COMPOSICAO_PROPRIA | D15: =VLOOKUP(B15,composicoes!$A:$K,2,0) -> CADASTRO DE REDES (210m DE REDE DE DRENAGEM) | E15: =VLOOKUP(B15,composicoes!$A:$K,8,0) -> UN | F15: 1 | G15: =VLOOKUP(B15,composicoes!$A:$K,10,0) -> 1588.41 | H15: =VLOOKUP(B15,composicoes!$A:$K,11,0) -> 0 | I15: =G15+H15 -> 1588.41 | J15: 0.2423 | K15: =I15+ROUND(I15*J15,2) -> 1973.28 | L15: =TRUNC(TRUNC(G15*(1+J15),2)*F15,2) -> 1973.28 | M15: =N15-L15 -> 0 | N15: =ROUND(F15*K15,2) -> 1973.28
A16: 1.6 | B16: CCU 05 | C16: COMPOSICAO_PROPRIA | D16: =VLOOKUP(B16,composicoes!$A:$K,2,0) -> SERVIÇO DE LOCAÇÃO/TOPOGRAFIA (115M PAVIMENTO E 210M REDE DRENAGEM) | E16: =VLOOKUP(B16,composicoes!$A:$K,8,0) -> UN | F16: 1 | G16: =VLOOKUP(B16,composicoes!$A:$K,10,0) -> 4620.16 | H16: =VLOOKUP(B16,composicoes!$A:$K,11,0) -> 228.13 | I16: =G16+H16 -> 4848.29 | J16: 0.2423 | K16: =I16+ROUND(I16*J16,2) -> 6023.03 | L16: =TRUNC(TRUNC(G16*(1+J16),2)*F16,2) -> 5739.62 | M16: =N16-L16 -> 283.41 | N16: =ROUND(F16*K16,2) -> 6023.03
A17: 2 | D17: ENSAIOS
A18: 2.1 | D18: SUBLEITO
A19: 2.1.1 | B19: CCU 08.a | C19: COMPOSICAO_PROPRIA | D19: =VLOOKUP(B19,composicoes!$A:$K,2,0) -> ENSAIO DE ÍNDICE SUPORTE CALIFORNIA | E19: =VLOOKUP(B19,composicoes!$A:$K,8,0) -> UN | F19: 1 | G19: =VLOOKUP(B19,composicoes!$A:$K,10,0) -> 258.17 | H19: =VLOOKUP(B19,composicoes!$A:$K,11,0) -> 50.46 | I19: =G19+H19 -> 308.63 | J19: 0.2423 | K19: =I19+ROUND(I19*J19,2) -> 383.41 | L19: =TRUNC(TRUNC(G19*(1+J19),2)*F19,2) -> 320.72 | M19: =N19-L19 -> 62.69 | N19: =ROUND(F19*K19,2) -> 383.41
A20: 2.1.2 | B20: CCU 08.b | C20: COMPOSICAO_PROPRIA | D20: =VLOOKUP(B20,composicoes!$A:$K,2,0) -> ENSAIO DE DENSIDADE / UMIDADE | E20: =VLOOKUP(B20,composicoes!$A:$K,8,0) -> UN | F20: 3 | G20: =VLOOKUP(B20,composicoes!$A:$K,10,0) -> 190.82 | H20: =VLOOKUP(B20,composicoes!$A:$K,11,0) -> 23.29 | I20: =G20+H20 -> 214.11 | J20: 0.2423 | K20: =I20+ROUND(I20*J20,2) -> 265.99 | L20: =TRUNC(TRUNC(G20*(1+J20),2)*F20,2) -> 711.15 | M20: =N20-L20 -> 86.82 | N20: =ROUND(F20*K20,2) -> 797.97
A21: 2.1.3 | B21: CCU 08.c | C21: COMPOSICAO_PROPRIA | D21: =VLOOKUP(B21,composicoes!$A:$K,2,0) -> ENSAIO DE GRANULOMETRIA POR PENEIRAMENTO E SEDIMENTAÇÃO | E21: =VLOOKUP(B21,composicoes!$A:$K,8,0) -> UN | F21: 2 | G21: =VLOOKUP(B21,composicoes!$A:$K,10,0) -> 213.27 | H21: =VLOOKUP(B21,composicoes!$A:$K,11,0) -> 41.53 | I21: =G21+H21 -> 254.8 | J21: 0.2423 | K21: =I21+ROUND(I21*J21,2) -> 316.54 | L21: =TRUNC(TRUNC(G21*(1+J21),2)*F21,2) -> 529.88 | M21: =N21-L21 -> 103.2 | N21: =ROUND(F21*K21,2) -> 633.08
A22: 2.1.4 | B22: CCU 08.d | C22: COMPOSICAO_PROPRIA | D22: =VLOOKUP(B22,composicoes!$A:$K,2,0) -> ENSAIO DE LIMITE DE LIQUIDEZ / LIMITE DE PLASTICIDADE | E22: =VLOOKUP(B22,composicoes!$A:$K,8,0) -> UN | F22: 1 | G22: =VLOOKUP(B22,composicoes!$A:$K,10,0) -> 213.27 | H22: =VLOOKUP(B22,composicoes!$A:$K,11,0) -> 41.53 | I22: =G22+H22 -> 254.8 | J22: 0.2423 | K22: =I22+ROUND(I22*J22,2) -> 316.54 | L22: =TRUNC(TRUNC(G22*(1+J22),2)*F22,2) -> 264.94 | M22: =N22-L22 -> 51.6 | N22: =ROUND(F22*K22,2) -> 316.54
A23: 2.1.5 | B23: CCU 08.e | C23: COMPOSICAO_PROPRIA | D23: =VLOOKUP(B23,composicoes!$A:$K,2,0) -> ENSAIO DE COMPACTAÇÃO MÉTODO NORMAL | E23: =VLOOKUP(B23,composicoes!$A:$K,8,0) -> UN | F23: 3 | G23: =VLOOKUP(B23,composicoes!$A:$K,10,0) -> 213.27 | H23: =VLOOKUP(B23,composicoes!$A:$K,11,0) -> 41.53 | I23: =G23+H23 -> 254.8 | J23: 0.2423 | K23: =I23+ROUND(I23*J23,2) -> 316.54 | L23: =TRUNC(TRUNC(G23*(1+J23),2)*F23,2) -> 794.82 | M23: =N23-L23 -> 154.8 | N23: =ROUND(F23*K23,2) -> 949.62
A24: 2.2 | D24: BASE BG
A25: 2.2.1 | B25: CCU 08.f | C25: COMPOSICAO_PROPRIA | D25: =VLOOKUP(B25,composicoes!$A:$K,2,0) -> ENSAIO DE UMIDADE ANTES DA COMPACTAÇÃO | E25: =VLOOKUP(B25,composicoes!$A:$K,8,0) -> UN | F25: 2 | G25: =VLOOKUP(B25,composicoes!$A:$K,10,0) -> 92.2 | H25: =VLOOKUP(B25,composicoes!$A:$K,11,0) -> 13.19 | I25: =G25+H25 -> 105.39 | J25: 0.2423 | K25: =I25+ROUND(I25*J25,2) -> 130.93 | L25: =TRUNC(TRUNC(G25*(1+J25),2)*F25,2) -> 229.08 | M25: =N25-L25 -> 32.78 | N25: =ROUND(F25*K25,2) -> 261.86
A26: 2.2.2 | B26: CCU 08.a | C26: COMPOSICAO_PROPRIA | D26: =VLOOKUP(B26,composicoes!$A:$K,2,0) -> ENSAIO DE ÍNDICE SUPORTE CALIFORNIA | E26: =VLOOKUP(B26,composicoes!$A:$K,8,0) -> UN | F26: 1 | G26: =VLOOKUP(B26,composicoes!$A:$K,10,0) -> 258.17 | H26: =VLOOKUP(B26,composicoes!$A:$K,11,0) -> 50.46 | I26: =G26+H26 -> 308.63 | J26: 0.2423 | K26: =I26+ROUND(I26*J26,2) -> 383.41 | L26: =TRUNC(TRUNC(G26*(1+J26),2)*F26,2) -> 320.72 | M26: =N26-L26 -> 62.69 | N26: =ROUND(F26*K26,2) -> 383.41
A27: 2.2.3 | B27: CCU 08.g | C27: COMPOSICAO_PROPRIA | D27: =VLOOKUP(B27,composicoes!$A:$K,2,0) -> ENSAIO DE EQUIVALENTE AREIA | E27: =VLOOKUP(B27,composicoes!$A:$K,8,0) -> UN | F27: 1 | G27: =VLOOKUP(B27,composicoes!$A:$K,10,0) -> 101.02 | H27: =VLOOKUP(B27,composicoes!$A:$K,11,0) -> 19.79 | I27: =G27+H27 -> 120.81 | J27: 0.2423 | K27: =I27+ROUND(I27*J27,2) -> 150.08 | L27: =TRUNC(TRUNC(G27*(1+J27),2)*F27,2) -> 125.49 | M27: =N27-L27 -> 24.59 | N27: =ROUND(F27*K27,2) -> 150.08
A28: 2.2.4 | B28: CCU 08.h | C28: COMPOSICAO_PROPRIA | D28: =VLOOKUP(B28,composicoes!$A:$K,2,0) -> ENSAIO DE MASSA ESPECÍFICA APARENTE | E28: =VLOOKUP(B28,composicoes!$A:$K,8,0) -> UN | F28: 4 | G28: =VLOOKUP(B28,composicoes!$A:$K,10,0) -> 78.57 | H28: =VLOOKUP(B28,composicoes!$A:$K,11,0) -> 15.13 | I28: =G28+H28 -> 93.7 | J28: 0.2423 | K28: =I28+ROUND(I28*J28,2) -> 116.4 | L28: =TRUNC(TRUNC(G28*(1+J28),2)*F28,2) -> 390.4 | M28: =N28-L28 -> 75.2 | N28: =ROUND(F28*K28,2) -> 465.6
A29: 2.2.5 | B29: CCU 08.d | C29: COMPOSICAO_PROPRIA | D29: =VLOOKUP(B29,composicoes!$A:$K,2,0) -> ENSAIO DE LIMITE DE LIQUIDEZ / LIMITE DE PLASTICIDADE | E29: =VLOOKUP(B29,composicoes!$A:$K,8,0) -> UN | F29: 2 | G29: =VLOOKUP(B29,composicoes!$A:$K,10,0) -> 213.27 | H29: =VLOOKUP(B29,composicoes!$A:$K,11,0) -> 41.53 | I29: =G29+H29 -> 254.8 | J29: 0.2423 | K29: =I29+ROUND(I29*J29,2) -> 316.54 | L29: =TRUNC(TRUNC(G29*(1+J29),2)*F29,2) -> 529.88 | M29: =N29-L29 -> 103.2 | N29: =ROUND(F29*K29,2) -> 633.08
A30: 2.2.6 | B30: CCU 08.i | C30: COMPOSICAO_PROPRIA | D30: =VLOOKUP(B30,composicoes!$A:$K,2,0) -> ENSAIO DE COMPACTAÇÃO MÉTODO MODIFICADO | E30: =VLOOKUP(B30,composicoes!$A:$K,8,0) -> UN | F30: 2 | G30: =VLOOKUP(B30,composicoes!$A:$K,10,0) -> 426.55 | H30: =VLOOKUP(B30,composicoes!$A:$K,11,0) -> 83.46 | I30: =G30+H30 -> 510.01 | J30: 0.2423 | K30: =I30+ROUND(I30*J30,2) -> 633.59 | L30: =TRUNC(TRUNC(G30*(1+J30),2)*F30,2) -> 1059.8 | M30: =N30-L30 -> 207.38 | N30: =ROUND(F30*K30,2) -> 1267.18
A31: 2.3 | D31: IMPRIMAÇÃO
A32: 2.3.1 | B32: CCU 08.k | C32: COMPOSICAO_PROPRIA | D32: =VLOOKUP(B32,composicoes!$A:$K,2,0) -> ENSAIO DE TAXA APLICAÇÃO IMPRIMAÇÃO | E32: =VLOOKUP(B32,composicoes!$A:$K,8,0) -> UN | F32: 1 | G32: =VLOOKUP(B32,composicoes!$A:$K,10,0) -> 78.57 | H32: =VLOOKUP(B32,composicoes!$A:$K,11,0) -> 22.42 | I32: =G32+H32 -> 100.99 | J32: 0.2423 | K32: =I32+ROUND(I32*J32,2) -> 125.46 | L32: =TRUNC(TRUNC(G32*(1+J32),2)*F32,2) -> 97.6 | M32: =N32-L32 -> 27.86 | N32: =ROUND(F32*K32,2) -> 125.46
A33: 2.4 | D33: MEIO-FIO
A34: 2.4.1 | B34: CCU 08.l | C34: COMPOSICAO_PROPRIA | D34: =VLOOKUP(B34,composicoes!$A:$K,2,0) -> ENSAIO DE DESGASTE E RESISTENCIA | E34: =VLOOKUP(B34,composicoes!$A:$K,8,0) -> UN | F34: 2 | G34: =VLOOKUP(B34,composicoes!$A:$K,10,0) -> 145.92 | H34: =VLOOKUP(B34,composicoes!$A:$K,11,0) -> 36.62 | I34: =G34+H34 -> 182.54 | J34: 0.2423 | K34: =I34+ROUND(I34*J34,2) -> 226.77 | L34: =TRUNC(TRUNC(G34*(1+J34),2)*F34,2) -> 362.54 | M34: =N34-L34 -> 91 | N34: =ROUND(F34*K34,2) -> 453.54
A35: 2.5 | D35: CBUQ
A36: 2.5.1 | B36: CCU 08.m | C36: COMPOSICAO_PROPRIA | D36: =VLOOKUP(B36,composicoes!$A:$K,2,0) -> ENSAIO DE EXTRAÇÃO DE BETUME / GRANULAMETRIA / MARSHALL | E36: =VLOOKUP(B36,composicoes!$A:$K,8,0) -> UN | F36: 2 | G36: =VLOOKUP(B36,composicoes!$A:$K,10,0) -> 617.37 | H36: =VLOOKUP(B36,composicoes!$A:$K,11,0) -> 178.24 | I36: =G36+H36 -> 795.61 | J36: 0.2423 | K36: =I36+ROUND(I36*J36,2) -> 988.39 | L36: =TRUNC(TRUNC(G36*(1+J36),2)*F36,2) -> 1533.9 | M36: =N36-L36 -> 442.88 | N36: =ROUND(F36*K36,2) -> 1976.78
A37: 2.5.2 | B37: CCU 08.n | C37: COMPOSICAO_PROPRIA | D37: =VLOOKUP(B37,composicoes!$A:$K,2,0) -> ENSAIO DE TEMPERATURA INICIO ESPALHAMENTO | E37: =VLOOKUP(B37,composicoes!$A:$K,8,0) -> UN | F37: 4 | G37: =VLOOKUP(B37,composicoes!$A:$K,10,0) -> 56.12 | H37: =VLOOKUP(B37,composicoes!$A:$K,11,0) -> 16.09 | I37: =G37+H37 -> 72.21 | J37: 0.2423 | K37: =I37+ROUND(I37*J37,2) -> 89.71 | L37: =TRUNC(TRUNC(G37*(1+J37),2)*F37,2) -> 278.84 | M37: =N37-L37 -> 80 | N37: =ROUND(F37*K37,2) -> 358.84
A38: 2.5.3 | B38: CCU 08.o | C38: COMPOSICAO_PROPRIA | D38: =VLOOKUP(B38,composicoes!$A:$K,2,0) -> ENSAIO DE COMPRESSÃO | E38: =VLOOKUP(B38,composicoes!$A:$K,8,0) -> UN | F38: 2 | G38: =VLOOKUP(B38,composicoes!$A:$K,10,0) -> 101.02 | H38: =VLOOKUP(B38,composicoes!$A:$K,11,0) -> 25.58 | I38: =G38+H38 -> 126.6 | J38: 0.2423 | K38: =I38+ROUND(I38*J38,2) -> 157.28 | L38: =TRUNC(TRUNC(G38*(1+J38),2)*F38,2) -> 250.98 | M38: =N38-L38 -> 63.58 | N38: =ROUND(F38*K38,2) -> 314.56
A39: 2.6 | D39: COLETA DE ENSAIOS
A40: 2.6.1 | B40: CCU 08.p | C40: COMPOSICAO_PROPRIA | D40: =VLOOKUP(B40,composicoes!$A:$K,2,0) -> COLETA CONJUNTO DE AMOSTRAS | E40: =VLOOKUP(B40,composicoes!$A:$K,8,0) -> UN | F40: 9 | G40: =VLOOKUP(B40,composicoes!$A:$K,10,0) -> 46.1 | H40: =VLOOKUP(B40,composicoes!$A:$K,11,0) -> 11.29 | I40: =G40+H40 -> 57.39 | J40: 0.2423 | K40: =I40+ROUND(I40*J40,2) -> 71.3 | L40: =TRUNC(TRUNC(G40*(1+J40),2)*F40,2) -> 515.43 | M40: =N40-L40 -> 126.27 | N40: =ROUND(F40*K40,2) -> 641.7
A41: 3 | D41: LOCAÇÕES NO CANTEIRO
A42: 3.1 | B42: 10776 | C42: SINAPI | D42: =IF(C42="SINAPI",IFERROR(VLOOKUP(B42,'SINAPI-comp'!$B:$H,2,0),VLOOKUP(B42,'SINAPI-insumo'!$B:$H,2,0))) -> LOCACAO DE CONTAINER 2,30 X 6,00 M, ALT. 2,50 M, PARA ESCRITORIO, SEM DIVISORIAS INTERNAS E SEM SANITARIO (NAO INCLUI MOBILIZACAO/DESMOBILIZACAO) | E42: =IF(C42="SINAPI",IFERROR(VLOOKUP(B42,'SINAPI-comp'!$B:$H,3,0),VLOOKUP(B42,'SINAPI-insumo'!$B:$H,3,0))) -> MES | F42: 4 | G42: =IFERROR(VLOOKUP(B42,'SINAPI-comp'!$B:$H,4,0)-H42,0) -> 0 | H42: =IF(C42="SINAPI",IFERROR(VLOOKUP(B42,'SINAPI-comp'!$B:$H,7,0),VLOOKUP(B42,'SINAPI-insumo'!$B:$H,7,0))) -> 908.2 | I42: =G42+H42 -> 908.2 | J42: 0.1698 | K42: =I42+ROUND(I42*J42,2) -> 1062.41 | L42: =TRUNC(TRUNC(G42*(1+J42),2)*F42,2) -> 0 | M42: =N42-L42 -> 4249.64 | N42: =ROUND(F42*K42,2) -> 4249.64
A43: 3.2 | B43: TAB 04.02 | C43: COTACAO | D43: =VLOOKUP(B43,tabelas!$A:$L,4,0) -> LOCAÇÃO DE BANHEIRO QUÍMICO INDIVIDUAL, INCLUSO TRANSPORTE, LIMPEZA E REPOSIÇÃO DE PAPEL HIGIENICO | E43: =VLOOKUP(B43,tabelas!$A:$L,5,0) -> MES | F43: 4 | G43: 0 | H43: =VLOOKUP($B43,tabelas!$A:$L,12,0) -> 1590 | I43: =G43+H43 -> 1590 | J43: 0.1698 | K43: =I43+ROUND(I43*J43,2) -> 1859.98 | L43: =TRUNC(TRUNC(G43*(1+J43),2)*F43,2) -> 0 | M43: =N43-L43 -> 7439.92 | N43: =ROUND(F43*K43,2) -> 7439.92
A44: 4 | D44: MOBILIZAÇÃO/DESMOBILIZAÇÃO
A45: 4.1 | B45: CCU 06 | C45: COMPOSICAO_PROPRIA | D45: =VLOOKUP(B45,composicoes!$A:$K,2,0) -> MOBILIZAÇÃO EQUIPAMENTOS AUTOPROPELIDOS E LEVES | E45: =VLOOKUP(B45,composicoes!$A:$K,8,0) -> UN | F45: 1 | G45: =VLOOKUP(B45,composicoes!$A:$K,10,0) -> 525.71 | H45: =VLOOKUP(B45,composicoes!$A:$K,11,0) -> 2904.58 | I45: =G45+H45 -> 3430.29 | J45: 0.2423 | K45: =I45+ROUND(I45*J45,2) -> 4261.45 | L45: =TRUNC(TRUNC(G45*(1+J45),2)*F45,2) -> 653.08 | M45: =N45-L45 -> 3608.37 | N45: =ROUND(F45*K45,2) -> 4261.45
A46: 4.2 | B46: CCU 09 | C46: COMPOSICAO_PROPRIA | D46: =VLOOKUP(B46,composicoes!$A:$K,2,0) -> FRETE CONTAINER | E46: =VLOOKUP(B46,composicoes!$A:$K,8,0) -> UN | F46: 1 | G46: =VLOOKUP(B46,composicoes!$A:$K,10,0) -> 92.37 | H46: =VLOOKUP(B46,composicoes!$A:$K,11,0) -> 536.26 | I46: =G46+H46 -> 628.63 | J46: 0.2423 | K46: =I46+ROUND(I46*J46,2) -> 780.95 | L46: =TRUNC(TRUNC(G46*(1+J46),2)*F46,2) -> 114.75 | M46: =N46-L46 -> 666.2 | N46: =ROUND(F46*K46,2) -> 780.95
A47: 4.3 | B47: 105115 | C47: SINAPI | D47: =IF(C47="SINAPI",IFERROR(VLOOKUP(B47,'SINAPI-comp'!$B:$H,2,0),VLOOKUP(B47,'SINAPI-insumo'!$B:$H,2,0))) -> INSTALAÇÃO E DESINSTALAÇÃO MECANIZADA DE CONTÊINER OU MÓDULO HABITÁVEL DE USOS DIVERSOS. AF_03/2024 | E47: =IF(C47="SINAPI",IFERROR(VLOOKUP(B47,'SINAPI-comp'!$B:$H,3,0),VLOOKUP(B47,'SINAPI-insumo'!$B:$H,3,0))) -> UN | F47: 1 | G47: =IFERROR(VLOOKUP(B47,'SINAPI-comp'!$B:$H,4,0)-H47,0) -> 73.71 | H47: =IF(C47="SINAPI",IFERROR(VLOOKUP(B47,'SINAPI-comp'!$B:$H,7,0),VLOOKUP(B47,'SINAPI-insumo'!$B:$H,7,0))) -> 65.49 | I47: =G47+H47 -> 139.2 | J47: 0.1698 | K47: =I47+ROUND(I47*J47,2) -> 162.84 | L47: =TRUNC(TRUNC(G47*(1+J47),2)*F47,2) -> 86.22 | M47: =N47-L47 -> 76.62 | N47: =ROUND(F47*K47,2) -> 162.84
A48: 5 | D48: SINALIZAÇÃO DE OBRAS
A49: 5.1 | B49: CCU 11 | C49: COMPOSICAO_PROPRIA | D49: =VLOOKUP(B49,composicoes!$A:$K,2,0) -> CONE DE SINALIZACAO EM PVC FLEXIVEL, H = 70 / 76 CM - FORNECIMENTO E INSTALAÇÃO | E49: =VLOOKUP(B49,composicoes!$A:$K,8,0) -> UN | F49: 9 | G49: =VLOOKUP(B49,composicoes!$A:$K,10,0) -> 2.58 | H49: =VLOOKUP(B49,composicoes!$A:$K,11,0) -> 123.29 | I49: =G49+H49 -> 125.87 | J49: 0.2423 | K49: =I49+ROUND(I49*J49,2) -> 156.37 | L49: =TRUNC(TRUNC(G49*(1+J49),2)*F49,2) -> 28.8 | M49: =N49-L49 -> 1378.53 | N49: =ROUND(F49*K49,2) -> 1407.33
A50: 5.2 | B50: CCU 12 | C50: COMPOSICAO_PROPRIA | D50: =VLOOKUP(B50,composicoes!$A:$K,2,0) -> TELA TAPUME LARANJA - FORNECIMENTO E INSTALAÇÃO COM MADEIRA | E50: =VLOOKUP(B50,composicoes!$A:$K,8,0) -> M | F50: 300 | G50: =VLOOKUP(B50,composicoes!$A:$K,10,0) -> 7.84 | H50: =VLOOKUP(B50,composicoes!$A:$K,11,0) -> 10.79 | I50: =G50+H50 -> 18.63 | J50: 0.2423 | K50: =I50+ROUND(I50*J50,2) -> 23.14 | L50: =TRUNC(TRUNC(G50*(1+J50),2)*F50,2) -> 2919 | M50: =N50-L50 -> 4023 | N50: =ROUND(F50*K50,2) -> 6942
A51: 5.3 | B51: CCU 13 | C51: COMPOSICAO_PROPRIA | D51: =VLOOKUP(B51,composicoes!$A:$K,2,0) -> BALIZADOR REFLETIVO - FORNECIMENTO E MANUTENÇÃO | E51: =VLOOKUP(B51,composicoes!$A:$K,8,0) -> UN | F51: 9 | G51: =VLOOKUP(B51,composicoes!$A:$K,10,0) -> 5.04 | H51: =VLOOKUP(B51,composicoes!$A:$K,11,0) -> 199.33 | I51: =G51+H51 -> 204.37 | J51: 0.2423 | K51: =I51+ROUND(I51*J51,2) -> 253.89 | L51: =TRUNC(TRUNC(G51*(1+J51),2)*F51,2) -> 56.34 | M51: =N51-L51 -> 2228.67 | N51: =ROUND(F51*K51,2) -> 2285.01
A52: 5.4 | B52: CCU 14 | C52: COMPOSICAO_PROPRIA | D52: =VLOOKUP(B52,composicoes!$A:$K,2,0) -> PASSADICOS C/ TÁBUAS DE MADEIRA P/ PEDESTRES - FORNEC., INST. E DESLOCAMENTOS AO LONGO DA OBRA | E52: =VLOOKUP(B52,composicoes!$A:$K,8,0) -> M2 | F52: 20 | G52: =VLOOKUP(B52,composicoes!$A:$K,10,0) -> 53.94 | H52: =VLOOKUP(B52,composicoes!$A:$K,11,0) -> 42.45 | I52: =G52+H52 -> 96.39 | J52: 0.2423 | K52: =I52+ROUND(I52*J52,2) -> 119.75 | L52: =TRUNC(TRUNC(G52*(1+J52),2)*F52,2) -> 1340 | M52: =N52-L52 -> 1055 | N52: =ROUND(F52*K52,2) -> 2395
A53: 6 | D53: CANTEIRO DE OBRAS
A54: 6.1 | B54: 103689 | C54: SINAPI | D54: =IF(C54="SINAPI",IFERROR(VLOOKUP(B54,'SINAPI-comp'!$B:$H,2,0),VLOOKUP(B54,'SINAPI-insumo'!$B:$H,2,0))) -> FORNECIMENTO E INSTALAÇÃO DE PLACA DE OBRA COM CHAPA GALVANIZADA E ESTRUTURA DE MADEIRA. AF_03/2022_PS | E54: =IF(C54="SINAPI",IFERROR(VLOOKUP(B54,'SINAPI-comp'!$B:$H,3,0),VLOOKUP(B54,'SINAPI-insumo'!$B:$H,3,0))) -> M2 | F54: =2*3+0.6*0.8*2 -> 6.96 | G54: =IFERROR(VLOOKUP(B54,'SINAPI-comp'!$B:$H,4,0)-H54,0) -> 47.65 | H54: =IF(C54="SINAPI",IFERROR(VLOOKUP(B54,'SINAPI-comp'!$B:$H,7,0),VLOOKUP(B54,'SINAPI-insumo'!$B:$H,7,0))) -> 449.14 | I54: =G54+H54 -> 496.79 | J54: 0.2423 | K54: =I54+ROUND(I54*J54,2) -> 617.16 | L54: =TRUNC(TRUNC(G54*(1+J54),2)*F54,2) -> 411.96 | M54: =N54-L54 -> 3883.47 | N54: =ROUND(F54*K54,2) -> 4295.43
A55: 6.2 | B55: 101905 | C55: SINAPI | D55: =IF(C55="SINAPI",IFERROR(VLOOKUP(B55,'SINAPI-comp'!$B:$H,2,0),VLOOKUP(B55,'SINAPI-insumo'!$B:$H,2,0))) -> EXTINTOR DE INCÊNDIO PORTÁTIL COM CARGA DE ÁGUA PRESSURIZADA DE 10 L, CLASSE A - FORNECIMENTO E INSTALAÇÃO. AF_01/2026_PE | E55: =IF(C55="SINAPI",IFERROR(VLOOKUP(B55,'SINAPI-comp'!$B:$H,3,0),VLOOKUP(B55,'SINAPI-insumo'!$B:$H,3,0))) -> UN | F55: 1 | G55: =IFERROR(VLOOKUP(B55,'SINAPI-comp'!$B:$H,4,0)-H55,0) -> 24.76 | H55: =IF(C55="SINAPI",IFERROR(VLOOKUP(B55,'SINAPI-comp'!$B:$H,7,0),VLOOKUP(B55,'SINAPI-insumo'!$B:$H,7,0))) -> 200.33 | I55: =G55+H55 -> 225.09 | J55: 0.2423 | K55: =I55+ROUND(I55*J55,2) -> 279.63 | L55: =TRUNC(TRUNC(G55*(1+J55),2)*F55,2) -> 30.75 | M55: =N55-L55 -> 248.88 | N55: =ROUND(F55*K55,2) -> 279.63
A56: 6.3 | B56: 101910 | C56: SINAPI | D56: =IF(C56="SINAPI",IFERROR(VLOOKUP(B56,'SINAPI-comp'!$B:$H,2,0),VLOOKUP(B56,'SINAPI-insumo'!$B:$H,2,0))) -> EXTINTOR DE INCÊNDIO PORTÁTIL COM CARGA DE PQS DE 8 KG, CLASSE BC - FORNECIMENTO E INSTALAÇÃO. AF_01/2026_PE | E56: =IF(C56="SINAPI",IFERROR(VLOOKUP(B56,'SINAPI-comp'!$B:$H,3,0),VLOOKUP(B56,'SINAPI-insumo'!$B:$H,3,0))) -> UN | F56: 1 | G56: =IFERROR(VLOOKUP(B56,'SINAPI-comp'!$B:$H,4,0)-H56,0) -> 24.77 | H56: =IF(C56="SINAPI",IFERROR(VLOOKUP(B56,'SINAPI-comp'!$B:$H,7,0),VLOOKUP(B56,'SINAPI-insumo'!$B:$H,7,0))) -> 272.53 | I56: =G56+H56 -> 297.3 | J56: 0.2423 | K56: =I56+ROUND(I56*J56,2) -> 369.34 | L56: =TRUNC(TRUNC(G56*(1+J56),2)*F56,2) -> 30.77 | M56: =N56-L56 -> 338.57 | N56: =ROUND(F56*K56,2) -> 369.34
A57: 6.4 | B57: 98525 | C57: SINAPI | D57: =IF(C57="SINAPI",IFERROR(VLOOKUP(B57,'SINAPI-comp'!$B:$H,2,0),VLOOKUP(B57,'SINAPI-insumo'!$B:$H,2,0))) -> LIMPEZA MECANIZADA DE CAMADA VEGETAL, VEGETAÇÃO E PEQUENAS ÁRVORES (DIÂMETRO DE TRONCO MENOR QUE 0,20 M), COM TRATOR DE ESTEIRAS. AF_03/2024 | E57: =IF(C57="SINAPI",IFERROR(VLOOKUP(B57,'SINAPI-comp'!$B:$H,3,0),VLOOKUP(B57,'SINAPI-insumo'!$B:$H,3,0))) -> M2 | F57: 165 | G57: =IFERROR(VLOOKUP(B57,'SINAPI-comp'!$B:$H,4,0)-H57,0) -> 0.28 | H57: =IF(C57="SINAPI",IFERROR(VLOOKUP(B57,'SINAPI-comp'!$B:$H,7,0),VLOOKUP(B57,'SINAPI-insumo'!$B:$H,7,0))) -> 0.42 | I57: =G57+H57 -> 0.7 | J57: 0.2423 | K57: =I57+ROUND(I57*J57,2) -> 0.87 | L57: =TRUNC(TRUNC(G57*(1+J57),2)*F57,2) -> 56.1 | M57: =N57-L57 -> 87.45 | N57: =ROUND(F57*K57,2) -> 143.55
A58: 6.5 | B58: CCU 15 | C58: COMPOSICAO_PROPRIA | D58: =VLOOKUP(B58,composicoes!$A:$K,2,0) -> FORNECIMENTO DE ENERGIA PARA INÍCIO DE INSTALAÇÃO DE CANTEIRO POR MEIO DE GRUPO GERADOR REBOCÁVEL, POTÊNCIA 66 KVA, MOTOR A DIESEL | E58: =VLOOKUP(B58,composicoes!$A:$K,8,0) -> UN | F58: 1 | G58: =VLOOKUP(B58,composicoes!$A:$K,10,0) -> 0 | H58: =VLOOKUP(B58,composicoes!$A:$K,11,0) -> 1655.4 | I58: =G58+H58 -> 1655.4 | J58: 0.2423 | K58: =I58+ROUND(I58*J58,2) -> 2056.5 | L58: =TRUNC(TRUNC(G58*(1+J58),2)*F58,2) -> 0 | M58: =N58-L58 -> 2056.5 | N58: =ROUND(F58*K58,2) -> 2056.5
A59: 6.7 | B59: 100604 | C59: SINAPI | D59: =IF(C59="SINAPI",IFERROR(VLOOKUP(B59,'SINAPI-comp'!$B:$H,2,0),VLOOKUP(B59,'SINAPI-insumo'!$B:$H,2,0))) -> ASSENTAMENTO DE POSTE DE CONCRETO COM COMPRIMENTO NOMINAL DE 10 M, CARGA NOMINAL DE 300 DAN, ENGASTAMENTO BASE CONCRETADA COM 1 M DE CONCRETO E 0,6 M DE SOLO (NÃO INCLUI FORNECIMENTO). AF_04/2025 | E59: =IF(C59="SINAPI",IFERROR(VLOOKUP(B59,'SINAPI-comp'!$B:$H,3,0),VLOOKUP(B59,'SINAPI-insumo'!$B:$H,3,0))) -> UN | F59: 1 | G59: =IFERROR(VLOOKUP(B59,'SINAPI-comp'!$B:$H,4,0)-H59,0) -> 235.89 | H59: =IF(C59="SINAPI",IFERROR(VLOOKUP(B59,'SINAPI-comp'!$B:$H,7,0),VLOOKUP(B59,'SINAPI-insumo'!$B:$H,7,0))) -> 583.14 | I59: =G59+H59 -> 819.03 | J59: 0.2423 | K59: =I59+ROUND(I59*J59,2) -> 1017.48 | L59: =TRUNC(TRUNC(G59*(1+J59),2)*F59,2) -> 293.04 | M59: =N59-L59 -> 724.44 | N59: =ROUND(F59*K59,2) -> 1017.48
A60: 6.8 | B60: 12366 | C60: SINAPI | D60: =IF(C60="SINAPI",IFERROR(VLOOKUP(B60,'SINAPI-comp'!$B:$H,2,0),VLOOKUP(B60,'SINAPI-insumo'!$B:$H,2,0))) -> POSTE DE CONCRETO ARMADO DE SECAO CIRCULAR, EXTENSAO DE 10,00 M, RESISTENCIA DE 150 A 200 DAN, TIPO C-14 | E60: =IF(C60="SINAPI",IFERROR(VLOOKUP(B60,'SINAPI-comp'!$B:$H,3,0),VLOOKUP(B60,'SINAPI-insumo'!$B:$H,3,0))) -> UN | F60: 1 | G60: =IFERROR(VLOOKUP(B60,'SINAPI-comp'!$B:$H,4,0)-H60,0) -> 0 | H60: =IF(C60="SINAPI",IFERROR(VLOOKUP(B60,'SINAPI-comp'!$B:$H,7,0),VLOOKUP(B60,'SINAPI-insumo'!$B:$H,7,0))) -> 1443.57 | I60: =G60+H60 -> 1443.57 | J60: 0.2423 | K60: =I60+ROUND(I60*J60,2) -> 1793.35 | L60: =TRUNC(TRUNC(G60*(1+J60),2)*F60,2) -> 0 | M60: =N60-L60 -> 1793.35 | N60: =ROUND(F60*K60,2) -> 1793.35
A61: 6.9 | B61: 101497 | C61: SINAPI | D61: =IF(C61="SINAPI",IFERROR(VLOOKUP(B61,'SINAPI-comp'!$B:$H,2,0),VLOOKUP(B61,'SINAPI-insumo'!$B:$H,2,0))) -> ENTRADA DE ENERGIA ELÉTRICA, AÉREA, BIFÁSICA, COM CAIXA DE SOBREPOR, CABO DE 10 MM2 E DISJUNTOR DIN 50A (NÃO INCLUSO O POSTE DE CONCRETO). AF_12/2025 | E61: =IF(C61="SINAPI",IFERROR(VLOOKUP(B61,'SINAPI-comp'!$B:$H,3,0),VLOOKUP(B61,'SINAPI-insumo'!$B:$H,3,0))) -> UN | F61: 1 | G61: =IFERROR(VLOOKUP(B61,'SINAPI-comp'!$B:$H,4,0)-H61,0) -> 568.83 | H61: =IF(C61="SINAPI",IFERROR(VLOOKUP(B61,'SINAPI-comp'!$B:$H,7,0),VLOOKUP(B61,'SINAPI-insumo'!$B:$H,7,0))) -> 1439.74 | I61: =G61+H61 -> 2008.57 | J61: 0.2423 | K61: =I61+ROUND(I61*J61,2) -> 2495.25 | L61: =TRUNC(TRUNC(G61*(1+J61),2)*F61,2) -> 706.65 | M61: =N61-L61 -> 1788.6 | N61: =ROUND(F61*K61,2) -> 2495.25
A62: 6.10 | B62: 91933 | C62: SINAPI | D62: =IF(C62="SINAPI",IFERROR(VLOOKUP(B62,'SINAPI-comp'!$B:$H,2,0),VLOOKUP(B62,'SINAPI-insumo'!$B:$H,2,0))) -> CABO DE COBRE FLEXÍVEL ISOLADO, 10 MM², ANTI-CHAMA 0,6/1,0 KV, PARA CIRCUITOS TERMINAIS - FORNECIMENTO E INSTALAÇÃO. AF_03/2023 | E62: =IF(C62="SINAPI",IFERROR(VLOOKUP(B62,'SINAPI-comp'!$B:$H,3,0),VLOOKUP(B62,'SINAPI-insumo'!$B:$H,3,0))) -> M | F62: 180 | G62: =IFERROR(VLOOKUP(B62,'SINAPI-comp'!$B:$H,4,0)-H62,0) -> 4.54 | H62: =IF(C62="SINAPI",IFERROR(VLOOKUP(B62,'SINAPI-comp'!$B:$H,7,0),VLOOKUP(B62,'SINAPI-insumo'!$B:$H,7,0))) -> 14.08 | I62: =G62+H62 -> 18.62 | J62: 0.2423 | K62: =I62+ROUND(I62*J62,2) -> 23.13 | L62: =TRUNC(TRUNC(G62*(1+J62),2)*F62,2) -> 1015.2 | M62: =N62-L62 -> 3148.2 | N62: =ROUND(F62*K62,2) -> 4163.4
A63: 6.11 | B63: 91929 | C63: SINAPI | D63: =IF(C63="SINAPI",IFERROR(VLOOKUP(B63,'SINAPI-comp'!$B:$H,2,0),VLOOKUP(B63,'SINAPI-insumo'!$B:$H,2,0))) -> CABO DE COBRE FLEXÍVEL ISOLADO, 4 MM², ANTI-CHAMA 0,6/1,0 KV, PARA CIRCUITOS TERMINAIS - FORNECIMENTO E INSTALAÇÃO. AF_03/2023 | E63: =IF(C63="SINAPI",IFERROR(VLOOKUP(B63,'SINAPI-comp'!$B:$H,3,0),VLOOKUP(B63,'SINAPI-insumo'!$B:$H,3,0))) -> M | F63: 15 | G63: =IFERROR(VLOOKUP(B63,'SINAPI-comp'!$B:$H,4,0)-H63,0) -> 2.32 | H63: =IF(C63="SINAPI",IFERROR(VLOOKUP(B63,'SINAPI-comp'!$B:$H,7,0),VLOOKUP(B63,'SINAPI-insumo'!$B:$H,7,0))) -> 5.95 | I63: =G63+H63 -> 8.27 | J63: 0.2423 | K63: =I63+ROUND(I63*J63,2) -> 10.27 | L63: =TRUNC(TRUNC(G63*(1+J63),2)*F63,2) -> 43.2 | M63: =N63-L63 -> 110.85 | N63: =ROUND(F63*K63,2) -> 154.05
A64: 6.12 | B64: 91927 | C64: SINAPI | D64: =IF(C64="SINAPI",IFERROR(VLOOKUP(B64,'SINAPI-comp'!$B:$H,2,0),VLOOKUP(B64,'SINAPI-insumo'!$B:$H,2,0))) -> CABO DE COBRE FLEXÍVEL ISOLADO, 2,5 MM², ANTI-CHAMA 0,6/1,0 KV, PARA CIRCUITOS TERMINAIS - FORNECIMENTO E INSTALAÇÃO. AF_03/2023 | E64: =IF(C64="SINAPI",IFERROR(VLOOKUP(B64,'SINAPI-comp'!$B:$H,3,0),VLOOKUP(B64,'SINAPI-insumo'!$B:$H,3,0))) -> M | F64: 60 | G64: =IFERROR(VLOOKUP(B64,'SINAPI-comp'!$B:$H,4,0)-H64,0) -> 1.72 | H64: =IF(C64="SINAPI",IFERROR(VLOOKUP(B64,'SINAPI-comp'!$B:$H,7,0),VLOOKUP(B64,'SINAPI-insumo'!$B:$H,7,0))) -> 3.9 | I64: =G64+H64 -> 5.62 | J64: 0.2423 | K64: =I64+ROUND(I64*J64,2) -> 6.98 | L64: =TRUNC(TRUNC(G64*(1+J64),2)*F64,2) -> 127.8 | M64: =N64-L64 -> 291 | N64: =ROUND(F64*K64,2) -> 418.8
A65: 6.13 | B65: 91839 | C65: SINAPI | D65: =IF(C65="SINAPI",IFERROR(VLOOKUP(B65,'SINAPI-comp'!$B:$H,2,0),VLOOKUP(B65,'SINAPI-insumo'!$B:$H,2,0))) -> ELETRODUTO FLEXÍVEL LISO, PEAD, DN 32 MM (1"), PARA CIRCUITOS TERMINAIS, INSTALADO EM FORRO - FORNECIMENTO E INSTALAÇÃO. AF_03/2023 | E65: =IF(C65="SINAPI",IFERROR(VLOOKUP(B65,'SINAPI-comp'!$B:$H,3,0),VLOOKUP(B65,'SINAPI-insumo'!$B:$H,3,0))) -> M | F65: 25 | G65: =IFERROR(VLOOKUP(B65,'SINAPI-comp'!$B:$H,4,0)-H65,0) -> 14.04 | H65: =IF(C65="SINAPI",IFERROR(VLOOKUP(B65,'SINAPI-comp'!$B:$H,7,0),VLOOKUP(B65,'SINAPI-insumo'!$B:$H,7,0))) -> 6.67 | I65: =G65+H65 -> 20.71 | J65: 0.2423 | K65: =I65+ROUND(I65*J65,2) -> 25.73 | L65: =TRUNC(TRUNC(G65*(1+J65),2)*F65,2) -> 436 | M65: =N65-L65 -> 207.25 | N65: =ROUND(F65*K65,2) -> 643.25
A66: 6.14 | B66: 101875 | C66: SINAPI | D66: =IF(C66="SINAPI",IFERROR(VLOOKUP(B66,'SINAPI-comp'!$B:$H,2,0),VLOOKUP(B66,'SINAPI-insumo'!$B:$H,2,0))) -> QUADRO DE DISTRIBUIÇÃO DE ENERGIA EM CHAPA DE AÇO GALVANIZADO, DE EMBUTIR, COM BARRAMENTO TRIFÁSICO, PARA 12 DISJUNTORES DIN 100A - FORNECIMENTO E INSTALAÇÃO. AF_07/2025 | E66: =IF(C66="SINAPI",IFERROR(VLOOKUP(B66,'SINAPI-comp'!$B:$H,3,0),VLOOKUP(B66,'SINAPI-insumo'!$B:$H,3,0))) -> UN | F66: 1 | G66: =IFERROR(VLOOKUP(B66,'SINAPI-comp'!$B:$H,4,0)-H66,0) -> 90.41 | H66: =IF(C66="SINAPI",IFERROR(VLOOKUP(B66,'SINAPI-comp'!$B:$H,7,0),VLOOKUP(B66,'SINAPI-insumo'!$B:$H,7,0))) -> 345.49 | I66: =G66+H66 -> 435.9 | J66: 0.2423 | K66: =I66+ROUND(I66*J66,2) -> 541.52 | L66: =TRUNC(TRUNC(G66*(1+J66),2)*F66,2) -> 112.31 | M66: =N66-L66 -> 429.21 | N66: =ROUND(F66*K66,2) -> 541.52
A67: 6.15 | B67: 93659 | C67: SINAPI | D67: =IF(C67="SINAPI",IFERROR(VLOOKUP(B67,'SINAPI-comp'!$B:$H,2,0),VLOOKUP(B67,'SINAPI-insumo'!$B:$H,2,0))) -> DISJUNTOR MONOPOLAR TIPO DIN, CORRENTE NOMINAL DE 50A - FORNECIMENTO E INSTALAÇÃO. AF_07/2025 | E67: =IF(C67="SINAPI",IFERROR(VLOOKUP(B67,'SINAPI-comp'!$B:$H,3,0),VLOOKUP(B67,'SINAPI-insumo'!$B:$H,3,0))) -> UN | F67: 1 | G67: =IFERROR(VLOOKUP(B67,'SINAPI-comp'!$B:$H,4,0)-H67,0) -> 10.54 | H67: =IF(C67="SINAPI",IFERROR(VLOOKUP(B67,'SINAPI-comp'!$B:$H,7,0),VLOOKUP(B67,'SINAPI-insumo'!$B:$H,7,0))) -> 13.56 | I67: =G67+H67 -> 24.1 | J67: 0.2423 | K67: =I67+ROUND(I67*J67,2) -> 29.94 | L67: =TRUNC(TRUNC(G67*(1+J67),2)*F67,2) -> 13.09 | M67: =N67-L67 -> 16.85 | N67: =ROUND(F67*K67,2) -> 29.94
A68: 6.16 | B68: 93657 | C68: SINAPI | D68: =IF(C68="SINAPI",IFERROR(VLOOKUP(B68,'SINAPI-comp'!$B:$H,2,0),VLOOKUP(B68,'SINAPI-insumo'!$B:$H,2,0))) -> DISJUNTOR MONOPOLAR TIPO DIN, CORRENTE NOMINAL DE 32A - FORNECIMENTO E INSTALAÇÃO. AF_07/2025 | E68: =IF(C68="SINAPI",IFERROR(VLOOKUP(B68,'SINAPI-comp'!$B:$H,3,0),VLOOKUP(B68,'SINAPI-insumo'!$B:$H,3,0))) -> UN | F68: 4 | G68: =IFERROR(VLOOKUP(B68,'SINAPI-comp'!$B:$H,4,0)-H68,0) -> 5.23 | H68: =IF(C68="SINAPI",IFERROR(VLOOKUP(B68,'SINAPI-comp'!$B:$H,7,0),VLOOKUP(B68,'SINAPI-insumo'!$B:$H,7,0))) -> 9.41 | I68: =G68+H68 -> 14.64 | J68: 0.2423 | K68: =I68+ROUND(I68*J68,2) -> 18.19 | L68: =TRUNC(TRUNC(G68*(1+J68),2)*F68,2) -> 25.96 | M68: =N68-L68 -> 46.8 | N68: =ROUND(F68*K68,2) -> 72.76
A69: 6.17 | B69: 91953 | C69: SINAPI | D69: =IF(C69="SINAPI",IFERROR(VLOOKUP(B69,'SINAPI-comp'!$B:$H,2,0),VLOOKUP(B69,'SINAPI-insumo'!$B:$H,2,0))) -> INTERRUPTOR SIMPLES (1 MÓDULO), 10A/250V, INCLUINDO SUPORTE E PLACA - FORNECIMENTO E INSTALAÇÃO. AF_03/2023 | E69: =IF(C69="SINAPI",IFERROR(VLOOKUP(B69,'SINAPI-comp'!$B:$H,3,0),VLOOKUP(B69,'SINAPI-insumo'!$B:$H,3,0))) -> UN | F69: 3 | G69: =IFERROR(VLOOKUP(B69,'SINAPI-comp'!$B:$H,4,0)-H69,0) -> 21.5 | H69: =IF(C69="SINAPI",IFERROR(VLOOKUP(B69,'SINAPI-comp'!$B:$H,7,0),VLOOKUP(B69,'SINAPI-insumo'!$B:$H,7,0))) -> 12.71 | I69: =G69+H69 -> 34.21 | J69: 0.2423 | K69: =I69+ROUND(I69*J69,2) -> 42.5 | L69: =TRUNC(TRUNC(G69*(1+J69),2)*F69,2) -> 80.1 | M69: =N69-L69 -> 47.4 | N69: =ROUND(F69*K69,2) -> 127.5
A70: 6.18 | B70: 91997 | C70: SINAPI | D70: =IF(C70="SINAPI",IFERROR(VLOOKUP(B70,'SINAPI-comp'!$B:$H,2,0),VLOOKUP(B70,'SINAPI-insumo'!$B:$H,2,0))) -> TOMADA MÉDIA DE EMBUTIR (1 MÓDULO), 2P+T 20 A, INCLUINDO SUPORTE E PLACA - FORNECIMENTO E INSTALAÇÃO. AF_03/2023 | E70: =IF(C70="SINAPI",IFERROR(VLOOKUP(B70,'SINAPI-comp'!$B:$H,3,0),VLOOKUP(B70,'SINAPI-insumo'!$B:$H,3,0))) -> UN | F70: 1 | G70: =IFERROR(VLOOKUP(B70,'SINAPI-comp'!$B:$H,4,0)-H70,0) -> 26.57 | H70: =IF(C70="SINAPI",IFERROR(VLOOKUP(B70,'SINAPI-comp'!$B:$H,7,0),VLOOKUP(B70,'SINAPI-insumo'!$B:$H,7,0))) -> 16.25 | I70: =G70+H70 -> 42.82 | J70: 0.2423 | K70: =I70+ROUND(I70*J70,2) -> 53.2 | L70: =TRUNC(TRUNC(G70*(1+J70),2)*F70,2) -> 33 | M70: =N70-L70 -> 20.2 | N70: =ROUND(F70*K70,2) -> 53.2
... A88: 6.36 | B88: 104737 | C88: SINAPI | D88: =IF(C88="SINAPI",IFERROR(VLOOKUP(B88,'SINAPI-comp'!$B:$H,2,0),VLOOKUP(B88,'SINAPI-insumo'!$B:$H,2,0))) -> REATERRO MANUAL DE VALAS, COM PLACA VIBRATÓRIA. AF_08/2023 | E88: =IF(C88="SINAPI",IFERROR(VLOOKUP(B88,'SINAPI-comp'!$B:$H,3,0),VLOOKUP(B88,'SINAPI-insumo'!$B:$H,3,0))) -> M3 | F88: 0.9 | G88: =IFERROR(VLOOKUP(B88,'SINAPI-comp'!$B:$H,4,0)-H88,0) -> 22.89 | H88: =IF(C88="SINAPI",IFERROR(VLOOKUP(B88,'SINAPI-comp'!$B:$H,7,0),VLOOKUP(B88,'SINAPI-insumo'!$B:$H,7,0))) -> 2.75 | I88: =G88+H88 -> 25.64 | J88: 0.2423 | K88: =I88+ROUND(I88*J88,2) -> 31.85 | L88: =TRUNC(TRUNC(G88*(1+J88),2)*F88,2) -> 25.58 | M88: =N88-L88 -> 3.09 | N88: =ROUND(F88*K88,2) -> 28.67
A89: 7 | D89: SERVIÇOS INICIAIS
A90: 7.1 | B90: 98525 | C90: SINAPI | D90: =IF(C90="SINAPI",IFERROR(VLOOKUP(B90,'SINAPI-comp'!$B:$H,2,0),VLOOKUP(B90,'SINAPI-insumo'!$B:$H,2,0))) -> LIMPEZA MECANIZADA DE CAMADA VEGETAL, VEGETAÇÃO E PEQUENAS ÁRVORES (DIÂMETRO DE TRONCO MENOR QUE 0,20 M), COM TRATOR DE ESTEIRAS. AF_03/2024 | E90: =IF(C90="SINAPI",IFERROR(VLOOKUP(B90,'SINAPI-comp'!$B:$H,3,0),VLOOKUP(B90,'SINAPI-insumo'!$B:$H,3,0))) -> M2 | F90: =quant_pavim!C14 -> 1287.2 | G90: =IFERROR(VLOOKUP(B90,'SINAPI-comp'!$B:$H,4,0)-H90,0) -> 0.28 | H90: =IF(C90="SINAPI",IFERROR(VLOOKUP(B90,'SINAPI-comp'!$B:$H,7,0),VLOOKUP(B90,'SINAPI-insumo'!$B:$H,7,0))) -> 0.42 | I90: =G90+H90 -> 0.7 | J90: 0.2423 | K90: =I90+ROUND(I90*J90,2) -> 0.87 | L90: =TRUNC(TRUNC(G90*(1+J90),2)*F90,2) -> 437.64 | M90: =N90-L90 -> 682.22 | N90: =ROUND(F90*K90,2) -> 1119.86
A91: 7.2 | B91: 104790 | C91: SINAPI | D91: =IF(C91="SINAPI",IFERROR(VLOOKUP(B91,'SINAPI-comp'!$B:$H,2,0),VLOOKUP(B91,'SINAPI-insumo'!$B:$H,2,0))) -> DEMOLIÇÃO DE PISO DE CONCRETO SIMPLES, DE FORMA MECANIZADA COM MARTELETE, SEM REAPROVEITAMENTO. AF_09/2023 | E91: =IF(C91="SINAPI",IFERROR(VLOOKUP(B91,'SINAPI-comp'!$B:$H,3,0),VLOOKUP(B91,'SINAPI-insumo'!$B:$H,3,0))) -> M3 | F91: =TRUNC(quant_pavim!C36*0.07,2) -> 5.62 | G91: =IFERROR(VLOOKUP(B91,'SINAPI-comp'!$B:$H,4,0)-H91,0) -> 74.66 | H91: =IF(C91="SINAPI",IFERROR(VLOOKUP(B91,'SINAPI-comp'!$B:$H,7,0),VLOOKUP(B91,'SINAPI-insumo'!$B:$H,7,0))) -> 47.94 | I91: =G91+H91 -> 122.6 | J91: 0.2423 | K91: =I91+ROUND(I91*J91,2) -> 152.31 | L91: =TRUNC(TRUNC(G91*(1+J91),2)*F91,2) -> 521.25 | M91: =N91-L91 -> 334.73 | N91: =ROUND(F91*K91,2) -> 855.98
A92: 7.3 | B92: 97636 | C92: SINAPI | D92: =IF(C92="SINAPI",IFERROR(VLOOKUP(B92,'SINAPI-comp'!$B:$H,2,0),VLOOKUP(B92,'SINAPI-insumo'!$B:$H,2,0))) -> DEMOLIÇÃO PARCIAL DE PAVIMENTO ASFÁLTICO, DE FORMA MECANIZADA, SEM REAPROVEITAMENTO. AF_09/2023 | E92: =IF(C92="SINAPI",IFERROR(VLOOKUP(B92,'SINAPI-comp'!$B:$H,3,0),VLOOKUP(B92,'SINAPI-insumo'!$B:$H,3,0))) -> M2 | F92: =quant_pavim!C34 -> 31.56 | G92: =IFERROR(VLOOKUP(B92,'SINAPI-comp'!$B:$H,4,0)-H92,0) -> 11.67 | H92: =IF(C92="SINAPI",IFERROR(VLOOKUP(B92,'SINAPI-comp'!$B:$H,7,0),VLOOKUP(B92,'SINAPI-insumo'!$B:$H,7,0))) -> 11.74 | I92: =G92+H92 -> 23.41 | J92: 0.2423 | K92: =I92+ROUND(I92*J92,2) -> 29.08 | L92: =TRUNC(TRUNC(G92*(1+J92),2)*F92,2) -> 457.3 | M92: =N92-L92 -> 460.46 | N92: =ROUND(F92*K92,2) -> 917.76
A93: 7.4 | B93: 104796 | C93: SINAPI | D93: =IF(C93="SINAPI",IFERROR(VLOOKUP(B93,'SINAPI-comp'!$B:$H,2,0),VLOOKUP(B93,'SINAPI-insumo'!$B:$H,2,0))) -> DEMOLIÇÃO DE GUIAS, SARJETAS OU SARJETÕES, DE FORMA MECANIZADA, SEM REAPROVEITAMENTO. AF_09/2023 | E93: =IF(C93="SINAPI",IFERROR(VLOOKUP(B93,'SINAPI-comp'!$B:$H,3,0),VLOOKUP(B93,'SINAPI-insumo'!$B:$H,3,0))) -> M | F93: =quant_pavim!C41 -> 9.44 | G93: =IFERROR(VLOOKUP(B93,'SINAPI-comp'!$B:$H,4,0)-H93,0) -> 12.15 | H93: =IF(C93="SINAPI",IFERROR(VLOOKUP(B93,'SINAPI-comp'!$B:$H,7,0),VLOOKUP(B93,'SINAPI-insumo'!$B:$H,7,0))) -> 3.69 | I93: =G93+H93 -> 15.84 | J93: 0.2423 | K93: =I93+ROUND(I93*J93,2) -> 19.68 | L93: =TRUNC(TRUNC(G93*(1+J93),2)*F93,2) -> 142.44 | M93: =N93-L93 -> 43.34 | N93: =ROUND(F93*K93,2) -> 185.78
A94: 7.5 | B94: 100982 | C94: SINAPI | D94: =IF(C94="SINAPI",IFERROR(VLOOKUP(B94,'SINAPI-comp'!$B:$H,2,0),VLOOKUP(B94,'SINAPI-insumo'!$B:$H,2,0))) -> CARGA, MANOBRA E DESCARGA DE ENTULHO EM CAMINHÃO BASCULANTE 10 M³ - CARGA COM ESCAVADEIRA HIDRÁULICA (CAÇAMBA DE 0,80 M³ / 111 HP) E DESCARGA LIVRE (UNIDADE: M3). AF_02/2026 | E94: =IF(C94="SINAPI",IFERROR(VLOOKUP(B94,'SINAPI-comp'!$B:$H,3,0),VLOOKUP(B94,'SINAPI-insumo'!$B:$H,3,0))) -> M3 | F94: =TRUNC((F90*0.1)*(1+empolamentos!B5)+(F91+F92*0.05+F93*0.15*0.2)*(1+empolamentos!B2),2) -> 171.37 | G94: =IFERROR(VLOOKUP(B94,'SINAPI-comp'!$B:$H,4,0)-H94,0) -> 1.56 | H94: =IF(C94="SINAPI",IFERROR(VLOOKUP(B94,'SINAPI-comp'!$B:$H,7,0),VLOOKUP(B94,'SINAPI-insumo'!$B:$H,7,0))) -> 8.11 | I94: =G94+H94 -> 9.67 | J94: 0.2423 | K94: =I94+ROUND(I94*J94,2) -> 12.01 | L94: =TRUNC(TRUNC(G94*(1+J94),2)*F94,2) -> 330.74 | M94: =N94-L94 -> 1727.41 | N94: =ROUND(F94*K94,2) -> 2058.15
A95: 7.6 | B95: 95875 | C95: SINAPI | D95: =IF(C95="SINAPI",IFERROR(VLOOKUP(B95,'SINAPI-comp'!$B:$H,2,0),VLOOKUP(B95,'SINAPI-insumo'!$B:$H,2,0))) -> TRANSPORTE COM CAMINHÃO BASCULANTE DE 10 M³, EM VIA URBANA PAVIMENTADA, DMT ATÉ 30 KM (UNIDADE: M3XKM). AF_02/2026 | E95: =IF(C95="SINAPI",IFERROR(VLOOKUP(B95,'SINAPI-comp'!$B:$H,3,0),VLOOKUP(B95,'SINAPI-insumo'!$B:$H,3,0))) -> M3XKM | F95: =TRUNC(F94*DMT!C76,2) -> 1131.04 | G95: =IFERROR(VLOOKUP(B95,'SINAPI-comp'!$B:$H,4,0)-H95,0) -> 0.34 | H95: =IF(C95="SINAPI",IFERROR(VLOOKUP(B95,'SINAPI-comp'!$B:$H,7,0),VLOOKUP(B95,'SINAPI-insumo'!$B:$H,7,0))) -> 2.49 | I95: =G95+H95 -> 2.83 | J95: 0.2423 | K95: =I95+ROUND(I95*J95,2) -> 3.52 | L95: =TRUNC(TRUNC(G95*(1+J95),2)*F95,2) -> 475.03 | M95: =N95-L95 -> 3506.23 | N95: =ROUND(F95*K95,2) -> 3981.26
A96: 7.7 | B96: TAB 04.01 | C96: COTACAO | D96: =VLOOKUP(B96,tabelas!$A:$L,4,0) -> TAXA PARA BOTA FORA | E96: =VLOOKUP(B96,tabelas!$A:$L,5,0) -> M3 | F96: =F94 -> 171.37 | G96: 0 | H96: =VLOOKUP($B96,tabelas!$A:$L,12,0) -> 9.83 | I96: =G96+H96 -> 9.83 | J96: 0.1698 | K96: =I96+ROUND(I96*J96,2) -> 11.5 | L96: =TRUNC(TRUNC(G96*(1+J96),2)*F96,2) -> 0 | M96: =N96-L96 -> 1970.76 | N96: =ROUND(F96*K96,2) -> 1970.76
A97: 8 | D97: TERRAPLENAGEM
A98: 8.1 | B98: 101138 | C98: SINAPI | D98: =IF(C98="SINAPI",IFERROR(VLOOKUP(B98,'SINAPI-comp'!$B:$H,2,0),VLOOKUP(B98,'SINAPI-insumo'!$B:$H,2,0))) -> ESCAVAÇÃO HORIZONTAL, INCLUINDO CARGA, DESCARGA E TRANSPORTE EM SOLO DE 1A CATEGORIA COM TRATOR DE ESTEIRAS (125HP/LÂMINA: 2,70M3) E CAMINHÃO BASCULANTE DE 10M3, DMT ATÉ 200M. AF_07/2020 | E98: =IF(C98="SINAPI",IFERROR(VLOOKUP(B98,'SINAPI-comp'!$B:$H,3,0),VLOOKUP(B98,'SINAPI-insumo'!$B:$H,3,0))) -> M3 | F98: =TRUNC(quant_pavim!AF9+quant_pavim!AF10,2) -> 229.7 | G98: =IFERROR(VLOOKUP(B98,'SINAPI-comp'!$B:$H,4,0)-H98,0) -> 3.49 | H98: =IF(C98="SINAPI",IFERROR(VLOOKUP(B98,'SINAPI-comp'!$B:$H,7,0),VLOOKUP(B98,'SINAPI-insumo'!$B:$H,7,0))) -> 12.18 | I98: =G98+H98 -> 15.67 | J98: 0.2423 | K98: =I98+ROUND(I98*J98,2) -> 19.47 | L98: =TRUNC(TRUNC(G98*(1+J98),2)*F98,2) -> 994.6 | M98: =N98-L98 -> 3477.66 | N98: =ROUND(F98*K98,2) -> 4472.26
A99: 8.2 | B99: 96386 | C99: SINAPI | D99: =IF(C99="SINAPI",IFERROR(VLOOKUP(B99,'SINAPI-comp'!$B:$H,2,0),VLOOKUP(B99,'SINAPI-insumo'!$B:$H,2,0))) -> EXECUÇÃO E COMPACTAÇÃO DE CORPO DE ATERRO (95% DE ENERGIA DO PROCTOR NORMAL) COM SOLO PREDOMINANTEMENTE ARENOSO ESPESSURA 15CM - EXCLUSIVE MATERIAL, ESCAVAÇÃO, CARGA E TRANSPORTE. AF_09/2024 | E99: =IF(C99="SINAPI",IFERROR(VLOOKUP(B99,'SINAPI-comp'!$B:$H,3,0),VLOOKUP(B99,'SINAPI-insumo'!$B:$H,3,0))) -> M3 | F99: =TRUNC(quant_pavim!AG18,2) -> 53.29 | G99: =IFERROR(VLOOKUP(B99,'SINAPI-comp'!$B:$H,4,0)-H99,0) -> 2.01 | H99: =IF(C99="SINAPI",IFERROR(VLOOKUP(B99,'SINAPI-comp'!$B:$H,7,0),VLOOKUP(B99,'SINAPI-insumo'!$B:$H,7,0))) -> 5.01 | I99: =G99+H99 -> 7.02 | J99: 0.2423 | K99: =I99+ROUND(I99*J99,2) -> 8.72 | L99: =TRUNC(TRUNC(G99*(1+J99),2)*F99,2) -> 132.69 | M99: =N99-L99 -> 332 | N99: =ROUND(F99*K99,2) -> 464.69
A100: 8.3 | B100: 100978 | C100: SINAPI | D100: =IF(C100="SINAPI",IFERROR(VLOOKUP(B100,'SINAPI-comp'!$B:$H,2,0),VLOOKUP(B100,'SINAPI-insumo'!$B:$H,2,0))) -> CARGA, MANOBRA E DESCARGA DE SOLOS E MATERIAIS GRANULARES EM CAMINHÃO BASCULANTE 10 M³ - CARGA COM ESCAVADEIRA HIDRÁULICA (CAÇAMBA DE 1,20 M³ / 155 HP) E DESCARGA LIVRE (UNIDADE: M3). AF_02/2026 | E100: =IF(C100="SINAPI",IFERROR(VLOOKUP(B100,'SINAPI-comp'!$B:$H,3,0),VLOOKUP(B100,'SINAPI-insumo'!$B:$H,3,0))) -> M3 | F100: =TRUNC(F99*(1+empolamentos!B6),2) -> 66.61 | G100: =IFERROR(VLOOKUP(B100,'SINAPI-comp'!$B:$H,4,0)-H100,0) -> 1.18 | H100: =IF(C100="SINAPI",IFERROR(VLOOKUP(B100,'SINAPI-comp'!$B:$H,7,0),VLOOKUP(B100,'SINAPI-insumo'!$B:$H,7,0))) -> 6.24 | I100: =G100+H100 -> 7.42 | J100: 0.2423 | K100: =I100+ROUND(I100*J100,2) -> 9.22 | L100: =TRUNC(TRUNC(G100*(1+J100),2)*F100,2) -> 97.25 | M100: =N100-L100 -> 516.89 | N100: =ROUND(F100*K100,2) -> 614.14
A101: 8.4 | B101: 95875 | C101: SINAPI | D101: =IF(C101="SINAPI",IFERROR(VLOOKUP(B101,'SINAPI-comp'!$B:$H,2,0),VLOOKUP(B101,'SINAPI-insumo'!$B:$H,2,0))) -> TRANSPORTE COM CAMINHÃO BASCULANTE DE 10 M³, EM VIA URBANA PAVIMENTADA, DMT ATÉ 30 KM (UNIDADE: M3XKM). AF_02/2026 | E101: =IF(C101="SINAPI",IFERROR(VLOOKUP(B101,'SINAPI-comp'!$B:$H,3,0),VLOOKUP(B101,'SINAPI-insumo'!$B:$H,3,0))) -> M3XKM | F101: =TRUNC((F98-F99)*(1+empolamentos!B6)*DMT!C76,2) -> 1455.38 | G101: =IFERROR(VLOOKUP(B101,'SINAPI-comp'!$B:$H,4,0)-H101,0) -> 0.34 | H101: =IF(C101="SINAPI",IFERROR(VLOOKUP(B101,'SINAPI-comp'!$B:$H,7,0),VLOOKUP(B101,'SINAPI-insumo'!$B:$H,7,0))) -> 2.49 | I101: =G101+H101 -> 2.83 | J101: 0.2423 | K101: =I101+ROUND(I101*J101,2) -> 3.52 | L101: =TRUNC(TRUNC(G101*(1+J101),2)*F101,2) -> 611.25 | M101: =N101-L101 -> 4511.69 | N101: =ROUND(F101*K101,2) -> 5122.94
A102: 8.5 | B102: TAB 04.01 | C102: COTACAO | D102: =VLOOKUP(B102,tabelas!$A:$L,4,0) -> TAXA PARA BOTA FORA | E102: =VLOOKUP(B102,tabelas!$A:$L,5,0) -> M3 | F102: =TRUNC((F98-F99)*(1+empolamentos!B6),2) -> 220.51 | G102: 0 | H102: =VLOOKUP($B102,tabelas!$A:$L,12,0) -> 9.83 | I102: =G102+H102 -> 9.83 | J102: 0.1698 | K102: =I102+ROUND(I102*J102,2) -> 11.5 | L102: =TRUNC(TRUNC(G102*(1+J102),2)*F102,2) -> 0 | M102: =N102-L102 -> 2535.87 | N102: =ROUND(F102*K102,2) -> 2535.87
A103: 9 | D103: PAVIMENTAÇÃO VIÁRIA
A104: 9.1 | B104: 100576 | C104: SINAPI | D104: =IF(C104="SINAPI",IFERROR(VLOOKUP(B104,'SINAPI-comp'!$B:$H,2,0),VLOOKUP(B104,'SINAPI-insumo'!$B:$H,2,0))) -> REGULARIZAÇÃO E COMPACTAÇÃO DE SUBLEITO DE SOLO PREDOMINANTEMENTE ARGILOSO, PARA OBRAS DE CONSTRUÇÃO DE PAVIMENTOS. AF_09/2024 | E104: =IF(C104="SINAPI",IFERROR(VLOOKUP(B104,'SINAPI-comp'!$B:$H,3,0),VLOOKUP(B104,'SINAPI-insumo'!$B:$H,3,0))) -> M2 | F104: =quant_pavim!C15 -> 702.65 | G104: =IFERROR(VLOOKUP(B104,'SINAPI-comp'!$B:$H,4,0)-H104,0) -> 1.11 | H104: =IF(C104="SINAPI",IFERROR(VLOOKUP(B104,'SINAPI-comp'!$B:$H,7,0),VLOOKUP(B104,'SINAPI-insumo'!$B:$H,7,0))) -> 1.92 | I104: =G104+H104 -> 3.03 | J104: 0.2423 | K104: =I104+ROUND(I104*J104,2) -> 3.76 | L104: =TRUNC(TRUNC(G104*(1+J104),2)*F104,2) -> 962.63 | M104: =N104-L104 -> 1679.33 | N104: =ROUND(F104*K104,2) -> 2641.96
A105: 9.2 | B105: 105742 | C105: SINAPI | D105: =IF(C105="SINAPI",IFERROR(VLOOKUP(B105,'SINAPI-comp'!$B:$H,2,0),VLOOKUP(B105,'SINAPI-insumo'!$B:$H,2,0))) -> CONSTRUÇÃO DE BASE E SUB-BASE PARA PAVIMENTAÇÃO DE RACHÃO, COM ESPESSURA DE 30 CM - EXCLUSIVE CARGA E TRANSPORTE. AF_09/2024 | E105: =IF(C105="SINAPI",IFERROR(VLOOKUP(B105,'SINAPI-comp'!$B:$H,3,0),VLOOKUP(B105,'SINAPI-insumo'!$B:$H,3,0))) -> M3 | F105: =quant_pavim!D11 -> 140.53 | G105: =IFERROR(VLOOKUP(B105,'SINAPI-comp'!$B:$H,4,0)-H105,0) -> 7.51 | H105: =IF(C105="SINAPI",IFERROR(VLOOKUP(B105,'SINAPI-comp'!$B:$H,7,0),VLOOKUP(B105,'SINAPI-insumo'!$B:$H,7,0))) -> 117.19 | I105: =G105+H105 -> 124.7 | J105: 0.2423 | K105: =I105+ROUND(I105*J105,2) -> 154.91 | L105: =TRUNC(TRUNC(G105*(1+J105),2)*F105,2) -> 1309.73 | M105: =N105-L105 -> 20459.77 | N105: =ROUND(F105*K105,2) -> 21769.5
A106: 9.3 | B106: 105730 | C106: SINAPI | D106: =IF(C106="SINAPI",IFERROR(VLOOKUP(B106,'SINAPI-comp'!$B:$H,2,0),VLOOKUP(B106,'SINAPI-insumo'!$B:$H,2,0))) -> CONSTRUÇÃO DE BASE E SUB-BASE PARA PAVIMENTAÇÃO DE BRITA GRADUADA SIMPLES, COM ESPESSURA DE 20 CM - EXCLUSIVE CARGA E TRANSPORTE. AF_09/2024 | E106: =IF(C106="SINAPI",IFERROR(VLOOKUP(B106,'SINAPI-comp'!$B:$H,3,0),VLOOKUP(B106,'SINAPI-insumo'!$B:$H,3,0))) -> M3 | F106: =quant_pavim!D10 -> 140.53 | G106: =IFERROR(VLOOKUP(B106,'SINAPI-comp'!$B:$H,4,0)-H106,0) -> 8.72 | H106: =IF(C106="SINAPI",IFERROR(VLOOKUP(B106,'SINAPI-comp'!$B:$H,7,0),VLOOKUP(B106,'SINAPI-insumo'!$B:$H,7,0))) -> 169.81 | I106: =G106+H106 -> 178.53 | J106: 0.2423 | K106: =I106+ROUND(I106*J106,2) -> 221.79 | L106: =TRUNC(TRUNC(G106*(1+J106),2)*F106,2) -> 1521.93 | M106: =N106-L106 -> 29646.22 | N106: =ROUND(F106*K106,2) -> 31168.15
A107: 9.4 | B107: CCU 23 | C107: COMPOSICAO_PROPRIA | D107: =VLOOKUP(B107,composicoes!$A:$K,2,0) -> MEIO-FIO EM TRECHO RETO, CONFECCIONADA EM CONCRETO PRÉ-FABRICADO, DIMENSÕES 100X15X13X30 CM , PARA VIAS URBANAS - FORNECIMENTO | E107: =VLOOKUP(B107,composicoes!$A:$K,8,0) -> M | F107: =quant_pavim!C23 -> 239.93 | G107: =VLOOKUP(B107,composicoes!$A:$K,10,0) -> 0 | H107: =VLOOKUP(B107,composicoes!$A:$K,11,0) -> 38.07 | I107: =G107+H107 -> 38.07 | J107: 0.1698 | K107: =I107+ROUND(I107*J107,2) -> 44.53 | L107: =TRUNC(TRUNC(G107*(1+J107),2)*F107,2) -> 0 | M107: =N107-L107 -> 10684.08 | N107: =ROUND(F107*K107,2) -> 10684.08
A108: 9.5 | B108: CCU 24 | C108: COMPOSICAO_PROPRIA | D108: =VLOOKUP(B108,composicoes!$A:$K,2,0) -> MEIO-FIO EM TRECHO RETO, CONFECCIONADA EM CONCRETO PRÉ-FABRICADO, DIMENSÕES 100X15X13X30 CM , PARA VIAS URBANAS - EXECUÇÃO | E108: =VLOOKUP(B108,composicoes!$A:$K,8,0) -> M | F108: =F107 -> 239.93 | G108: =VLOOKUP(B108,composicoes!$A:$K,10,0) -> 13.64 | H108: =VLOOKUP(B108,composicoes!$A:$K,11,0) -> 1.65 | I108: =G108+H108 -> 15.29 | J108: 0.2423 | K108: =I108+ROUND(I108*J108,2) -> 18.99 | L108: =TRUNC(TRUNC(G108*(1+J108),2)*F108,2) -> 4064.41 | M108: =N108-L108 -> 491.86 | N108: =ROUND(F108*K108,2) -> 4556.27
A109: 9.6 | B109: CCU 46 | C109: COMPOSICAO_PROPRIA | D109: =VLOOKUP(B109,composicoes!$A:$K,2,0) -> IMPRIMAÇÃO ASFÁLTICA - FORNECIMENTO | E109: =VLOOKUP(B109,composicoes!$A:$K,8,0) -> T | F109: =TRUNC(F111*(1.2/1000),2) -> 0.77 | G109: =VLOOKUP(B109,composicoes!$A:$K,10,0) -> 0 | H109: =VLOOKUP(B109,composicoes!$A:$K,11,0) -> 4086.76 | I109: =G109+H109 -> 4086.76 | J109: 0.2423 | K109: =I109+ROUND(I109*J109,2) -> 5076.98 | L109: =TRUNC(TRUNC(G109*(1+J109),2)*F109,2) -> 0 | M109: =N109-L109 -> 3909.27 | N109: =ROUND(F109*K109,2) -> 3909.27
A110: 9.7 | B110: CCU 47 | C110: COMPOSICAO_PROPRIA | D110: =VLOOKUP(B110,composicoes!$A:$K,2,0) -> IMPRIMAÇÃO ASFALTICA - TRANSPORTE | E110: =VLOOKUP(B110,composicoes!$A:$K,8,0) -> T | F110: =TRUNC(F109,2) -> 0.77 | G110: =VLOOKUP(B110,composicoes!$A:$K,10,0) -> 0 | H110: =VLOOKUP(B110,composicoes!$A:$K,11,0) -> 99.57 | I110: =G110+H110 -> 99.57 | J110: 0.2423 | K110: =I110+ROUND(I110*J110,2) -> 123.7 | L110: =TRUNC(TRUNC(G110*(1+J110),2)*F110,2) -> 0 | M110: =N110-L110 -> 95.25 | N110: =ROUND(F110*K110,2) -> 95.25
A111: 9.8 | B111: CCU 48 | C111: COMPOSICAO_PROPRIA | D111: =VLOOKUP(B111,composicoes!$A:$K,2,0) -> IMPRIMAÇÃO ASFÁLTICA - APLICAÇÃO | E111: =VLOOKUP(B111,composicoes!$A:$K,8,0) -> M2 | F111: =quant_pavim!C9 -> 645.63 | G111: =VLOOKUP(B111,composicoes!$A:$K,10,0) -> 0.52 | H111: =VLOOKUP(B111,composicoes!$A:$K,11,0) -> 0.78 | I111: =G111+H111 -> 1.3 | J111: 0.2423 | K111: =I111+ROUND(I111*J111,2) -> 1.61 | L111: =TRUNC(TRUNC(G111*(1+J111),2)*F111,2) -> 413.2 | M111: =N111-L111 -> 626.26 | N111: =ROUND(F111*K111,2) -> 1039.46
A112: 9.9 | B112: CCU 43 | C112: COMPOSICAO_PROPRIA | D112: =VLOOKUP(B112,composicoes!$A:$K,2,0) -> USINAGEM CBUQ, INCLUSO FORNECIMENTO DE CONCRETO ASFALTICO (EXCETO CAP) E TRANSPORTE DA JAZIDA ATE PAVIMENTADORA, EXCLUSIVE TRANSPORTE ATE OBRA | E112: =VLOOKUP(B112,composicoes!$A:$K,8,0) -> T | F112: =TRUNC(F114*2.4*(1-0.0566),2) -> 73.08 | G112: =VLOOKUP(B112,composicoes!$A:$K,10,0) -> 4.48 | H112: =VLOOKUP(B112,composicoes!$A:$K,11,0) -> 242.83 | I112: =G112+H112 -> 247.31 | J112: 0.2423 | K112: =I112+ROUND(I112*J112,2) -> 307.23 | L112: =TRUNC(TRUNC(G112*(1+J112),2)*F112,2) -> 406.32 | M112: =N112-L112 -> 22046.05 | N112: =ROUND(F112*K112,2) -> 22452.37
A113: 9.10 | B113: CCU 44 | C113: COMPOSICAO_PROPRIA | D113: =VLOOKUP(B113,composicoes!$A:$K,2,0) -> FORNECIMENTO DE CAP PARA PAVIMENTO DE CONCRETO ASFÁLTICO, INCLUSIVE TRANSPORTE ATE PAVIMENTADORA | E113: =VLOOKUP(B113,composicoes!$A:$K,8,0) -> T | F113: =TRUNC(F114*2.4*0.0566,2) -> 4.38 | G113: =VLOOKUP(B113,composicoes!$A:$K,10,0) -> 0 | H113: =VLOOKUP(B113,composicoes!$A:$K,11,0) -> 5984.8 | I113: =G113+H113 -> 5984.8 | J113: 0.2423 | K113: =I113+ROUND(I113*J113,2) -> 7434.92 | L113: =TRUNC(TRUNC(G113*(1+J113),2)*F113,2) -> 0 | M113: =N113-L113 -> 32564.95 | N113: =ROUND(F113*K113,2) -> 32564.95
A114: 9.11 | B114: CCU 45 | C114: COMPOSICAO_PROPRIA | D114: =VLOOKUP(B114,composicoes!$A:$K,2,0) -> EXECUÇÃO DE PAVIMENTO COM APLICAÇÃO DE CONCRETO ASFÁLTICO, CAMADA DE ROLAMENTO, EXCLUSIVE CARGA E TRANSPORTE | E114: =VLOOKUP(B114,composicoes!$A:$K,8,0) -> M3 | F114: =quant_pavim!D9 -> 32.28 | G114: =VLOOKUP(B114,composicoes!$A:$K,10,0) -> 49.55 | H114: =VLOOKUP(B114,composicoes!$A:$K,11,0) -> 81.73 | I114: =G114+H114 -> 131.28 | J114: 0.2423 | K114: =I114+ROUND(I114*J114,2) -> 163.09 | L114: =TRUNC(TRUNC(G114*(1+J114),2)*F114,2) -> 1986.83 | M114: =N114-L114 -> 3277.72 | N114: =ROUND(F114*K114,2) -> 5264.55
A115: 9.12 | B115: CCU 29 | C115: COMPOSICAO_PROPRIA | D115: =VLOOKUP(B115,composicoes!$A:$K,2,0) -> CARGA, MANOBRA E DESCARGA DE PRÉ-MOLDADOS DE CONCRETO, EM CAMINHÃO CARROCERIA COM GUINDAUTO (MUNCK) 11,7 TM | E115: =VLOOKUP(B115,composicoes!$A:$K,8,0) -> T | F115: =TRUNC((F107*0.3*0.14)*empolamentos!B9,2) -> 24.18 | G115: =VLOOKUP(B115,composicoes!$A:$K,10,0) -> 14.91 | H115: =VLOOKUP(B115,composicoes!$A:$K,11,0) -> 35.37 | I115: =G115+H115 -> 50.28 | J115: 0.2423 | K115: =I115+ROUND(I115*J115,2) -> 62.46 | L115: =TRUNC(TRUNC(G115*(1+J115),2)*F115,2) -> 447.81 | M115: =N115-L115 -> 1062.47 | N115: =ROUND(F115*K115,2) -> 1510.28
A116: 9.13 | B116: 100978 | C116: SINAPI | D116: =IF(C116="SINAPI",IFERROR(VLOOKUP(B116,'SINAPI-comp'!$B:$H,2,0),VLOOKUP(B116,'SINAPI-insumo'!$B:$H,2,0))) -> CARGA, MANOBRA E DESCARGA DE SOLOS E MATERIAIS GRANULARES EM CAMINHÃO BASCULANTE 10 M³ - CARGA COM ESCAVADEIRA HIDRÁULICA (CAÇAMBA DE 1,20 M³ / 155 HP) E DESCARGA LIVRE (UNIDADE: M3). AF_02/2026 | E116: =IF(C116="SINAPI",IFERROR(VLOOKUP(B116,'SINAPI-comp'!$B:$H,3,0),VLOOKUP(B116,'SINAPI-insumo'!$B:$H,3,0))) -> M3 | F116: =TRUNC(F105*(1+empolamentos!B8)+F106*(1+empolamentos!B4)+F114*(1+empolamentos!B10),2) -> 376 | G116: =IFERROR(VLOOKUP(B116,'SINAPI-comp'!$B:$H,4,0)-H116,0) -> 1.18 | H116: =IF(C116="SINAPI",IFERROR(VLOOKUP(B116,'SINAPI-comp'!$B:$H,7,0),VLOOKUP(B116,'SINAPI-insumo'!$B:$H,7,0))) -> 6.24 | I116: =G116+H116 -> 7.42 | J116: 0.2423 | K116: =I116+ROUND(I116*J116,2) -> 9.22 | L116: =TRUNC(TRUNC(G116*(1+J116),2)*F116,2) -> 548.96 | M116: =N116-L116 -> 2917.76 | N116: =ROUND(F116*K116,2) -> 3466.72
A117: 9.14 | B117: 100952 | C117: SINAPI | D117: =IF(C117="SINAPI",IFERROR(VLOOKUP(B117,'SINAPI-comp'!$B:$H,2,0),VLOOKUP(B117,'SINAPI-insumo'!$B:$H,2,0))) -> TRANSPORTE COM CAMINHÃO CARROCERIA COM GUINDAUTO (MUNCK), MOMENTO MÁXIMO DE CARGA 11,7 TM, EM VIA URBANA PAVIMENTADA, DMT ATÉ 30KM (UNIDADE: TXKM). AF_02/2026 | E117: =IF(C117="SINAPI",IFERROR(VLOOKUP(B117,'SINAPI-comp'!$B:$H,3,0),VLOOKUP(B117,'SINAPI-insumo'!$B:$H,3,0))) -> TXKM | F117: =TRUNC(F115*DMT!C55,2) -> 389.29 | G117: =IFERROR(VLOOKUP(B117,'SINAPI-comp'!$B:$H,4,0)-H117,0) -> 0.44 | H117: =IF(C117="SINAPI",IFERROR(VLOOKUP(B117,'SINAPI-comp'!$B:$H,7,0),VLOOKUP(B117,'SINAPI-insumo'!$B:$H,7,0))) -> 2.75 | I117: =G117+H117 -> 3.19 | J117: 0.2423 | K117: =I117+ROUND(I117*J117,2) -> 3.96 | L117: =TRUNC(TRUNC(G117*(1+J117),2)*F117,2) -> 210.21 | M117: =N117-L117 -> 1331.38 | N117: =ROUND(F117*K117,2) -> 1541.59
A118: 9.15 | B118: 95875 | C118: SINAPI | D118: =IF(C118="SINAPI",IFERROR(VLOOKUP(B118,'SINAPI-comp'!$B:$H,2,0),VLOOKUP(B118,'SINAPI-insumo'!$B:$H,2,0))) -> TRANSPORTE COM CAMINHÃO BASCULANTE DE 10 M³, EM VIA URBANA PAVIMENTADA, DMT ATÉ 30 KM (UNIDADE: M3XKM). AF_02/2026 | E118: =IF(C118="SINAPI",IFERROR(VLOOKUP(B118,'SINAPI-comp'!$B:$H,3,0),VLOOKUP(B118,'SINAPI-insumo'!$B:$H,3,0))) -> M3XKM | F118: =TRUNC(F105*DMT!C62+F106*DMT!C62+F114*DMT!C47,2) -> 2068.04 | G118: =IFERROR(VLOOKUP(B118,'SINAPI-comp'!$B:$H,4,0)-H118,0) -> 0.34 | H118: =IF(C118="SINAPI",IFERROR(VLOOKUP(B118,'SINAPI-comp'!$B:$H,7,0),VLOOKUP(B118,'SINAPI-insumo'!$B:$H,7,0))) -> 2.49 | I118: =G118+H118 -> 2.83 | J118: 0.2423 | K118: =I118+ROUND(I118*J118,2) -> 3.52 | L118: =TRUNC(TRUNC(G118*(1+J118),2)*F118,2) -> 868.57 | M118: =N118-L118 -> 6410.93 | N118: =ROUND(F118*K118,2) -> 7279.5
A119: 10 | D119: PAVIMENTAÇÃO PASSEIOS
...

Sheet composicoes
B1: PREFEITURA MUNICIPAL DE PORTO ALEGRE
B2: SECRETARIA MUNICIPAL DE OBRAS E INFRAESTRUTURA
B3: =orcamento!D3 -> Objeto: Execução de Obras de Pavimentação e Redes de Drenagem na Rua Giruá
B4: =orcamento!D4 -> Endereço: Rua Giruá, Vila Panorama, Lomba Pinheiro, Porto Alegre, RS
B6: COMPOSIÇÕES DE CUSTOS UNITÁRIAS
A8: CÓDIGO: | B8: DESCRIÇÃO: | H8: UNIDADE: | J8: CUSTO TOTAL (MO): | K8: CUSTO TOTAL (MAT+EQ):
A9: CCU 01 | B9: EQUIPE E CONSUMOS DE ADMINISTRAÇÃO LOCAL | H9: UN | I9: 4 | J9: =TRUNC(SUM(J11:J17),2) -> 121481.36 | K9: =TRUNC(SUM(K11:K17),2) -> 7031.44
A10: ITEM | B10: DESCRIÇÃO | C10: UNID. | D10: COEF. | E10: REFERENCIAL COEF. | F10: CUSTO UNITARIO (MO) | G10: CUSTO UNITARIO (MAT+EQ) | H10: REFERENCIAL CUSTO | J10: CUSTO TOTAL (MO) | K10: CUSTO TOTAL (MAT+EQ)
A11: 1 | B11: =IF(H11="SINAPI",IFERROR(VLOOKUP(I11,'SINAPI-comp'!$B:$H,2,0),VLOOKUP(I11,'SINAPI-insumo'!$B:$H,2,0))) -> ENGENHEIRO CIVIL DE OBRA JUNIOR COM ENCARGOS COMPLEMENTARES | C11: =IF(H11="SINAPI",IFERROR(VLOOKUP(I11,'SINAPI-comp'!$B:$H,3,0),VLOOKUP(I11,'SINAPI-insumo'!$B:$H,3,0))) -> H | D11: =4*20*I9 -> 320 | E11: 4h/dia | F11: =IFERROR(VLOOKUP(I11,'SINAPI-comp'!$B:$H,4,0)-G11,0) -> 139.01 | G11: =IF(H11="SINAPI",IFERROR(VLOOKUP(I11,'SINAPI-comp'!$B:$H,7,0),VLOOKUP(I11,'SINAPI-insumo'!$B:$H,7,0))) -> 0 | H11: SINAPI | I11: 90777 | J11: =TRUNC($D11*F11,4) -> 44483.2 | K11: =TRUNC($D11*G11,4) -> 0
A12: 2 | B12: =IF(H12="SINAPI",IFERROR(VLOOKUP(I12,'SINAPI-comp'!$B:$H,2,0),VLOOKUP(I12,'SINAPI-insumo'!$B:$H,2,0))) -> TÉCNICO EM SEGURANÇA DO TRABALHO COM ENCARGOS COMPLEMENTARES | C12: =IF(H12="SINAPI",IFERROR(VLOOKUP(I12,'SINAPI-comp'!$B:$H,3,0),VLOOKUP(I12,'SINAPI-insumo'!$B:$H,3,0))) -> H | D12: =4*20*I9 -> 320 | E12: 4h/dia | F12: =IFERROR(VLOOKUP(I12,'SINAPI-comp'!$B:$H,4,0)-G12,0) -> 47.39 | G12: =IF(H12="SINAPI",IFERROR(VLOOKUP(I12,'SINAPI-comp'!$B:$H,7,0),VLOOKUP(I12,'SINAPI-insumo'!$B:$H,7,0))) -> 0 | H12: SINAPI | I12: 100309 | J12: =TRUNC($D12*F12,4) -> 15164.8 | K12: =TRUNC($D12*G12,4) -> 0
A13: 3 | B13: =IF(H13="SINAPI",IFERROR(VLOOKUP(I13,'SINAPI-comp'!$B:$H,2,0),VLOOKUP(I13,'SINAPI-insumo'!$B:$H,2,0))) -> ENCARREGADO GERAL DE OBRAS COM ENCARGOS COMPLEMENTARES | C13: =IF(H13="SINAPI",IFERROR(VLOOKUP(I13,'SINAPI-comp'!$B:$H,3,0),VLOOKUP(I13,'SINAPI-insumo'!$B:$H,3,0))) -> MES | D13: =I9 -> 4 | F13: =IFERROR(VLOOKUP(I13,'SINAPI-comp'!$B:$H,4,0)-G13,0) -> 13407.94 | G13: =IF(H13="SINAPI",IFERROR(VLOOKUP(I13,'SINAPI-comp'!$B:$H,7,0),VLOOKUP(I13,'SINAPI-insumo'!$B:$H,7,0))) -> 0 | H13: SINAPI | I13: 93572 | J13: =TRUNC($D13*F13,4) -> 53631.76 | K13: =TRUNC($D13*G13,4) -> 0
A14: 4 | B14: =IF(H14="SINAPI",IFERROR(VLOOKUP(I14,'SINAPI-comp'!$B:$H,2,0),VLOOKUP(I14,'SINAPI-insumo'!$B:$H,2,0))) -> AUXILIAR DE SERVIÇOS GERAIS COM ENCARGOS COMPLEMENTARES | C14: =IF(H14="SINAPI",IFERROR(VLOOKUP(I14,'SINAPI-comp'!$B:$H,3,0),VLOOKUP(I14,'SINAPI-insumo'!$B:$H,3,0))) -> H | D14: =D12 -> 320 | E14: 4h/dia | F14: =IFERROR(VLOOKUP(I14,'SINAPI-comp'!$B:$H,4,0)-G14,0) -> 25.63 | G14: =IF(H14="SINAPI",IFERROR(VLOOKUP(I14,'SINAPI-comp'!$B:$H,7,0),VLOOKUP(I14,'SINAPI-insumo'!$B:$H,7,0))) -> 0 | H14: SINAPI | I14: 88252 | J14: =TRUNC($D14*F14,4) -> 8201.6 | K14: =TRUNC($D14*G14,4) -> 0
A15: 5 | B15: =IF(OR(H15="SINAPI",H15="SINAPI-I"),IFERROR(VLOOKUP(I15,'SINAPI-comp'!$B:$H,2,0),VLOOKUP(I15,'SINAPI-insumo'!$B:$H,2,0))) -> ENERGIA ELETRICA ATE 2000 KWH INDUSTRIAL, SEM DEMANDA | C15: =IF(OR(H15="SINAPI",H15="SINAPI-I"),IFERROR(VLOOKUP(I15,'SINAPI-comp'!$B:$H,3,0),VLOOKUP(I15,'SINAPI-insumo'!$B:$H,3,0))) -> KWH | D15: =350*I9 -> 1400 | E15: 350KWH/mês | F15: =IFERROR(VLOOKUP(I15,'SINAPI-comp'!$B:$H,4,0)-G15,0) -> 0 | G15: =IF(OR(H15="SINAPI",H15="SINAPI-I"),IFERROR(VLOOKUP(I15,'SINAPI-comp'!$B:$H,7,0),VLOOKUP(I15,'SINAPI-insumo'!$B:$H,7,0))) -> 1.05 | H15: SINAPI-I | I15: 2705 | J15: =TRUNC($D15*F15,4) -> 0 | K15: =TRUNC($D15*G15,4) -> 1470
A16: 6 | B16: =IF(OR(H16="SINAPI",H16="SINAPI-I"),IFERROR(VLOOKUP(I16,'SINAPI-comp'!$B:$H,2,0),VLOOKUP(I16,'SINAPI-insumo'!$B:$H,2,0))) -> TARIFA "A" ENTRE 0 E 20M3 FORNECIMENTO D'AGUA | C16: =IF(OR(H16="SINAPI",H16="SINAPI-I"),IFERROR(VLOOKUP(I16,'SINAPI-comp'!$B:$H,3,0),VLOOKUP(I16,'SINAPI-insumo'!$B:$H,3,0))) -> M3 | D16: =1.5*21*I9 -> 126 | E16: 1,5m3/dia | F16: =IFERROR(VLOOKUP(I16,'SINAPI-comp'!$B:$H,4,0)-G16,0) -> 0 | G16: =IF(OR(H16="SINAPI",H16="SINAPI-I"),IFERROR(VLOOKUP(I16,'SINAPI-comp'!$B:$H,7,0),VLOOKUP(I16,'SINAPI-insumo'!$B:$H,7,0))) -> 20.24 | H16: SINAPI-I | I16: 44480 | J16: =TRUNC($D16*F16,4) -> 0 | K16: =TRUNC($D16*G16,4) -> 2550.24
A17: 7 | B17: =VLOOKUP(I17,tabelas!$A:$L,4,0) -> VEÍCULO LEVE - 53 KW (SEM MOTORISTA) | C17: =VLOOKUP(I17,tabelas!$A:$L,5,0) -> CHP | D17: =1*20*I9 -> 80 | E17: 1h/dia | F17: 0 | G17: =VLOOKUP($I17,tabelas!$A:$L,12,0) -> 37.64 | H17: COTACAO | I17: TAB 03.06 | J17: =TRUNC($D17*F17,4) -> 0 | K17: =TRUNC($D17*G17,4) -> 3011.2
A20: CÓDIGO: | B20: DESCRIÇÃO: | H20: UNIDADE: | J20: CUSTO TOTAL (MO): | K20: CUSTO TOTAL (MAT+EQ):
A21: CCU 02 | B21: SERVIÇO DE VIGILÂNCIA NOTURNO (DIÁRIO) E DIURNO (FINAIS DE SEMANA E FERIADO) | H21: UN | I21: 4 | J21: =TRUNC(SUM(J23:J33),2) -> 31048.31 | K21: =TRUNC(SUM(K23:K33),2) -> 4400.36
A22: ITEM | B22: DESCRIÇÃO | C22: UNID. | D22: COEF. | E22: REFERENCIAL COEF. | F22: CUSTO UNITARIO (MO) | G22: CUSTO UNITARIO (MAT+EQ) | H22: REFERENCIAL CUSTO | J22: CUSTO TOTAL (MO) | K22: CUSTO TOTAL (MAT+EQ)
A23: 1 | B23: VIGILANCIA FINAIS DE SEMANA
A24: 1.1 | B24: =IF(H24="SINAPI",IFERROR(VLOOKUP(I24,'SINAPI-comp'!$B:$H,2,0),VLOOKUP(I24,'SINAPI-insumo'!$B:$H,2,0))) -> VIGIA DIURNO COM ENCARGOS COMPLEMENTARES | C24: =IF(H24="SINAPI",IFERROR(VLOOKUP(I24,'SINAPI-comp'!$B:$H,3,0),VLOOKUP(I24,'SINAPI-insumo'!$B:$H,3,0))) -> H | D24: =12*8*I21 -> 384 | E24: 12h/dia; 8 dias/mês | F24: =IFERROR(VLOOKUP(I24,'SINAPI-comp'!$B:$H,4,0)-G24,0) -> 27.76 | G24: =IF(H24="SINAPI",IFERROR(VLOOKUP(I24,'SINAPI-comp'!$B:$H,7,0),VLOOKUP(I24,'SINAPI-insumo'!$B:$H,7,0))) -> 0 | H24: SINAPI | I24: 100289 | J24: =TRUNC($D24*F24,4) -> 10659.84 | K24: =TRUNC($D24*G24,4) -> 0
A25: 2 | B25: VIGILANCIA NOTURNA
A26: 2.1 | B26: =IF(OR(H26="SINAPI",H26="SINAPI-I"),IFERROR(VLOOKUP(I26,'SINAPI-comp'!$B:$H,2,0),VLOOKUP(I26,'SINAPI-insumo'!$B:$H,2,0))) -> VIGIA DIURNO (MENSALISTA) | C26: =IF(OR(H26="SINAPI",H26="SINAPI-I"),IFERROR(VLOOKUP(I26,'SINAPI-comp'!$B:$H,3,0),VLOOKUP(I26,'SINAPI-insumo'!$B:$H,3,0))) -> MES | D26: =1.3715*I21 -> 5.486 | F26: =IF(OR(H26="SINAPI",H26="SINAPI-I"),IFERROR(VLOOKUP(I26,'SINAPI-comp'!$B:$H,7,0),VLOOKUP(I26,'SINAPI-insumo'!$B:$H,7,0))) -> 3706.11 | G26: 0 | H26: SINAPI-I | I26: 41096 | J26: =TRUNC($D26*F26,4) -> 20331.719 | K26: =TRUNC($D26*G26,4) -> 0
A27: 2.2 | B27: =IF(OR(H27="SINAPI",H27="SINAPI-I"),IFERROR(VLOOKUP(I27,'SINAPI-comp'!$B:$H,2,0),VLOOKUP(I27,'SINAPI-insumo'!$B:$H,2,0))) -> CURSO DE CAPACITAÇÃO PARA VIGIA DIURNO (ENCARGOS COMPLEMENTARES) - MENSALISTA | C27: =IF(OR(H27="SINAPI",H27="SINAPI-I"),IFERROR(VLOOKUP(I27,'SINAPI-comp'!$B:$H,3,0),VLOOKUP(I27,'SINAPI-insumo'!$B:$H,3,0))) -> MES | D27: =I21 -> 4 | F27: =IFERROR(VLOOKUP(I27,'SINAPI-comp'!$B:$H,4,0)-G27,0) -> 14.19 | G27: =IF(OR(H27="SINAPI",H27="SINAPI-I"),IFERROR(VLOOKUP(I27,'SINAPI-comp'!$B:$H,7,0),VLOOKUP(I27,'SINAPI-insumo'!$B:$H,7,0))) -> 0 | H27: SINAPI-I | I27: 101372 | J27: =TRUNC($D27*F27,4) -> 56.76 | K27: =TRUNC($D27*G27,4) -> 0
A28: 2.3 | B28: =IF(OR(H28="SINAPI",H28="SINAPI-I"),IFERROR(VLOOKUP(I28,'SINAPI-comp'!$B:$H,2,0),VLOOKUP(I28,'SINAPI-insumo'!$B:$H,2,0))) -> ALIMENTACAO - MENSALISTA (COLETADO CAIXA - ENCARGOS COMPLEMENTARES) | C28: =IF(OR(H28="SINAPI",H28="SINAPI-I"),IFERROR(VLOOKUP(I28,'SINAPI-comp'!$B:$H,3,0),VLOOKUP(I28,'SINAPI-insumo'!$B:$H,3,0))) -> MES | D28: =D27 -> 4 | F28: =IFERROR(VLOOKUP(I28,'SINAPI-comp'!$B:$H,4,0)-G28,0) -> 0 | G28: =IF(OR(H28="SINAPI",H28="SINAPI-I"),IFERROR(VLOOKUP(I28,'SINAPI-comp'!$B:$H,7,0),VLOOKUP(I28,'SINAPI-insumo'!$B:$H,7,0))) -> 304 | H28: SINAPI-I | I28: 40862 | J28: =TRUNC($D28*F28,4) -> 0 | K28: =TRUNC($D28*G28,4) -> 1216
A29: 2.4 | B29: =IF(OR(H29="SINAPI",H29="SINAPI-I"),IFERROR(VLOOKUP(I29,'SINAPI-comp'!$B:$H,2,0),VLOOKUP(I29,'SINAPI-insumo'!$B:$H,2,0))) -> EPI - FAMILIA SERVENTE - MENSALISTA (ENCARGOS COMPLEMENTARES - COLETADO CAIXA) | C29: =IF(OR(H29="SINAPI",H29="SINAPI-I"),IFERROR(VLOOKUP(I29,'SINAPI-comp'!$B:$H,3,0),VLOOKUP(I29,'SINAPI-insumo'!$B:$H,3,0))) -> MES | D29: =D27 -> 4 | F29: =IFERROR(VLOOKUP(I29,'SINAPI-comp'!$B:$H,4,0)-G29,0) -> 0 | G29: =IF(OR(H29="SINAPI",H29="SINAPI-I"),IFERROR(VLOOKUP(I29,'SINAPI-comp'!$B:$H,7,0),VLOOKUP(I29,'SINAPI-insumo'!$B:$H,7,0))) -> 284.18 | H29: SINAPI-I | I29: 43503 | J29: =TRUNC($D29*F29,4) -> 0 | K29: =TRUNC($D29*G29,4) -> 1136.72
A30: 2.5 | B30: =IF(OR(H30="SINAPI",H30="SINAPI-I"),IFERROR(VLOOKUP(I30,'SINAPI-comp'!$B:$H,2,0),VLOOKUP(I30,'SINAPI-insumo'!$B:$H,2,0))) -> EXAMES - MENSALISTA (COLETADO CAIXA - ENCARGOS COMPLEMENTARES) | C30: =IF(OR(H30="SINAPI",H30="SINAPI-I"),IFERROR(VLOOKUP(I30,'SINAPI-comp'!$B:$H,3,0),VLOOKUP(I30,'SINAPI-insumo'!$B:$H,3,0))) -> MES | D30: =D27 -> 4 | F30: =IFERROR(VLOOKUP(I30,'SINAPI-comp'!$B:$H,4,0)-G30,0) -> 0 | G30: =IF(OR(H30="SINAPI",H30="SINAPI-I"),IFERROR(VLOOKUP(I30,'SINAPI-comp'!$B:$H,7,0),VLOOKUP(I30,'SINAPI-insumo'!$B:$H,7,0))) -> 227.2 | H30: SINAPI-I | I30: 40863 | J30: =TRUNC($D30*F30,4) -> 0 | K30: =TRUNC($D30*G30,4) -> 908.8
A31: 2.6 | B31: =IF(OR(H31="SINAPI",H31="SINAPI-I"),IFERROR(VLOOKUP(I31,'SINAPI-comp'!$B:$H,2,0),VLOOKUP(I31,'SINAPI-insumo'!$B:$H,2,0))) -> FERRAMENTAS - FAMILIA SERVENTE - MENSALISTA (ENCARGOS COMPLEMENTARES - COLETADO CAIXA) | C31: =IF(OR(H31="SINAPI",H31="SINAPI-I"),IFERROR(VLOOKUP(I31,'SINAPI-comp'!$B:$H,3,0),VLOOKUP(I31,'SINAPI-insumo'!$B:$H,3,0))) -> MES | D31: =D27 -> 4 | F31: =IFERROR(VLOOKUP(I31,'SINAPI-comp'!$B:$H,4,0)-G31,0) -> 0 | G31: =IF(OR(H31="SINAPI",H31="SINAPI-I"),IFERROR(VLOOKUP(I31,'SINAPI-comp'!$B:$H,7,0),VLOOKUP(I31,'SINAPI-insumo'!$B:$H,7,0))) -> 96.38 | H31: SINAPI-I | I31: 43479 | J31: =TRUNC($D31*F31,4) -> 0 | K31: =TRUNC($D31*G31,4) -> 385.52
A32: 2.7 | B32: =IF(OR(H32="SINAPI",H32="SINAPI-I"),IFERROR(VLOOKUP(I32,'SINAPI-comp'!$B:$H,2,0),VLOOKUP(I32,'SINAPI-insumo'!$B:$H,2,0))) -> SEGURO - MENSALISTA (COLETADO CAIXA - ENCARGOS COMPLEMENTARES) | C32: =IF(OR(H32="SINAPI",H32="SINAPI-I"),IFERROR(VLOOKUP(I32,'SINAPI-comp'!$B:$H,3,0),VLOOKUP(I32,'SINAPI-insumo'!$B:$H,3,0))) -> MES | D32: =D27 -> 4 | F32: =IFERROR(VLOOKUP(I32,'SINAPI-comp'!$B:$H,4,0)-G32,0) -> 0 | G32: =IF(OR(H32="SINAPI",H32="SINAPI-I"),IFERROR(VLOOKUP(I32,'SINAPI-comp'!$B:$H,7,0),VLOOKUP(I32,'SINAPI-insumo'!$B:$H,7,0))) -> 18.28 | H32: SINAPI-I | I32: 40864 | J32: =TRUNC($D32*F32,4) -> 0 | K32: =TRUNC($D32*G32,4) -> 73.12
A33: 2.8 | B33: =IF(OR(H33="SINAPI",H33="SINAPI-I"),IFERROR(VLOOKUP(I33,'SINAPI-comp'!$B:$H,2,0),VLOOKUP(I33,'SINAPI-insumo'!$B:$H,2,0))) -> TRANSPORTE - MENSALISTA (COLETADO CAIXA - ENCARGOS COMPLEMENTARES) | C33: =IF(OR(H33="SINAPI",H33="SINAPI-I"),IFERROR(VLOOKUP(I33,'SINAPI-comp'!$B:$H,3,0),VLOOKUP(I33,'SINAPI-insumo'!$B:$H,3,0))) -> MES | D33: =D27 -> 4 | F33: =IFERROR(VLOOKUP(I33,'SINAPI-comp'!$B:$H,4,0)-G33,0) -> 0 | G33: =IF(OR(H33="SINAPI",H33="SINAPI-I"),IFERROR(VLOOKUP(I33,'SINAPI-comp'!$B:$H,7,0),VLOOKUP(I33,'SINAPI-insumo'!$B:$H,7,0))) -> 170.05 | H33: SINAPI-I | I33: 40861 | J33: =TRUNC($D33*F33,4) -> 0 | K33: =TRUNC($D33*G33,4) -> 680.2
A36: CÓDIGO: | B36: DESCRIÇÃO: | H36: UNIDADE: | J36: CUSTO TOTAL (MO): | K36: CUSTO TOTAL (MAT+EQ):
A37: CCU 03 | B37: PROJETO AS BUILT (1.550m2 DE ÁREA CONSTRUÍDA) | H37: UN | J37: =TRUNC(SUM(J39:J39),2) -> 1588.41 | K37: =TRUNC(SUM(K39:K39),2) -> 0
A38: ITEM | B38: DESCRIÇÃO | C38: UNID. | D38: COEF. | E38: REFERENCIAL COEF. | F38: CUSTO UNITARIO (MO) | G38: CUSTO UNITARIO (MAT+EQ) | H38: REFERENCIAL CUSTO | J38: CUSTO TOTAL (MO) | K38: CUSTO TOTAL (MAT+EQ)
A39: 1 | B39: =IF(H39="SINAPI",IFERROR(VLOOKUP(I39,'SINAPI-comp'!$B:$H,2,0),VLOOKUP(I39,'SINAPI-insumo'!$B:$H,2,0))) -> DESENHISTA PROJETISTA COM ENCARGOS COMPLEMENTARES | C39: =IF(H39="SINAPI",IFERROR(VLOOKUP(I39,'SINAPI-comp'!$B:$H,3,0),VLOOKUP(I39,'SINAPI-insumo'!$B:$H,3,0))) -> H | D39: =TRUNC(37,4) -> 37 | E39: CEHOP faixa minima | F39: =IFERROR(VLOOKUP(I39,'SINAPI-comp'!$B:$H,4,0)-G39,0) -> 42.93 | G39: =IF(H39="SINAPI",IFERROR(VLOOKUP(I39,'SINAPI-comp'!$B:$H,7,0),VLOOKUP(I39,'SINAPI-insumo'!$B:$H,7,0))) -> 0 | H39: SINAPI | I39: 90775 | J39: =TRUNC($D39*F39,4) -> 1588.41 | K39: =TRUNC($D39*G39,4) -> 0
A42: CÓDIGO: | B42: DESCRIÇÃO: | H42: UNIDADE: | J42: CUSTO TOTAL (MO): | K42: CUSTO TOTAL (MAT+EQ):
A43: CCU 04 | B43: CADASTRO DE REDES (210m DE REDE DE DRENAGEM) | H43: UN | J43: =TRUNC(SUM(J45:J45),2) -> 1588.41 | K43: =TRUNC(SUM(K45:K45),2) -> 0
A44: ITEM | B44: DESCRIÇÃO | C44: UNID. | D44: COEF. | E44: REFERENCIAL COEF. | F44: CUSTO UNITARIO (MO) | G44: CUSTO UNITARIO (MAT+EQ) | H44: REFERENCIAL CUSTO | J44: CUSTO TOTAL (MO) | K44: CUSTO TOTAL (MAT+EQ)
A45: 1 | B45: =IF(H45="SINAPI",IFERROR(VLOOKUP(I45,'SINAPI-comp'!$B:$H,2,0),VLOOKUP(I45,'SINAPI-insumo'!$B:$H,2,0))) -> DESENHISTA PROJETISTA COM ENCARGOS COMPLEMENTARES | C45: =IF(H45="SINAPI",IFERROR(VLOOKUP(I45,'SINAPI-comp'!$B:$H,3,0),VLOOKUP(I45,'SINAPI-insumo'!$B:$H,3,0))) -> H | D45: =TRUNC(37,4) -> 37 | E45: CEHOP faixa minima | F45: =IFERROR(VLOOKUP(I45,'SINAPI-comp'!$B:$H,4,0)-G45,0) -> 42.93 | G45: =IF(H45="SINAPI",IFERROR(VLOOKUP(I45,'SINAPI-comp'!$B:$H,7,0),VLOOKUP(I45,'SINAPI-insumo'!$B:$H,7,0))) -> 0 | H45: SINAPI | I45: 90775 | J45: =TRUNC($D45*F45,4) -> 1588.41 | K45: =TRUNC($D45*G45,4) -> 0
A48: CÓDIGO: | B48: DESCRIÇÃO: | H48: UNIDADE: | J48: CUSTO TOTAL (MO): | K48: CUSTO TOTAL (MAT+EQ):
A49: CCU 05 | B49: SERVIÇO DE LOCAÇÃO/TOPOGRAFIA (115M PAVIMENTO E 210M REDE DRENAGEM) | H49: UN | J49: =TRUNC(SUM(J51:J54),2) -> 4620.16 | K49: =TRUNC(SUM(K51:K54),2) -> 228.13
A50: ITEM | B50: DESCRIÇÃO | C50: UNID. | D50: COEF. | E50: REFERENCIAL COEF. | F50: CUSTO UNITARIO (MO) | G50: CUSTO UNITARIO (MAT+EQ) | H50: REFERENCIAL CUSTO | J50: CUSTO TOTAL (MO) | K50: CUSTO TOTAL (MAT+EQ)
A51: 1 | B51: =IF(OR(H51="SINAPI",H51="SINAPI-I"),IFERROR(VLOOKUP(I51,'SINAPI-comp'!$B:$H,2,0),VLOOKUP(I51,'SINAPI-insumo'!$B:$H,2,0))) -> SARRAFO NAO APARELHADO *2,5 X 7* CM, EM MACARANDUBA/MASSARANDUBA, ANGELIM, PEROBA-ROSA OU EQUIVALENTE DA REGIAO - BRUTA | C51: =IF(OR(H51="SINAPI",H51="SINAPI-I"),IFERROR(VLOOKUP(I51,'SINAPI-comp'!$B:$H,3,0),VLOOKUP(I51,'SINAPI-insumo'!$B:$H,3,0))) -> M | D51: =((115+210)/20)*0.4 -> 6.5 | E51: 115m de pavimento + 210m redes; baliza cada 20m com h=40cm | F51: =IFERROR(VLOOKUP(I51,'SINAPI-comp'!$B:$H,4,0)-G51,0) -> 0 | G51: =IF(OR(H51="SINAPI",H51="SINAPI-I"),IFERROR(VLOOKUP(I51,'SINAPI-comp'!$B:$H,7,0),VLOOKUP(I51,'SINAPI-insumo'!$B:$H,7,0))) -> 7.43 | H51: SINAPI-I | I51: 4417 | J51: =TRUNC($D51*F51,4) -> 0 | K51: =TRUNC($D51*G51,4) -> 48.295
A52: 2 | B52: =IF(OR(H52="SINAPI",H52="SINAPI-I"),IFERROR(VLOOKUP(I52,'SINAPI-comp'!$B:$H,2,0),VLOOKUP(I52,'SINAPI-insumo'!$B:$H,2,0))) -> LOCACAO DE TEODOLITO ELETRONICO, PRECISAO ANGULAR DE 5 A 7 SEGUNDOS, INCLUINDO TRIPE | C52: =IF(OR(H52="SINAPI",H52="SINAPI-I"),IFERROR(VLOOKUP(I52,'SINAPI-comp'!$B:$H,3,0),VLOOKUP(I52,'SINAPI-insumo'!$B:$H,3,0))) -> H | D52: =D54 -> 64 | F52: =IFERROR(VLOOKUP(I52,'SINAPI-comp'!$B:$H,4,0)-G52,0) -> 0 | G52: =IF(OR(H52="SINAPI",H52="SINAPI-I"),IFERROR(VLOOKUP(I52,'SINAPI-comp'!$B:$H,7,0),VLOOKUP(I52,'SINAPI-insumo'!$B:$H,7,0))) -> 2.81 | H52: SINAPI-I | I52: 7247 | J52: =TRUNC($D52*F52,4) -> 0 | K52: =TRUNC($D52*G52,4) -> 179.84
A53: 3 | B53: =IF(H53="SINAPI",IFERROR(VLOOKUP(I53,'SINAPI-comp'!$B:$H,2,0),VLOOKUP(I53,'SINAPI-insumo'!$B:$H,2,0))) -> AUXILIAR DE TOPÓGRAFO COM ENCARGOS COMPLEMENTARES | C53: =IF(H53="SINAPI",IFERROR(VLOOKUP(I53,'SINAPI-comp'!$B:$H,3,0),VLOOKUP(I53,'SINAPI-insumo'!$B:$H,3,0))) -> H | D53: =D54 -> 64 | F53: =IFERROR(VLOOKUP(I53,'SINAPI-comp'!$B:$H,4,0)-G53,0) -> 24.37 | G53: =IF(H53="SINAPI",IFERROR(VLOOKUP(I53,'SINAPI-comp'!$B:$H,7,0),VLOOKUP(I53,'SINAPI-insumo'!$B:$H,7,0))) -> 0 | H53: SINAPI | I53: 88253 | J53: =TRUNC($D53*F53,4) -> 1559.68 | K53: =TRUNC($D53*G53,4) -> 0
A54: 4 | B54: =IF(H54="SINAPI",IFERROR(VLOOKUP(I54,'SINAPI-comp'!$B:$H,2,0),VLOOKUP(I54,'SINAPI-insumo'!$B:$H,2,0))) -> TOPOGRAFO COM ENCARGOS COMPLEMENTARES | C54: =IF(H54="SINAPI",IFERROR(VLOOKUP(I54,'SINAPI-comp'!$B:$H,3,0),VLOOKUP(I54,'SINAPI-insumo'!$B:$H,3,0))) -> H | D54: =8*2*I9 -> 64 | E54: 8h/dia; 1x cada 2 semanas | F54: =IFERROR(VLOOKUP(I54,'SINAPI-comp'!$B:$H,4,0)-G54,0) -> 47.82 | G54: =IF(H54="SINAPI",IFERROR(VLOOKUP(I54,'SINAPI-comp'!$B:$H,7,0),VLOOKUP(I54,'SINAPI-insumo'!$B:$H,7,0))) -> 0 | H54: SINAPI | I54: 90781 | J54: =TRUNC($D54*F54,4) -> 3060.48 | K54: =TRUNC($D54*G54,4) -> 0
A57: CÓDIGO: | B57: DESCRIÇÃO: | H57: UNIDADE: | J57: CUSTO TOTAL (MO): | K57: CUSTO TOTAL (MAT+EQ):
A58: CCU 06 | B58: MOBILIZAÇÃO EQUIPAMENTOS AUTOPROPELIDOS E LEVES | H58: UN | J58: =TRUNC(SUM(J60:J83),2) -> 525.71 | K58: =TRUNC(SUM(K60:K83),2) -> 2904.58
A59: ITEM | B59: DESCRIÇÃO | C59: UNID. | D59: COEF. | E59: REFERENCIAL COEF. | F59: CUSTO UNITARIO (MO) | G59: CUSTO UNITARIO (MAT+EQ) | H59: REFERENCIAL CUSTO | J59: CUSTO TOTAL (MO) | K59: CUSTO TOTAL (MAT+EQ)
B60: Equipamento Autopropelido
A61: 1 | B61: =IF(H61="SINAPI",IFERROR(VLOOKUP(I61,'SINAPI-comp'!$B:$H,2,0),VLOOKUP(I61,'SINAPI-insumo'!$B:$H,2,0))) -> CAMINHÃO PIPA 10.000 L TRUCADO, PESO BRUTO TOTAL 23.000 KG, CARGA ÚTIL MÁXIMA 15.935 KG, DISTÂNCIA ENTRE EIXOS 4,8 M, POTÊNCIA 230 CV, INCLUSIVE TANQUE DE AÇO PARA TRANSPORTE DE ÁGUA - CHP DIURNO. AF_06/2014 | C61: =IF(H61="SINAPI",IFERROR(VLOOKUP(I61,'SINAPI-comp'!$B:$H,3,0),VLOOKUP(I61,'SINAPI-insumo'!$B:$H,3,0))) -> CHP | D61: 1 | F61: =IFERROR(VLOOKUP(I61,'SINAPI-comp'!$B:$H,4,0)-G61,0) -> 28.27 | G61: =IF(H61="SINAPI",IFERROR(VLOOKUP(I61,'SINAPI-comp'!$B:$H,7,0),VLOOKUP(I61,'SINAPI-insumo'!$B:$H,7,0))) -> 318.12 | H61: SINAPI | I61: 5901 | J61: =TRUNC($D61*F61,4) -> 28.27 | K61: =TRUNC($D61*G61,4) -> 318.12
A62: 2 | B62: =IF(H62="SINAPI",IFERROR(VLOOKUP(I62,'SINAPI-comp'!$B:$H,2,0),VLOOKUP(I62,'SINAPI-insumo'!$B:$H,2,0))) -> CAMINHÃO BASCULANTE 10 M3, TRUCADO CABINE SIMPLES, PESO BRUTO TOTAL 23.000 KG, CARGA ÚTIL MÁXIMA 15.935 KG, DISTÂNCIA ENTRE EIXOS 4,80 M, POTÊNCIA 230 CV INCLUSIVE CAÇAMBA METÁLICA - CHP DIURNO. AF_06/2014 | C62: =IF(H62="SINAPI",IFERROR(VLOOKUP(I62,'SINAPI-comp'!$B:$H,3,0),VLOOKUP(I62,'SINAPI-insumo'!$B:$H,3,0))) -> CHP | D62: 1 | F62: =IFERROR(VLOOKUP(I62,'SINAPI-comp'!$B:$H,4,0)-G62,0) -> 29.15 | G62: =IF(H62="SINAPI",IFERROR(VLOOKUP(I62,'SINAPI-comp'!$B:$H,7,0),VLOOKUP(I62,'SINAPI-insumo'!$B:$H,7,0))) -> 267.02 | H62: SINAPI | I62: 91386 | J62: =TRUNC($D62*F62,4) -> 29.15 | K62: =TRUNC($D62*G62,4) -> 267.02
A63: 3 | B63: =IF(H63="SINAPI",IFERROR(VLOOKUP(I63,'SINAPI-comp'!$B:$H,2,0),VLOOKUP(I63,'SINAPI-insumo'!$B:$H,2,0))) -> CAMINHÃO DE TRANSPORTE DE MATERIAL ASFÁLTICO 30.000 L, COM CAVALO MECÂNICO DE CAPACIDADE MÁXIMA DE TRAÇÃO COMBINADO DE 66.000 KG, POTÊNCIA 360 CV, INCLUSIVE TANQUE DE ASFALTO COM SERPENTINA - CHP DIURNO. AF_08/2015 | C63: =IF(H63="SINAPI",IFERROR(VLOOKUP(I63,'SINAPI-comp'!$B:$H,3,0),VLOOKUP(I63,'SINAPI-insumo'!$B:$H,3,0))) -> CHP | D63: 1 | F63: =IFERROR(VLOOKUP(I63,'SINAPI-comp'!$B:$H,4,0)-G63,0) -> 33.85 | G63: =IF(H63="SINAPI",IFERROR(VLOOKUP(I63,'SINAPI-comp'!$B:$H,7,0),VLOOKUP(I63,'SINAPI-insumo'!$B:$H,7,0))) -> 472.07 | H63: SINAPI | I63: 91645 | J63: =TRUNC($D63*F63,4) -> 33.85 | K63: =TRUNC($D63*G63,4) -> 472.07
A64: 4 | B64: =IF(H64="SINAPI",IFERROR(VLOOKUP(I64,'SINAPI-comp'!$B:$H,2,0),VLOOKUP(I64,'SINAPI-insumo'!$B:$H,2,0))) -> GUINDAUTO HIDRÁULICO, CAPACIDADE MÁXIMA DE CARGA 6200 KG, MOMENTO MÁXIMO DE CARGA 11,7 TM, ALCANCE MÁXIMO HORIZONTAL 9,70 M, INCLUSIVE CAMINHÃO TOCO PBT 16.000 KG, POTÊNCIA DE 189 CV - CHP DIURNO. AF_06/2014 | C64: =IF(H64="SINAPI",IFERROR(VLOOKUP(I64,'SINAPI-comp'!$B:$H,3,0),VLOOKUP(I64,'SINAPI-insumo'!$B:$H,3,0))) -> CHP | D64: 1 | F64: =IFERROR(VLOOKUP(I64,'SINAPI-comp'!$B:$H,4,0)-G64,0) -> 33.28 | G64: =IF(H64="SINAPI",IFERROR(VLOOKUP(I64,'SINAPI-comp'!$B:$H,7,0),VLOOKUP(I64,'SINAPI-insumo'!$B:$H,7,0))) -> 268.13 | H64: SINAPI | I64: 5928 | J64: =TRUNC($D64*F64,4) -> 33.28 | K64: =TRUNC($D64*G64,4) -> 268.13
A65: 5 | B65: =IF(H65="SINAPI",IFERROR(VLOOKUP(I65,'SINAPI-comp'!$B:$H,2,0),VLOOKUP(I65,'SINAPI-insumo'!$B:$H,2,0))) -> ESCAVADEIRA HIDRÁULICA SOBRE ESTEIRAS, CAÇAMBA 0,80 M3, PESO OPERACIONAL 17 T, POTENCIA BRUTA 111 HP - CHP DIURNO. AF_06/2014 | C65: =IF(H65="SINAPI",IFERROR(VLOOKUP(I65,'SINAPI-comp'!$B:$H,3,0),VLOOKUP(I65,'SINAPI-insumo'!$B:$H,3,0))) -> CHP | D65: 1 | F65: =IFERROR(VLOOKUP(I65,'SINAPI-comp'!$B:$H,4,0)-G65,0) -> 33.64 | G65: =IF(H65="SINAPI",IFERROR(VLOOKUP(I65,'SINAPI-comp'!$B:$H,7,0),VLOOKUP(I65,'SINAPI-insumo'!$B:$H,7,0))) -> 184.2 | H65: SINAPI | I65: 5631 | J65: =TRUNC($D65*F65,4) -> 33.64 | K65: =TRUNC($D65*G65,4) -> 184.2
A66: 6 | B66: =IF(H66="SINAPI",IFERROR(VLOOKUP(I66,'SINAPI-comp'!$B:$H,2,0),VLOOKUP(I66,'SINAPI-insumo'!$B:$H,2,0))) -> TRATOR DE PNEUS, POTÊNCIA 85 CV, TRAÇÃO 4X4, PESO COM LASTRO DE 4.675 KG - CHP DIURNO. AF_06/2014 | C66: =IF(H66="SINAPI",IFERROR(VLOOKUP(I66,'SINAPI-comp'!$B:$H,3,0),VLOOKUP(I66,'SINAPI-insumo'!$B:$H,3,0))) -> CHP | D66: 1 | F66: =IFERROR(VLOOKUP(I66,'SINAPI-comp'!$B:$H,4,0)-G66,0) -> 35.74 | G66: =IF(H66="SINAPI",IFERROR(VLOOKUP(I66,'SINAPI-comp'!$B:$H,7,0),VLOOKUP(I66,'SINAPI-insumo'!$B:$H,7,0))) -> 105.32 | H66: SINAPI | I66: 89035 | J66: =TRUNC($D66*F66,4) -> 35.74 | K66: =TRUNC($D66*G66,4) -> 105.32
A67: 7 | B67: =IF(H67="SINAPI",IFERROR(VLOOKUP(I67,'SINAPI-comp'!$B:$H,2,0),VLOOKUP(I67,'SINAPI-insumo'!$B:$H,2,0))) -> PÁ CARREGADEIRA SOBRE RODAS, POTÊNCIA LÍQUIDA 128 HP, CAPACIDADE DA CAÇAMBA 1,7 A 2,8 M3, PESO OPERACIONAL 11632 KG - CHP DIURNO. AF_06/2014 | C67: =IF(H67="SINAPI",IFERROR(VLOOKUP(I67,'SINAPI-comp'!$B:$H,3,0),VLOOKUP(I67,'SINAPI-insumo'!$B:$H,3,0))) -> CHP | D67: 1 | F67: =IFERROR(VLOOKUP(I67,'SINAPI-comp'!$B:$H,4,0)-G67,0) -> 36.53 | G67: =IF(H67="SINAPI",IFERROR(VLOOKUP(I67,'SINAPI-comp'!$B:$H,7,0),VLOOKUP(I67,'SINAPI-insumo'!$B:$H,7,0))) -> 147.83 | H67: SINAPI | I67: 5940 | J67: =TRUNC($D67*F67,4) -> 36.53 | K67: =TRUNC($D67*G67,4) -> 147.83
A68: 8 | B68: =IF(H68="SINAPI",IFERROR(VLOOKUP(I68,'SINAPI-comp'!$B:$H,2,0),VLOOKUP(I68,'SINAPI-insumo'!$B:$H,2,0))) -> RETROESCAVADEIRA SOBRE RODAS COM CARREGADEIRA, TRAÇÃO 4X4, POTÊNCIA LÍQ. 88 HP, CAÇAMBA CARREG. CAP. MÍN. 1 M3, CAÇAMBA RETRO CAP. 0,26 M3, PESO OPERACIONAL MÍN. 6.674 KG, PROFUNDIDADE ESCAVAÇÃO MÁX. 4,37 M - CHP DIURNO. AF_06/2014 | C68: =IF(H68="SINAPI",IFERROR(VLOOKUP(I68,'SINAPI-comp'!$B:$H,3,0),VLOOKUP(I68,'SINAPI-insumo'!$B:$H,3,0))) -> CHP | D68: 1 | F68: =IFERROR(VLOOKUP(I68,'SINAPI-comp'!$B:$H,4,0)-G68,0) -> 33.64 | G68: =IF(H68="SINAPI",IFERROR(VLOOKUP(I68,'SINAPI-comp'!$B:$H,7,0),VLOOKUP(I68,'SINAPI-insumo'!$B:$H,7,0))) -> 119.93 | H68: SINAPI | I68: 5678 | J68: =TRUNC($D68*F68,4) -> 33.64 | K68: =TRUNC($D68*G68,4) -> 119.93
B69: Equipamentos Pesado
A70: 9 | B70: =IF(H70="SINAPI",IFERROR(VLOOKUP(I70,'SINAPI-comp'!$B:$H,2,0),VLOOKUP(I70,'SINAPI-insumo'!$B:$H,2,0))) -> ESPARGIDOR DE ASFALTO PRESSURIZADO, TANQUE 6 M3 COM ISOLAÇÃO TÉRMICA, AQUECIDO COM 2 MAÇARICOS, COM BARRA ESPARGIDORA 3,60 M, MONTADO SOBRE CAMINHÃO TOCO, PBT 14.300 KG, POTÊNCIA 185 CV - CHI DIURNO. AF_05/2023 | C70: =IF(H70="SINAPI",IFERROR(VLOOKUP(I70,'SINAPI-comp'!$B:$H,3,0),VLOOKUP(I70,'SINAPI-insumo'!$B:$H,3,0))) -> CHI | D70: 1 | F70: =IFERROR(VLOOKUP(I70,'SINAPI-comp'!$B:$H,4,0)-G70,0) -> 28.25 | G70: =IF(H70="SINAPI",IFERROR(VLOOKUP(I70,'SINAPI-comp'!$B:$H,7,0),VLOOKUP(I70,'SINAPI-insumo'!$B:$H,7,0))) -> 45.52 | H70: SINAPI | I70: 91486 | J70: =TRUNC($D70*F70,4) -> 28.25 | K70: =TRUNC($D70*G70,4) -> 45.52
A71: 10 | B71: =IF(H71="SINAPI",IFERROR(VLOOKUP(I71,'SINAPI-comp'!$B:$H,2,0),VLOOKUP(I71,'SINAPI-insumo'!$B:$H,2,0))) -> ROLO COMPACTADOR VIBRATÓRIO DE UM CILINDRO AÇO LISO, POTÊNCIA 80 HP, PESO OPERACIONAL MÁXIMO 8,1 T, IMPACTO DINÂMICO 16,15 / 9,5 T, LARGURA DE TRABALHO 1,68 M - CHI DIURNO. AF_06/2014 | C71: =IF(H71="SINAPI",IFERROR(VLOOKUP(I71,'SINAPI-comp'!$B:$H,3,0),VLOOKUP(I71,'SINAPI-insumo'!$B:$H,3,0))) -> CHI | D71: 1 | F71: =IFERROR(VLOOKUP(I71,'SINAPI-comp'!$B:$H,4,0)-G71,0) -> 30.81 | G71: =IF(H71="SINAPI",IFERROR(VLOOKUP(I71,'SINAPI-comp'!$B:$H,7,0),VLOOKUP(I71,'SINAPI-insumo'!$B:$H,7,0))) -> 38.44 | H71: SINAPI | I71: 5685 | J71: =TRUNC($D71*F71,4) -> 30.81 | K71: =TRUNC($D71*G71,4) -> 38.44
A72: 11 | B72: =IF(H72="SINAPI",IFERROR(VLOOKUP(I72,'SINAPI-comp'!$B:$H,2,0),VLOOKUP(I72,'SINAPI-insumo'!$B:$H,2,0))) -> ROLO COMPACTADOR VIBRATÓRIO PÉ DE CARNEIRO PARA SOLOS, POTÊNCIA 80 HP, PESO OPERACIONAL SEM/COM LASTRO 7,4 / 8,8 T, LARGURA DE TRABALHO 1,68 M - CHI DIURNO. AF_02/2016 | C72: =IF(H72="SINAPI",IFERROR(VLOOKUP(I72,'SINAPI-comp'!$B:$H,3,0),VLOOKUP(I72,'SINAPI-insumo'!$B:$H,3,0))) -> CHI | D72: 1 | F72: =IFERROR(VLOOKUP(I72,'SINAPI-comp'!$B:$H,4,0)-G72,0) -> 30.8 | G72: =IF(H72="SINAPI",IFERROR(VLOOKUP(I72,'SINAPI-comp'!$B:$H,7,0),VLOOKUP(I72,'SINAPI-insumo'!$B:$H,7,0))) -> 40.03 | H72: SINAPI | I72: 93244 | J72: =TRUNC($D72*F72,4) -> 30.8 | K72: =TRUNC($D72*G72,4) -> 40.03
A73: 12 | B73: =VLOOKUP(I73,tabelas!$A:$L,4,0) -> CAMINHÃO PLATAFORMA 8 X 4, PBT 29.000 KG E DISTÂNCIA ENTRE EIXOS 4,6 M - 210 KW - MOTORISTA DE CAMINHÃO | C73: =VLOOKUP(I73,tabelas!$A:$L,5,0) -> CHP | D73: =D72+D71 -> 2 | F73: 0 | G73: =VLOOKUP($I73,tabelas!$A:$L,12,0) -> 335.5 | H73: COTACAO | I73: TAB 03.02 | J73: =TRUNC($D73*F73,4) -> 0 | K73: =TRUNC($D73*G73,4) -> 671
A74: 13 | B74: =IF(H74="SINAPI",IFERROR(VLOOKUP(I74,'SINAPI-comp'!$B:$H,2,0),VLOOKUP(I74,'SINAPI-insumo'!$B:$H,2,0))) -> SERVENTE COM ENCARGOS COMPLEMENTARES | C74: =IF(H74="SINAPI",IFERROR(VLOOKUP(I74,'SINAPI-comp'!$B:$H,3,0),VLOOKUP(I74,'SINAPI-insumo'!$B:$H,3,0))) -> H | D74: =D73 -> 2 | E74: auxilio nas manobras e carga/descarga | F74: =IFERROR(VLOOKUP(I74,'SINAPI-comp'!$B:$H,4,0)-G74,0) -> 25.81 | G74: =IF(H74="SINAPI",IFERROR(VLOOKUP(I74,'SINAPI-comp'!$B:$H,7,0),VLOOKUP(I74,'SINAPI-insumo'!$B:$H,7,0))) -> 0 | H74: SINAPI | I74: 88316 | J74: =TRUNC($D74*F74,4) -> 51.62 | K74: =TRUNC($D74*G74,4) -> 0
B75: Equipamentos Leve
A76: 14 | B76: =IF(H76="SINAPI",IFERROR(VLOOKUP(I76,'SINAPI-comp'!$B:$H,2,0),VLOOKUP(I76,'SINAPI-insumo'!$B:$H,2,0))) -> CAMINHÃO TOCO, PBT 16.000 KG, CARGA ÚTIL MÁX. 10.685 KG, DIST. ENTRE EIXOS 4,8 M, POTÊNCIA 189 CV, INCLUSIVE CARROCERIA FIXA ABERTA DE MADEIRA P/ TRANSPORTE GERAL DE CARGA SECA, DIMEN. APROX. 2,5 X 7,00 X 0,50 M - CHP DIURNO. AF_06/2014 | C76: =IF(H76="SINAPI",IFERROR(VLOOKUP(I76,'SINAPI-comp'!$B:$H,3,0),VLOOKUP(I76,'SINAPI-insumo'!$B:$H,3,0))) -> CHP | D76: 1 | F76: =IFERROR(VLOOKUP(I76,'SINAPI-comp'!$B:$H,4,0)-G76,0) -> 28.25 | G76: =IF(H76="SINAPI",IFERROR(VLOOKUP(I76,'SINAPI-comp'!$B:$H,7,0),VLOOKUP(I76,'SINAPI-insumo'!$B:$H,7,0))) -> 208.69 | H76: SINAPI | I76: 5824 | J76: =TRUNC($D76*F76,4) -> 28.25 | K76: =TRUNC($D76*G76,4) -> 208.69
A77: 15 | B77: =IF(H77="SINAPI",IFERROR(VLOOKUP(I77,'SINAPI-comp'!$B:$H,2,0),VLOOKUP(I77,'SINAPI-insumo'!$B:$H,2,0))) -> SERVENTE COM ENCARGOS COMPLEMENTARES | C77: =IF(H77="SINAPI",IFERROR(VLOOKUP(I77,'SINAPI-comp'!$B:$H,3,0),VLOOKUP(I77,'SINAPI-insumo'!$B:$H,3,0))) -> H | D77: =D76 -> 1 | E77: auxilio nas manobras e carga/descarga | F77: =IFERROR(VLOOKUP(I77,'SINAPI-comp'!$B:$H,4,0)-G77,0) -> 25.81 | G77: =IF(H77="SINAPI",IFERROR(VLOOKUP(I77,'SINAPI-comp'!$B:$H,7,0),VLOOKUP(I77,'SINAPI-insumo'!$B:$H,7,0))) -> 0 | H77: SINAPI | I77: 88316 | J77: =TRUNC($D77*F77,4) -> 25.81 | K77: =TRUNC($D77*G77,4) -> 0
A78: 16 | B78: =IF(OR(H78="SINAPI",H78="SINAPI-I"),IFERROR(VLOOKUP(I78,'SINAPI-comp'!$B:$H,2,0),VLOOKUP(I78,'SINAPI-insumo'!$B:$H,2,0))) -> VASSOURA MECÂNICA REBOCÁVEL COM ESCOVA CILÍNDRICA, LARGURA ÚTIL DE VARRIMENTO DE 2,44 M - CHI DIURNO. AF_06/2014 | C78: =IF(OR(H78="SINAPI",H78="SINAPI-I"),IFERROR(VLOOKUP(I78,'SINAPI-comp'!$B:$H,3,0),VLOOKUP(I78,'SINAPI-insumo'!$B:$H,3,0))) -> CHI | D78: 1 | F78: =IFERROR(VLOOKUP(I78,'SINAPI-comp'!$B:$H,4,0)-G78,0) -> 0 | G78: =IF(OR(H78="SINAPI",H78="SINAPI-I"),IFERROR(VLOOKUP(I78,'SINAPI-comp'!$B:$H,7,0),VLOOKUP(I78,'SINAPI-insumo'!$B:$H,7,0))) -> 6.12 | H78: SINAPI-I | I78: 5841 | J78: =TRUNC($D78*F78,4) -> 0 | K78: =TRUNC($D78*G78,4) -> 6.12
A79: 17 | B79: =IF(H79="SINAPI",IFERROR(VLOOKUP(I79,'SINAPI-comp'!$B:$H,2,0),VLOOKUP(I79,'SINAPI-insumo'!$B:$H,2,0))) -> COMPACTADOR DE SOLOS DE PERCUSSÃO (SOQUETE) COM MOTOR A GASOLINA 4 TEMPOS, POTÊNCIA 4 CV - CHI DIURNO. AF_08/2015 | C79: =IF(H79="SINAPI",IFERROR(VLOOKUP(I79,'SINAPI-comp'!$B:$H,3,0),VLOOKUP(I79,'SINAPI-insumo'!$B:$H,3,0))) -> CHI | D79: 1 | F79: =IFERROR(VLOOKUP(I79,'SINAPI-comp'!$B:$H,4,0)-G79,0) -> 35.73 | G79: =IF(H79="SINAPI",IFERROR(VLOOKUP(I79,'SINAPI-comp'!$B:$H,7,0),VLOOKUP(I79,'SINAPI-insumo'!$B:$H,7,0))) -> 1.28 | H79: SINAPI | I79: 91534 | J79: =TRUNC($D79*F79,4) -> 35.73 | K79: =TRUNC($D79*G79,4) -> 1.28
A80: 18 | B80: =IF(H80="SINAPI",IFERROR(VLOOKUP(I80,'SINAPI-comp'!$B:$H,2,0),VLOOKUP(I80,'SINAPI-insumo'!$B:$H,2,0))) -> COMPRESSOR DE AR REBOCÁVEL, VAZÃO 89 PCM, PRESSÃO EFETIVA DE TRABALHO 102 PSI, MOTOR DIESEL, POTÊNCIA 20 CV - CHI DIURNO. AF_06/2015 | C80: =IF(H80="SINAPI",IFERROR(VLOOKUP(I80,'SINAPI-comp'!$B:$H,3,0),VLOOKUP(I80,'SINAPI-insumo'!$B:$H,3,0))) -> CHI | D80: 1 | F80: =IFERROR(VLOOKUP(I80,'SINAPI-comp'!$B:$H,4,0)-G80,0) -> 0 | G80: =IF(H80="SINAPI",IFERROR(VLOOKUP(I80,'SINAPI-comp'!$B:$H,7,0),VLOOKUP(I80,'SINAPI-insumo'!$B:$H,7,0))) -> 8.9 | H80: SINAPI | I80: 90965 | J80: =TRUNC($D80*F80,4) -> 0 | K80: =TRUNC($D80*G80,4) -> 8.9
A81: 19 | B81: =IF(H81="SINAPI",IFERROR(VLOOKUP(I81,'SINAPI-comp'!$B:$H,2,0),VLOOKUP(I81,'SINAPI-insumo'!$B:$H,2,0))) -> MARTELETE OU ROMPEDOR PNEUMÁTICO MANUAL, 28 KG, COM SILENCIADOR - CHI DIURNO. AF_07/2016 | C81: =IF(H81="SINAPI",IFERROR(VLOOKUP(I81,'SINAPI-comp'!$B:$H,3,0),VLOOKUP(I81,'SINAPI-insumo'!$B:$H,3,0))) -> CHI | D81: 1 | F81: =IFERROR(VLOOKUP(I81,'SINAPI-comp'!$B:$H,4,0)-G81,0) -> 30.34 | G81: =IF(H81="SINAPI",IFERROR(VLOOKUP(I81,'SINAPI-comp'!$B:$H,7,0),VLOOKUP(I81,'SINAPI-insumo'!$B:$H,7,0))) -> 0.55 | H81: SINAPI | I81: 5952 | J81: =TRUNC($D81*F81,4) -> 30.34 | K81: =TRUNC($D81*G81,4) -> 0.55
A82: 20 | B82: =IF(H82="SINAPI",IFERROR(VLOOKUP(I82,'SINAPI-comp'!$B:$H,2,0),VLOOKUP(I82,'SINAPI-insumo'!$B:$H,2,0))) -> CORTADORA DE PISO COM MOTOR 4 TEMPOS A GASOLINA, POTÊNCIA DE 13 HP, COM DISCO DE CORTE DIAMANTADO SEGMENTADO PARA CONCRETO, DIÂMETRO DE 350 MM, FURO DE 1" (14 X 1") - CHI DIURNO. AF_08/2015 | C82: =IF(H82="SINAPI",IFERROR(VLOOKUP(I82,'SINAPI-comp'!$B:$H,3,0),VLOOKUP(I82,'SINAPI-insumo'!$B:$H,3,0))) -> CHI | D82: 1 | F82: =IFERROR(VLOOKUP(I82,'SINAPI-comp'!$B:$H,4,0)-G82,0) -> 0 | G82: =IF(H82="SINAPI",IFERROR(VLOOKUP(I82,'SINAPI-comp'!$B:$H,7,0),VLOOKUP(I82,'SINAPI-insumo'!$B:$H,7,0))) -> 0.57 | H82: SINAPI | I82: 91285 | J82: =TRUNC($D82*F82,4) -> 0 | K82: =TRUNC($D82*G82,4) -> 0.57
A83: 21 | B83: =IF(H83="SINAPI",IFERROR(VLOOKUP(I83,'SINAPI-comp'!$B:$H,2,0),VLOOKUP(I83,'SINAPI-insumo'!$B:$H,2,0))) -> PLACA VIBRATÓRIA REVERSÍVEL COM MOTOR 4 TEMPOS A GASOLINA, FORÇA CENTRÍFUGA DE 25 KN (2500 KGF), POTÊNCIA 5,5 CV - CHI DIURNO. AF_08/2015 | C83: =IF(H83="SINAPI",IFERROR(VLOOKUP(I83,'SINAPI-comp'!$B:$H,3,0),VLOOKUP(I83,'SINAPI-insumo'!$B:$H,3,0))) -> CHI | D83: 1 | F83: =IFERROR(VLOOKUP(I83,'SINAPI-comp'!$B:$H,4,0)-G83,0) -> 0 | G83: =IF(H83="SINAPI",IFERROR(VLOOKUP(I83,'SINAPI-comp'!$B:$H,7,0),VLOOKUP(I83,'SINAPI-insumo'!$B:$H,7,0))) -> 0.86 | H83: SINAPI | I83: 91278 | J83: =TRUNC($D83*F83,4) -> 0 | K83: =TRUNC($D83*G83,4) -> 0.86
A86: CÓDIGO: | B86: DESCRIÇÃO: | H86: UNIDADE: | J86: CUSTO TOTAL (MO): | K86: CUSTO TOTAL (MAT+EQ):
A87: CCU 07 | B87: DESMOBILIZAÇÃO EQUIPAMENTOS AUTOPROPELIDOS E LEVES | H87: UN | J87: =TRUNC(SUM(J89:J112),2) -> 525.71 | K87: =TRUNC(SUM(K89:K112),2) -> 2904.58
A88: ITEM | B88: DESCRIÇÃO | C88: UNID. | D88: COEF. | E88: REFERENCIAL COEF. | F88: CUSTO UNITARIO (MO) | G88: CUSTO UNITARIO (MAT+EQ) | H88: REFERENCIAL CUSTO | J88: CUSTO TOTAL (MO) | K88: CUSTO TOTAL (MAT+EQ)
B89: Equipamento Autopropelido
A90: 1 | B90: =IF(H90="SINAPI",IFERROR(VLOOKUP(I90,'SINAPI-comp'!$B:$H,2,0),VLOOKUP(I90,'SINAPI-insumo'!$B:$H,2,0))) -> CAMINHÃO PIPA 10.000 L TRUCADO, PESO BRUTO TOTAL 23.000 KG, CARGA ÚTIL MÁXIMA 15.935 KG, DISTÂNCIA ENTRE EIXOS 4,8 M, POTÊNCIA 230 CV, INCLUSIVE TANQUE DE AÇO PARA TRANSPORTE DE ÁGUA - CHP DIURNO. AF_06/2014 | C90: =IF(H90="SINAPI",IFERROR(VLOOKUP(I90,'SINAPI-comp'!$B:$H,3,0),VLOOKUP(I90,'SINAPI-insumo'!$B:$H,3,0))) -> CHP | D90: 1 | F90: =IFERROR(VLOOKUP(I90,'SINAPI-comp'!$B:$H,4,0)-G90,0) -> 28.27 | G90: =IF(H90="SINAPI",IFERROR(VLOOKUP(I90,'SINAPI-comp'!$B:$H,7,0),VLOOKUP(I90,'SINAPI-insumo'!$B:$H,7,0))) -> 318.12 | H90: SINAPI | I90: 5901 | J90: =TRUNC($D90*F90,4) -> 28.27 | K90: =TRUNC($D90*G90,4) -> 318.12
A91: 2 | B91: =IF(H91="SINAPI",IFERROR(VLOOKUP(I91,'SINAPI-comp'!$B:$H,2,0),VLOOKUP(I91,'SINAPI-insumo'!$B:$H,2,0))) -> CAMINHÃO BASCULANTE 10 M3, TRUCADO CABINE SIMPLES, PESO BRUTO TOTAL 23.000 KG, CARGA ÚTIL MÁXIMA 15.935 KG, DISTÂNCIA ENTRE EIXOS 4,80 M, POTÊNCIA 230 CV INCLUSIVE CAÇAMBA METÁLICA - CHP DIURNO. AF_06/2014 | C91: =IF(H91="SINAPI",IFERROR(VLOOKUP(I91,'SINAPI-comp'!$B:$H,3,0),VLOOKUP(I91,'SINAPI-insumo'!$B:$H,3,0))) -> CHP | D91: 1 | F91: =IFERROR(VLOOKUP(I91,'SINAPI-comp'!$B:$H,4,0)-G91,0) -> 29.15 | G91: =IF(H91="SINAPI",IFERROR(VLOOKUP(I91,'SINAPI-comp'!$B:$H,7,0),VLOOKUP(I91,'SINAPI-insumo'!$B:$H,7,0))) -> 267.02 | H91: SINAPI | I91: 91386 | J91: =TRUNC($D91*F91,4) -> 29.15 | K91: =TRUNC($D91*G91,4) -> 267.02
A92: 3 | B92: =IF(H92="SINAPI",IFERROR(VLOOKUP(I92,'SINAPI-comp'!$B:$H,2,0),VLOOKUP(I92,'SINAPI-insumo'!$B:$H,2,0))) -> CAMINHÃO DE TRANSPORTE DE MATERIAL ASFÁLTICO 30.000 L, COM CAVALO MECÂNICO DE CAPACIDADE MÁXIMA DE TRAÇÃO COMBINADO DE 66.000 KG, POTÊNCIA 360 CV, INCLUSIVE TANQUE DE ASFALTO COM SERPENTINA - CHP DIURNO. AF_08/2015 | C92: =IF(H92="SINAPI",IFERROR(VLOOKUP(I92,'SINAPI-comp'!$B:$H,3,0),VLOOKUP(I92,'SINAPI-insumo'!$B:$H,3,0))) -> CHP | D92: 1 | F92: =IFERROR(VLOOKUP(I92,'SINAPI-comp'!$B:$H,4,0)-G92,0) -> 33.85 | G92: =IF(H92="SINAPI",IFERROR(VLOOKUP(I92,'SINAPI-comp'!$B:$H,7,0),VLOOKUP(I92,'SINAPI-insumo'!$B:$H,7,0))) -> 472.07 | H92: SINAPI | I92: 91645 | J92: =TRUNC($D92*F92,4) -> 33.85 | K92: =TRUNC($D92*G92,4) -> 472.07
A93: 4 | B93: =IF(H93="SINAPI",IFERROR(VLOOKUP(I93,'SINAPI-comp'!$B:$H,2,0),VLOOKUP(I93,'SINAPI-insumo'!$B:$H,2,0))) -> GUINDAUTO HIDRÁULICO, CAPACIDADE MÁXIMA DE CARGA 6200 KG, MOMENTO MÁXIMO DE CARGA 11,7 TM, ALCANCE MÁXIMO HORIZONTAL 9,70 M, INCLUSIVE CAMINHÃO TOCO PBT 16.000 KG, POTÊNCIA DE 189 CV - CHP DIURNO. AF_06/2014 | C93: =IF(H93="SINAPI",IFERROR(VLOOKUP(I93,'SINAPI-comp'!$B:$H,3,0),VLOOKUP(I93,'SINAPI-insumo'!$B:$H,3,0))) -> CHP | D93: 1 | F93: =IFERROR(VLOOKUP(I93,'SINAPI-comp'!$B:$H,4,0)-G93,0) -> 33.28 | G93: =IF(H93="SINAPI",IFERROR(VLOOKUP(I93,'SINAPI-comp'!$B:$H,7,0),VLOOKUP(I93,'SINAPI-insumo'!$B:$H,7,0))) -> 268.13 | H93: SINAPI | I93: 5928 | J93: =TRUNC($D93*F93,4) -> 33.28 | K93: =TRUNC($D93*G93,4) -> 268.13
A94: 5 | B94: =IF(H94="SINAPI",IFERROR(VLOOKUP(I94,'SINAPI-comp'!$B:$H,2,0),VLOOKUP(I94,'SINAPI-insumo'!$B:$H,2,0))) -> ESCAVADEIRA HIDRÁULICA SOBRE ESTEIRAS, CAÇAMBA 0,80 M3, PESO OPERACIONAL 17 T, POTENCIA BRUTA 111 HP - CHP DIURNO. AF_06/2014 | C94: =IF(H94="SINAPI",IFERROR(VLOOKUP(I94,'SINAPI-comp'!$B:$H,3,0),VLOOKUP(I94,'SINAPI-insumo'!$B:$H,3,0))) -> CHP | D94: 1 | F94: =IFERROR(VLOOKUP(I94,'SINAPI-comp'!$B:$H,4,0)-G94,0) -> 33.64 | G94: =IF(H94="SINAPI",IFERROR(VLOOKUP(I94,'SINAPI-comp'!$B:$H,7,0),VLOOKUP(I94,'SINAPI-insumo'!$B:$H,7,0))) -> 184.2 | H94: SINAPI | I94: 5631 | J94: =TRUNC($D94*F94,4) -> 33.64 | K94: =TRUNC($D94*G94,4) -> 184.2
A95: 6 | B95: =IF(H95="SINAPI",IFERROR(VLOOKUP(I95,'SINAPI-comp'!$B:$H,2,0),VLOOKUP(I95,'SINAPI-insumo'!$B:$H,2,0))) -> TRATOR DE PNEUS, POTÊNCIA 85 CV, TRAÇÃO 4X4, PESO COM LASTRO DE 4.675 KG - CHP DIURNO. AF_06/2014 | C95: =IF(H95="SINAPI",IFERROR(VLOOKUP(I95,'SINAPI-comp'!$B:$H,3,0),VLOOKUP(I95,'SINAPI-insumo'!$B:$H,3,0))) -> CHP | D95: 1 | F95: =IFERROR(VLOOKUP(I95,'SINAPI-comp'!$B:$H,4,0)-G95,0) -> 35.74 | G95: =IF(H95="SINAPI",IFERROR(VLOOKUP(I95,'SINAPI-comp'!$B:$H,7,0),VLOOKUP(I95,'SINAPI-insumo'!$B:$H,7,0))) -> 105.32 | H95: SINAPI | I95: 89035 | J95: =TRUNC($D95*F95,4) -> 35.74 | K95: =TRUNC($D95*G95,4) -> 105.32
A96: 7 | B96: =IF(H96="SINAPI",IFERROR(VLOOKUP(I96,'SINAPI-comp'!$B:$H,2,0),VLOOKUP(I96,'SINAPI-insumo'!$B:$H,2,0))) -> PÁ CARREGADEIRA SOBRE RODAS, POTÊNCIA LÍQUIDA 128 HP, CAPACIDADE DA CAÇAMBA 1,7 A 2,8 M3, PESO OPERACIONAL 11632 KG - CHP DIURNO. AF_06/2014 | C96: =IF(H96="SINAPI",IFERROR(VLOOKUP(I96,'SINAPI-comp'!$B:$H,3,0),VLOOKUP(I96,'SINAPI-insumo'!$B:$H,3,0))) -> CHP | D96: 1 | F96: =IFERROR(VLOOKUP(I96,'SINAPI-comp'!$B:$H,4,0)-G96,0) -> 36.53 | G96: =IF(H96="SINAPI",IFERROR(VLOOKUP(I96,'SINAPI-comp'!$B:$H,7,0),VLOOKUP(I96,'SINAPI-insumo'!$B:$H,7,0))) -> 147.83 | H96: SINAPI | I96: 5940 | J96: =TRUNC($D96*F96,4) -> 36.53 | K96: =TRUNC($D96*G96,4) -> 147.83
A97: 8 | B97: =IF(H97="SINAPI",IFERROR(VLOOKUP(I97,'SINAPI-comp'!$B:$H,2,0),VLOOKUP(I97,'SINAPI-insumo'!$B:$H,2,0))) -> RETROESCAVADEIRA SOBRE RODAS COM CARREGADEIRA, TRAÇÃO 4X4, POTÊNCIA LÍQ. 88 HP, CAÇAMBA CARREG. CAP. MÍN. 1 M3, CAÇAMBA RETRO CAP. 0,26 M3, PESO OPERACIONAL MÍN. 6.674 KG, PROFUNDIDADE ESCAVAÇÃO MÁX. 4,37 M - CHP DIURNO. AF_06/2014 | C97: =IF(H97="SINAPI",IFERROR(VLOOKUP(I97,'SINAPI-comp'!$B:$H,3,0),VLOOKUP(I97,'SINAPI-insumo'!$B:$H,3,0))) -> CHP | D97: 1 | F97: =IFERROR(VLOOKUP(I97,'SINAPI-comp'!$B:$H,4,0)-G97,0) -> 33.64 | G97: =IF(H97="SINAPI",IFERROR(VLOOKUP(I97,'SINAPI-comp'!$B:$H,7,0),VLOOKUP(I97,'SINAPI-insumo'!$B:$H,7,0))) -> 119.93 | H97: SINAPI | I97: 5678 | J97: =TRUNC($D97*F97,4) -> 33.64 | K97: =TRUNC($D97*G97,4) -> 119.93
B98: Equipamentos Pesado
A99: 9 | B99: =IF(H99="SINAPI",IFERROR(VLOOKUP(I99,'SINAPI-comp'!$B:$H,2,0),VLOOKUP(I99,'SINAPI-insumo'!$B:$H,2,0))) -> ESPARGIDOR DE ASFALTO PRESSURIZADO, TANQUE 6 M3 COM ISOLAÇÃO TÉRMICA, AQUECIDO COM 2 MAÇARICOS, COM BARRA ESPARGIDORA 3,60 M, MONTADO SOBRE CAMINHÃO TOCO, PBT 14.300 KG, POTÊNCIA 185 CV - CHI DIURNO. AF_05/2023 | C99: =IF(H99="SINAPI",IFERROR(VLOOKUP(I99,'SINAPI-comp'!$B:$H,3,0),VLOOKUP(I99,'SINAPI-insumo'!$B:$H,3,0))) -> CHI | D99: 1 | F99: =IFERROR(VLOOKUP(I99,'SINAPI-comp'!$B:$H,4,0)-G99,0) -> 28.25 | G99: =IF(H99="SINAPI",IFERROR(VLOOKUP(I99,'SINAPI-comp'!$B:$H,7,0),VLOOKUP(I99,'SINAPI-insumo'!$B:$H,7,0))) -> 45.52 | H99: SINAPI | I99: 91486 | J99: =TRUNC($D99*F99,4) -> 28.25 | K99: =TRUNC($D99*G99,4) -> 45.52
A100: 10 | B100: =IF(H100="SINAPI",IFERROR(VLOOKUP(I100,'SINAPI-comp'!$B:$H,2,0),VLOOKUP(I100,'SINAPI-insumo'!$B:$H,2,0))) -> ROLO COMPACTADOR VIBRATÓRIO DE UM CILINDRO AÇO LISO, POTÊNCIA 80 HP, PESO OPERACIONAL MÁXIMO 8,1 T, IMPACTO DINÂMICO 16,15 / 9,5 T, LARGURA DE TRABALHO 1,68 M - CHI DIURNO. AF_06/2014 | C100: =IF(H100="SINAPI",IFERROR(VLOOKUP(I100,'SINAPI-comp'!$B:$H,3,0),VLOOKUP(I100,'SINAPI-insumo'!$B:$H,3,0))) -> CHI | D100: 1 | F100: =IFERROR(VLOOKUP(I100,'SINAPI-comp'!$B:$H,4,0)-G100,0) -> 30.81 | G100: =IF(H100="SINAPI",IFERROR(VLOOKUP(I100,'SINAPI-comp'!$B:$H,7,0),VLOOKUP(I100,'SINAPI-insumo'!$B:$H,7,0))) -> 38.44 | H100: SINAPI | I100: 5685 | J100: =TRUNC($D100*F100,4) -> 30.81 | K100: =TRUNC($D100*G100,4) -> 38.44
A101: 11 | B101: =IF(H101="SINAPI",IFERROR(VLOOKUP(I101,'SINAPI-comp'!$B:$H,2,0),VLOOKUP(I101,'SINAPI-insumo'!$B:$H,2,0))) -> ROLO COMPACTADOR VIBRATÓRIO PÉ DE CARNEIRO PARA SOLOS, POTÊNCIA 80 HP, PESO OPERACIONAL SEM/COM LASTRO 7,4 / 8,8 T, LARGURA DE TRABALHO 1,68 M - CHI DIURNO. AF_02/2016 | C101: =IF(H101="SINAPI",IFERROR(VLOOKUP(I101,'SINAPI-comp'!$B:$H,3,0),VLOOKUP(I101,'SINAPI-insumo'!$B:$H,3,0))) -> CHI | D101: 1 | F101: =IFERROR(VLOOKUP(I101,'SINAPI-comp'!$B:$H,4,0)-G101,0) -> 30.8 | G101: =IF(H101="SINAPI",IFERROR(VLOOKUP(I101,'SINAPI-comp'!$B:$H,7,0),VLOOKUP(I101,'SINAPI-insumo'!$B:$H,7,0))) -> 40.03 | H101: SINAPI | I101: 93244 | J101: =TRUNC($D101*F101,4) -> 30.8 | K101: =TRUNC($D101*G101,4) -> 40.03
A102: 12 | B102: =VLOOKUP(I102,tabelas!$A:$L,4,0) -> CAMINHÃO PLATAFORMA 8 X 4, PBT 29.000 KG E DISTÂNCIA ENTRE EIXOS 4,6 M - 210 KW - MOTORISTA DE CAMINHÃO | C102: =VLOOKUP(I102,tabelas!$A:$L,5,0) -> CHP | D102: =D101+D100 -> 2 | F102: 0 | G102: =VLOOKUP($I102,tabelas!$A:$L,12,0) -> 335.5 | H102: COTACAO | I102: TAB 03.02 | J102: =TRUNC($D102*F102,4) -> 0 | K102: =TRUNC($D102*G102,4) -> 671
A103: 13 | B103: =IF(H103="SINAPI",IFERROR(VLOOKUP(I103,'SINAPI-comp'!$B:$H,2,0),VLOOKUP(I103,'SINAPI-insumo'!$B:$H,2,0))) -> SERVENTE COM ENCARGOS COMPLEMENTARES | C103: =IF(H103="SINAPI",IFERROR(VLOOKUP(I103,'SINAPI-comp'!$B:$H,3,0),VLOOKUP(I103,'SINAPI-insumo'!$B:$H,3,0))) -> H | D103: =D102 -> 2 | E103: auxilio nas manobras e carga/descarga | F103: =IFERROR(VLOOKUP(I103,'SINAPI-comp'!$B:$H,4,0)-G103,0) -> 25.81 | G103: =IF(H103="SINAPI",IFERROR(VLOOKUP(I103,'SINAPI-comp'!$B:$H,7,0),VLOOKUP(I103,'SINAPI-insumo'!$B:$H,7,0))) -> 0 | H103: SINAPI | I103: 88316 | J103: =TRUNC($D103*F103,4) -> 51.62 | K103: =TRUNC($D103*G103,4) -> 0
B104: Equipamentos Leve
A105: 14 | B105: =IF(H105="SINAPI",IFERROR(VLOOKUP(I105,'SINAPI-comp'!$B:$H,2,0),VLOOKUP(I105,'SINAPI-insumo'!$B:$H,2,0))) -> CAMINHÃO TOCO, PBT 16.000 KG, CARGA ÚTIL MÁX. 10.685 KG, DIST. ENTRE EIXOS 4,8 M, POTÊNCIA 189 CV, INCLUSIVE CARROCERIA FIXA ABERTA DE MADEIRA P/ TRANSPORTE GERAL DE CARGA SECA, DIMEN. APROX. 2,5 X 7,00 X 0,50 M - CHP DIURNO. AF_06/2014 | C105: =IF(H105="SINAPI",IFERROR(VLOOKUP(I105,'SINAPI-comp'!$B:$H,3,0),VLOOKUP(I105,'SINAPI-insumo'!$B:$H,3,0))) -> CHP | D105: 1 | F105: =IFERROR(VLOOKUP(I105,'SINAPI-comp'!$B:$H,4,0)-G105,0) -> 28.25 | G105: =IF(H105="SINAPI",IFERROR(VLOOKUP(I105,'SINAPI-comp'!$B:$H,7,0),VLOOKUP(I105,'SINAPI-insumo'!$B:$H,7,0))) -> 208.69 | H105: SINAPI | I105: 5824 | J105: =TRUNC($D105*F105,4) -> 28.25 | K105: =TRUNC($D105*G105,4) -> 208.69
A106: 15 | B106: =IF(H106="SINAPI",IFERROR(VLOOKUP(I106,'SINAPI-comp'!$B:$H,2,0),VLOOKUP(I106,'SINAPI-insumo'!$B:$H,2,0))) -> SERVENTE COM ENCARGOS COMPLEMENTARES | C106: =IF(H106="SINAPI",IFERROR(VLOOKUP(I106,'SINAPI-comp'!$B:$H,3,0),VLOOKUP(I106,'SINAPI-insumo'!$B:$H,3,0))) -> H | D106: =D105 -> 1 | E106: auxilio nas manobras e carga/descarga | F106: =IFERROR(VLOOKUP(I106,'SINAPI-comp'!$B:$H,4,0)-G106,0) -> 25.81 | G106: =IF(H106="SINAPI",IFERROR(VLOOKUP(I106,'SINAPI-comp'!$B:$H,7,0),VLOOKUP(I106,'SINAPI-insumo'!$B:$H,7,0))) -> 0 | H106: SINAPI | I106: 88316 | J106: =TRUNC($D106*F106,4) -> 25.81 | K106: =TRUNC($D106*G106,4) -> 0
A107: 16 | B107: =IF(OR(H107="SINAPI",H107="SINAPI-I"),IFERROR(VLOOKUP(I107,'SINAPI-comp'!$B:$H,2,0),VLOOKUP(I107,'SINAPI-insumo'!$B:$H,2,0))) -> VASSOURA MECÂNICA REBOCÁVEL COM ESCOVA CILÍNDRICA, LARGURA ÚTIL DE VARRIMENTO DE 2,44 M - CHI DIURNO. AF_06/2014 | C107: =IF(OR(H107="SINAPI",H107="SINAPI-I"),IFERROR(VLOOKUP(I107,'SINAPI-comp'!$B:$H,3,0),VLOOKUP(I107,'SINAPI-insumo'!$B:$H,3,0))) -> CHI | D107: 1 | F107: =IFERROR(VLOOKUP(I107,'SINAPI-comp'!$B:$H,4,0)-G107,0) -> 0 | G107: =IF(OR(H107="SINAPI",H107="SINAPI-I"),IFERROR(VLOOKUP(I107,'SINAPI-comp'!$B:$H,7,0),VLOOKUP(I107,'SINAPI-insumo'!$B:$H,7,0))) -> 6.12 | H107: SINAPI-I | I107: 5841 | J107: =TRUNC($D107*F107,4) -> 0 | K107: =TRUNC($D107*G107,4) -> 6.12
A108: 17 | B108: =IF(H108="SINAPI",IFERROR(VLOOKUP(I108,'SINAPI-comp'!$B:$H,2,0),VLOOKUP(I108,'SINAPI-insumo'!$B:$H,2,0))) -> COMPACTADOR DE SOLOS DE PERCUSSÃO (SOQUETE) COM MOTOR A GASOLINA 4 TEMPOS, POTÊNCIA 4 CV - CHI DIURNO. AF_08/2015 | C108: =IF(H108="SINAPI",IFERROR(VLOOKUP(I108,'SINAPI-comp'!$B:$H,3,0),VLOOKUP(I108,'SINAPI-insumo'!$B:$H,3,0))) -> CHI | D108: 1 | F108: =IFERROR(VLOOKUP(I108,'SINAPI-comp'!$B:$H,4,0)-G108,0) -> 35.73 | G108: =IF(H108="SINAPI",IFERROR(VLOOKUP(I108,'SINAPI-comp'!$B:$H,7,0),VLOOKUP(I108,'SINAPI-insumo'!$B:$H,7,0))) -> 1.28 | H108: SINAPI | I108: 91534 | J108: =TRUNC($D108*F108,4) -> 35.73 | K108: =TRUNC($D108*G108,4) -> 1.28
A109: 18 | B109: =IF(H109="SINAPI",IFERROR(VLOOKUP(I109,'SINAPI-comp'!$B:$H,2,0),VLOOKUP(I109,'SINAPI-insumo'!$B:$H,2,0))) -> COMPRESSOR DE AR REBOCÁVEL, VAZÃO 89 PCM, PRESSÃO EFETIVA DE TRABALHO 102 PSI, MOTOR DIESEL, POTÊNCIA 20 CV - CHI DIURNO. AF_06/2015 | C109: =IF(H109="SINAPI",IFERROR(VLOOKUP(I109,'SINAPI-comp'!$B:$H,3,0),VLOOKUP(I109,'SINAPI-insumo'!$B:$H,3,0))) -> CHI | D109: 1 | F109: =IFERROR(VLOOKUP(I109,'SINAPI-comp'!$B:$H,4,0)-G109,0) -> 0 | G109: =IF(H109="SINAPI",IFERROR(VLOOKUP(I109,'SINAPI-comp'!$B:$H,7,0),VLOOKUP(I109,'SINAPI-insumo'!$B:$H,7,0))) -> 8.9 | H109: SINAPI | I109: 90965 | J109: =TRUNC($D109*F109,4) -> 0 | K109: =TRUNC($D109*G109,4) -> 8.9
A110: 19 | B110: =IF(H110="SINAPI",IFERROR(VLOOKUP(I110,'SINAPI-comp'!$B:$H,2,0),VLOOKUP(I110,'SINAPI-insumo'!$B:$H,2,0))) -> MARTELETE OU ROMPEDOR PNEUMÁTICO MANUAL, 28 KG, COM SILENCIADOR - CHI DIURNO. AF_07/2016 | C110: =IF(H110="SINAPI",IFERROR(VLOOKUP(I110,'SINAPI-comp'!$B:$H,3,0),VLOOKUP(I110,'SINAPI-insumo'!$B:$H,3,0))) -> CHI | D110: 1 | F110: =IFERROR(VLOOKUP(I110,'SINAPI-comp'!$B:$H,4,0)-G110,0) -> 30.34 | G110: =IF(H110="SINAPI",IFERROR(VLOOKUP(I110,'SINAPI-comp'!$B:$H,7,0),VLOOKUP(I110,'SINAPI-insumo'!$B:$H,7,0))) -> 0.55 | H110: SINAPI | I110: 5952 | J110: =TRUNC($D110*F110,4) -> 30.34 | K110: =TRUNC($D110*G110,4) -> 0.55
A111: 20 | B111: =IF(H111="SINAPI",IFERROR(VLOOKUP(I111,'SINAPI-comp'!$B:$H,2,0),VLOOKUP(I111,'SINAPI-insumo'!$B:$H,2,0))) -> CORTADORA DE PISO COM MOTOR 4 TEMPOS A GASOLINA, POTÊNCIA DE 13 HP, COM DISCO DE CORTE DIAMANTADO SEGMENTADO PARA CONCRETO, DIÂMETRO DE 350 MM, FURO DE 1" (14 X 1") - CHI DIURNO. AF_08/2015 | C111: =IF(H111="SINAPI",IFERROR(VLOOKUP(I111,'SINAPI-comp'!$B:$H,3,0),VLOOKUP(I111,'SINAPI-insumo'!$B:$H,3,0))) -> CHI | D111: 1 | F111: =IFERROR(VLOOKUP(I111,'SINAPI-comp'!$B:$H,4,0)-G111,0) -> 0 | G111: =IF(H111="SINAPI",IFERROR(VLOOKUP(I111,'SINAPI-comp'!$B:$H,7,0),VLOOKUP(I111,'SINAPI-insumo'!$B:$H,7,0))) -> 0.57 | H111: SINAPI | I111: 91285 | J111: =TRUNC($D111*F111,4) -> 0 | K111: =TRUNC($D111*G111,4) -> 0.57
A112: 21 | B112: =IF(H112="SINAPI",IFERROR(VLOOKUP(I112,'SINAPI-comp'!$B:$H,2,0),VLOOKUP(I112,'SINAPI-insumo'!$B:$H,2,0))) -> PLACA VIBRATÓRIA REVERSÍVEL COM MOTOR 4 TEMPOS A GASOLINA, FORÇA CENTRÍFUGA DE 25 KN (2500 KGF), POTÊNCIA 5,5 CV - CHI DIURNO. AF_08/2015 | C112: =IF(H112="SINAPI",IFERROR(VLOOKUP(I112,'SINAPI-comp'!$B:$H,3,0),VLOOKUP(I112,'SINAPI-insumo'!$B:$H,3,0))) -> CHI | D112: 1 | F112: =IFERROR(VLOOKUP(I112,'SINAPI-comp'!$B:$H,4,0)-G112,0) -> 0 | G112: =IF(H112="SINAPI",IFERROR(VLOOKUP(I112,'SINAPI-comp'!$B:$H,7,0),VLOOKUP(I112,'SINAPI-insumo'!$B:$H,7,0))) -> 0.86 | H112: SINAPI | I112: 91278 | J112: =TRUNC($D112*F112,4) -> 0 | K112: =TRUNC($D112*G112,4) -> 0.86
A115: CÓDIGO: | B115: DESCRIÇÃO: | H115: UNIDADE: | J115: CUSTO TOTAL (MO): | K115: CUSTO TOTAL (MAT+EQ):
A116: CCU 08.a | B116: ENSAIO DE ÍNDICE SUPORTE CALIFORNIA | H116: UN | J116: =TRUNC(SUM(J118:J120),2) -> 258.17 | K116: =TRUNC(SUM(K118:K120),2) -> 50.46
...

Sheet tabelas
B1: PREFEITURA MUNICIPAL DE PORTO ALEGRE
B2: =dados!B2 -> SECRETARIA MUNICIPAL DE OBRAS E INFRAESTRUTURA
B3: ="Objeto: "&dados!B3 -> Objeto: Execução de Obras de Pavimentação e Redes de Drenagem na Rua Giruá
B4: ="Endereço: "&dados!B4 -> Endereço: Rua Giruá, Vila Panorama, Lomba Pinheiro, Porto Alegre, RS
B6: TABELAS PÚBLICAS
A8: CÓDIGO | B8: FONTE | C8: CÓDIGO | D8: DESCRIÇÃO | E8: UNID. | F8: DATA ORIGEM | G8: CUSTO ORIGEM | I8: REAJUSTE PARA: | J8: =dados!B9 -> 46204 | L8: CUSTO ATUAL
H9: Índice | I9: i0 | J9: i1 | K9: %
A10: TAB 01 | B10: CREA RS | C10: acima de R$15mil | D10: DOCUMENTO DE RESPONSABILIDADE TÉCNICA | E10: UN | F10: 46023 | G10: 285.59 | L10: =G10 -> 285.59
A11: TAB 02 | B11: SINAPI RS (*) | F11: =J8 -> 46204
A13: TAB 03.01 | B13: SICRO RS | C13: M0048 | D13: BALIZADOR CÔNICO REFLETIVO EM POLIETILENO SEMIFLEXÍVEL - H = 114 CM E BASE OCTOGONAL DE D = 40 CM | E13: UN | F13: 46113 | G13: 181.2176 | L13: =TRUNC(G13*(1+K13),2) -> 181.21
A14: TAB 03.02 | B14: SICRO RS | C14: A9316 | D14: CAMINHÃO PLATAFORMA 8 X 4, PBT 29.000 KG E DISTÂNCIA ENTRE EIXOS 4,6 M - 210 KW - MOTORISTA DE CAMINHÃO | E14: CHP | F14: 46113 | G14: 335.5085 | L14: =TRUNC(G14*(1+K14),2) -> 335.5
A15: TAB 03.03 | B15: SICRO RS | C15: E9689 | D15: USINA DE ASFALTO A QUENTE GRAVIMÉTRICA COM CAPACIDADE DE 100/140 T/H - 260 KW | E15: CHP | F15: 46113 | G15: 1901.2323 | L15: =TRUNC(G15*(1+K15),2) -> 1901.23
A16: TAB 03.04 | B16: SICRO RS | C16: E9559 | D16: AQUECEDOR DE FLUIDO TÉRMICO - 12 KW | E16: CHP | F16: 46113 | G16: 169.1768 | L16: =TRUNC(G16*(1+K16),2) -> 169.17
A17: TAB 03.05 | B17: SICRO RS | C17: M1941 | D17: ÓLEO TIPO A1 | E17: L | F17: 46113 | G17: 7.3473 | L17: =TRUNC(G17*(1+K17),2) -> 7.34
A18: TAB 03.06 | B18: SICRO RS | C18: E9093 | D18: VEÍCULO LEVE - 53 KW (SEM MOTORISTA) | E18: CHP | F18: 46113 | G18: 37.6421 | L18: =TRUNC(G18*(1+K18),2) -> 37.64
A19: TAB 03.07 | B19: SICRO CONSULTORIA | C19: B8957 | D19: Laboratório de solos | E19: MES | F19: 46113 | G19: 3882.01 | L19: =TRUNC(G19*(1+K19),2) -> 3882.01
A20: TAB 03.08 | B20: SICRO CONSULTORIA | C20: B8955 | D20: Laboratório de asfalto | E20: MES | F20: 46113 | G20: 5749.9 | L20: =TRUNC(G20*(1+K20),2) -> 5749.9
A21: TAB 03.09 | B21: SICRO CONSULTORIA | C21: B8956 | D21: Laboratório de concreto | E21: MES | F21: 46113 | G21: 5016.59 | L21: =TRUNC(G21*(1+K21),2) -> 5016.59
A23: TAB 04.01 | B23: Pref. POA | C23: PE 132/2025, item 26 (anexo ao lado) | D23: TAXA PARA BOTA FORA | E23: M3 | F23: 46232 | G23: 9.83 | L23: =TRUNC(G23*(1+K23),4) -> 9.83
A24: TAB 04.02 | B24: Pref. POA | C24: PE 540/2025, item 9 (anexo ao lado) | D24: LOCAÇÃO DE BANHEIRO QUÍMICO INDIVIDUAL, INCLUSO TRANSPORTE, LIMPEZA E REPOSIÇÃO DE PAPEL HIGIENICO | E24: MES | F24: 46119 | G24: 1590 | L24: =TRUNC(G24*(1+K24),2) -> 1590
A26: TAB 05.01 | B26: ANP (**) | C26: RR-1C | D26: EMULSÃO ASFALTICA TIPO RR-1C, INCLUSO PIS, COFINS E ICMS | E26: T | F26: 46143 | G26: =TRUNC((3.08141935508307)/(1-($E$39+$E$38))*1000,2) -> 4086.76 | L26: =TRUNC(G26*(1+K26),4) -> 4086.76
A27: TAB 05.02 | B27: ANP (**) | C27: CAP-50-70 | D27: CIMENTOS ASFÁLTICOS CAP-50-70, INCLUSO PIS, COFINS E ICMS | E27: T | F27: 46143 | G27: =TRUNC((4.32161411382218)/(1-($E$39+$E$38))*1000,4) -> 5731.5837 | L27: =TRUNC(G27*(1+K27),2) -> 5731.58
A28: TAB 05.03 | B28: DNIT | C28: Port. 1078/2015 DNIT | D28: TRANSPORTE DE CAP (Distribuidora de derivado de petróleo ate Pavimentadora) | E28: T | F28: 46143 | G28: =DMT!E29 -> 78.91 | L28: =TRUNC(G28*(1+K28),2) -> 78.91
A29: TAB 05.04 | B29: DNIT | C29: Port. 1078/2015 DNIT | D29: TRANSPORTE DE EMULSAO ASFALTICA (Distribuidora de derivado de petróleo ate Obra) | E29: T | F29: 46143 | G29: =DMT!E28 -> 99.57 | L29: =TRUNC(G29*(1+K29),2) -> 99.57
A31: TAB 07.01 | B31: SBC | C31: 36754 | D31: TUBO CONCRETO ARMADO AGUAS PLUVIAIS, CLASSE PA-3, DN 300 MM | E31: M | F31: 46204 | G31: 198.97 | L31: =TRUNC(G31*(1+K31),2) -> 198.97
A32: (*) conforme tabela anexa (aba oculta)
D35: (**) IMPOSTO Materiais Betuminosos:
D36: PIS+COFINS - Distribuidor: | E36: 0.0925
D37: PIS+COFINS incluso no BDI - a descontar devido a direito de crédito pela executora da obra: | E37: 0.0365
D38: Alíquota PIS/COFINS resultante: | E38: 0.076
D39: Alíquota ICMS a partir jan/2022: | E39: 0.17
D40: FONTE: www.gov.br/anp/pt-br/assuntos/precos-e-defesa-da-concorrencia/precos/precos-de-distribuicao-de-produtos-asfalticos

Sheet cronograma
B1: PREFEITURA MUNICIPAL DE PORTO ALEGRE
B2: SECRETARIA MUNICIPAL DE OBRAS E INFRAESTRUTURA
B3: =orcamento!D3 -> Objeto: Execução de Obras de Pavimentação e Redes de Drenagem na Rua Giruá
B4: =orcamento!D4 -> Endereço: Rua Giruá, Vila Panorama, Lomba Pinheiro, Porto Alegre, RS
B6: CRONOGRAMA FISICO-FINANCEIRO
A8: ITEM | B8: DESCRIÇÃO | C8: QUANT. | D8: UNID. | E8: PREÇO UNITARIO | F8: MÊS 1 | H8: MÊS 2 | J8: MÊS 3 | L8: MÊS 4 | N8: TOTAL
F9: R$ | G9: QUANT. | H9: R$ | I9: QUANT. | J9: R$ | K9: QUANT. | L9: R$ | M9: QUANT. | N9: R$ | O9: QUANT.
A10: =orcamento!A10 -> 1 | B10: =orcamento!D10 -> ADMINISTRAÇÃO LOCAL
A11: =orcamento!A11 -> 1.1 | B11: =orcamento!D11 -> EQUIPE E CONSUMOS DE ADMINISTRAÇÃO LOCAL | C11: =orcamento!F11 -> 1 | D11: =orcamento!E11 -> UN | E11: =orcamento!K11 -> 159651.45 | F11: =ROUND($E11*G11,2) -> 14368.63 | G11: =TRUNC((SUM(F13:F15)+SUM(F18:F192))/(SUMPRODUCT($C18:$C192,$E18:$E192)),2) -> 0.09 | H11: =ROUND($E11*I11,2) -> 3193.03 | I11: =TRUNC((SUM(H13:H15)+SUM(H18:H192))/(SUMPRODUCT($C18:$C192,$E18:$E192)),2) -> 0.02 | J11: =ROUND($E11*K11,2) -> 73439.67 | K11: =TRUNC((SUM(J13:J15)+SUM(J18:J192))/(SUMPRODUCT($C18:$C192,$E18:$E192)),2) -> 0.46 | L11: =ROUND(C11*E11-(F11+H11+J11),2) -> 68650.12 | M11: =1-(G11+I11+K11) -> 0.43 | N11: =F11+H11+J11+L11 -> 159651.45 | O11: =G11+I11+K11+M11 -> 1
A12: =orcamento!A12 -> 1.2 | B12: =orcamento!D12 -> SERVIÇO DE VIGILÂNCIA NOTURNO (DIÁRIO) E DIURNO (FINAIS DE SEMANA E FERIADO) | C12: =orcamento!F12 -> 1 | D12: =orcamento!E12 -> UN | E12: =orcamento!K12 -> 44037.88 | F12: =ROUND($E12*G12,2) -> 3963.41 | G12: =G11 -> 0.09 | H12: =ROUND($E12*I12,2) -> 880.76 | I12: =I11 -> 0.02 | J12: =ROUND($E12*K12,2) -> 20257.42 | K12: =K11 -> 0.46 | L12: =ROUND(C12*E12-(F12+H12+J12),2) -> 18936.29 | M12: =M11 -> 0.43 | N12: =F12+H12+J12+L12 -> 44037.88 | O12: =G12+I12+K12+M12 -> 1
A13: =orcamento!A13 -> 1.3 | B13: =orcamento!D13 -> DOCUMENTO DE RESPONSABILIDADE TÉCNICA | C13: =orcamento!F13 -> 1 | D13: =orcamento!E13 -> UN | E13: =orcamento!K13 -> 354.79 | F13: =ROUND($E13*G13,2) -> 354.79 | G13: 1 | N13: =F13+H13+J13+L13 -> 354.79 | O13: =G13+I13+K13+M13 -> 1
A14: =orcamento!A14 -> 1.4 | B14: =orcamento!D14 -> PROJETO AS BUILT (1.550m2 DE ÁREA CONSTRUÍDA) | C14: =orcamento!F14 -> 1 | D14: =orcamento!E14 -> UN | E14: =orcamento!K14 -> 1973.28 | L14: =ROUND($E14*M14,2) -> 1973.28 | M14: =C14 -> 1 | N14: =F14+H14+J14+L14 -> 1973.28 | O14: =G14+I14+K14+M14 -> 1
A15: =orcamento!A15 -> 1.5 | B15: =orcamento!D15 -> CADASTRO DE REDES (210m DE REDE DE DRENAGEM) | C15: =orcamento!F15 -> 1 | D15: =orcamento!E15 -> UN | E15: =orcamento!K15 -> 1973.28 | L15: =ROUND($E15*M15,2) -> 1973.28 | M15: =C15 -> 1 | N15: =F15+H15+J15+L15 -> 1973.28 | O15: =G15+I15+K15+M15 -> 1
A16: =orcamento!A16 -> 1.6 | B16: =orcamento!D16 -> SERVIÇO DE LOCAÇÃO/TOPOGRAFIA (115M PAVIMENTO E 210M REDE DRENAGEM) | C16: =orcamento!F16 -> 1 | D16: =orcamento!E16 -> UN | E16: =orcamento!K16 -> 6023.03 | F16: =ROUND($E16*G16,2) -> 1505.76 | G16: 0.25 | H16: =ROUND($E16*I16,2) -> 1505.76 | I16: 0.25 | J16: =ROUND($E16*K16,2) -> 1505.76 | K16: 0.25 | L16: =ROUND(C16*E16-(F16+H16+J16),2) -> 1505.75 | M16: 0.25 | N16: =F16+H16+J16+L16 -> 6023.03 | O16: =G16+I16+K16+M16 -> 1
A17: =orcamento!A17 -> 2 | B17: =orcamento!D17 -> ENSAIOS
A18: =orcamento!A18 -> 2.1 | B18: =orcamento!D18 -> SUBLEITO
A19: =orcamento!A19 -> 2.1.1 | B19: =orcamento!D19 -> ENSAIO DE ÍNDICE SUPORTE CALIFORNIA | C19: =orcamento!F19 -> 1 | D19: =orcamento!E19 -> UN | E19: =orcamento!K19 -> 383.41 | F19: =ROUND($E19*G19,2) -> 383.41 | G19: 1 | N19: =F19+H19+J19+L19 -> 383.41 | O19: =G19+I19+K19+M19 -> 1
A20: =orcamento!A20 -> 2.1.2 | B20: =orcamento!D20 -> ENSAIO DE DENSIDADE / UMIDADE | C20: =orcamento!F20 -> 3 | D20: =orcamento!E20 -> UN | E20: =orcamento!K20 -> 265.99 | F20: =ROUND($E20*G20,2) -> 797.97 | G20: 3 | N20: =F20+H20+J20+L20 -> 797.97 | O20: =G20+I20+K20+M20 -> 3
A21: =orcamento!A21 -> 2.1.3 | B21: =orcamento!D21 -> ENSAIO DE GRANULOMETRIA POR PENEIRAMENTO E SEDIMENTAÇÃO | C21: =orcamento!F21 -> 2 | D21: =orcamento!E21 -> UN | E21: =orcamento!K21 -> 316.54 | F21: =ROUND($E21*G21,2) -> 633.08 | G21: 2 | N21: =F21+H21+J21+L21 -> 633.08 | O21: =G21+I21+K21+M21 -> 2
A22: =orcamento!A22 -> 2.1.4 | B22: =orcamento!D22 -> ENSAIO DE LIMITE DE LIQUIDEZ / LIMITE DE PLASTICIDADE | C22: =orcamento!F22 -> 1 | D22: =orcamento!E22 -> UN | E22: =orcamento!K22 -> 316.54 | F22: =ROUND($E22*G22,2) -> 316.54 | G22: 1 | N22: =F22+H22+J22+L22 -> 316.54 | O22: =G22+I22+K22+M22 -> 1
A23: =orcamento!A23 -> 2.1.5 | B23: =orcamento!D23 -> ENSAIO DE COMPACTAÇÃO MÉTODO NORMAL | C23: =orcamento!F23 -> 3 | D23: =orcamento!E23 -> UN | E23: =orcamento!K23 -> 316.54 | F23: =ROUND($E23*G23,2) -> 949.62 | G23: 3 | N23: =F23+H23+J23+L23 -> 949.62 | O23: =G23+I23+K23+M23 -> 3
A24: =orcamento!A24 -> 2.2 | B24: =orcamento!D24 -> BASE BG
A25: =orcamento!A25 -> 2.2.1 | B25: =orcamento!D25 -> ENSAIO DE UMIDADE ANTES DA COMPACTAÇÃO | C25: =orcamento!F25 -> 2 | D25: =orcamento!E25 -> UN | E25: =orcamento!K25 -> 130.93 | H25: =ROUND($E25*I25,2) -> 261.86 | I25: 2 | N25: =F25+H25+J25+L25 -> 261.86 | O25: =G25+I25+K25+M25 -> 2
A26: =orcamento!A26 -> 2.2.2 | B26: =orcamento!D26 -> ENSAIO DE ÍNDICE SUPORTE CALIFORNIA | C26: =orcamento!F26 -> 1 | D26: =orcamento!E26 -> UN | E26: =orcamento!K26 -> 383.41 | H26: =ROUND($E26*I26,2) -> 383.41 | I26: 1 | N26: =F26+H26+J26+L26 -> 383.41 | O26: =G26+I26+K26+M26 -> 1
A27: =orcamento!A27 -> 2.2.3 | B27: =orcamento!D27 -> ENSAIO DE EQUIVALENTE AREIA | C27: =orcamento!F27 -> 1 | D27: =orcamento!E27 -> UN | E27: =orcamento!K27 -> 150.08 | H27: =ROUND($E27*I27,2) -> 150.08 | I27: 1 | N27: =F27+H27+J27+L27 -> 150.08 | O27: =G27+I27+K27+M27 -> 1
A28: =orcamento!A28 -> 2.2.4 | B28: =orcamento!D28 -> ENSAIO DE MASSA ESPECÍFICA APARENTE | C28: =orcamento!F28 -> 4 | D28: =orcamento!E28 -> UN | E28: =orcamento!K28 -> 116.4 | H28: =ROUND($E28*I28,2) -> 465.6 | I28: 4 | N28: =F28+H28+J28+L28 -> 465.6 | O28: =G28+I28+K28+M28 -> 4
A29: =orcamento!A29 -> 2.2.5 | B29: =orcamento!D29 -> ENSAIO DE LIMITE DE LIQUIDEZ / LIMITE DE PLASTICIDADE | C29: =orcamento!F29 -> 2 | D29: =orcamento!E29 -> UN | E29: =orcamento!K29 -> 316.54 | H29: =ROUND($E29*I29,2) -> 633.08 | I29: 2 | N29: =F29+H29+J29+L29 -> 633.08 | O29: =G29+I29+K29+M29 -> 2
A30: =orcamento!A30 -> 2.2.6 | B30: =orcamento!D30 -> ENSAIO DE COMPACTAÇÃO MÉTODO MODIFICADO | C30: =orcamento!F30 -> 2 | D30: =orcamento!E30 -> UN | E30: =orcamento!K30 -> 633.59 | H30: =ROUND($E30*I30,2) -> 1267.18 | I30: 2 | N30: =F30+H30+J30+L30 -> 1267.18 | O30: =G30+I30+K30+M30 -> 2
A31: =orcamento!A31 -> 2.3 | B31: =orcamento!D31 -> IMPRIMAÇÃO
A32: =orcamento!A32 -> 2.3.1 | B32: =orcamento!D32 -> ENSAIO DE TAXA APLICAÇÃO IMPRIMAÇÃO | C32: =orcamento!F32 -> 1 | D32: =orcamento!E32 -> UN | E32: =orcamento!K32 -> 125.46 | L32: =ROUND($E32*M32,2) -> 125.46 | M32: 1 | N32: =F32+H32+J32+L32 -> 125.46 | O32: =G32+I32+K32+M32 -> 1
A33: =orcamento!A33 -> 2.4 | B33: =orcamento!D33 -> MEIO-FIO
A34: =orcamento!A34 -> 2.4.1 | B34: =orcamento!D34 -> ENSAIO DE DESGASTE E RESISTENCIA | C34: =orcamento!F34 -> 2 | D34: =orcamento!E34 -> UN | E34: =orcamento!K34 -> 226.77 | L34: =ROUND($E34*M34,2) -> 453.54 | M34: 2 | N34: =F34+H34+J34+L34 -> 453.54 | O34: =G34+I34+K34+M34 -> 2
A35: =orcamento!A35 -> 2.5 | B35: =orcamento!D35 -> CBUQ
A36: =orcamento!A36 -> 2.5.1 | B36: =orcamento!D36 -> ENSAIO DE EXTRAÇÃO DE BETUME / GRANULAMETRIA / MARSHALL | C36: =orcamento!F36 -> 2 | D36: =orcamento!E36 -> UN | E36: =orcamento!K36 -> 988.39 | L36: =ROUND($E36*M36,2) -> 1976.78 | M36: 2 | N36: =F36+H36+J36+L36 -> 1976.78 | O36: =G36+I36+K36+M36 -> 2
A37: =orcamento!A37 -> 2.5.2 | B37: =orcamento!D37 -> ENSAIO DE TEMPERATURA INICIO ESPALHAMENTO | C37: =orcamento!F37 -> 4 | D37: =orcamento!E37 -> UN | E37: =orcamento!K37 -> 89.71 | L37: =ROUND($E37*M37,2) -> 358.84 | M37: 4 | N37: =F37+H37+J37+L37 -> 358.84 | O37: =G37+I37+K37+M37 -> 4
A38: =orcamento!A38 -> 2.5.3 | B38: =orcamento!D38 -> ENSAIO DE COMPRESSÃO | C38: =orcamento!F38 -> 2 | D38: =orcamento!E38 -> UN | E38: =orcamento!K38 -> 157.28 | L38: =ROUND($E38*M38,2) -> 314.56 | M38: 2 | N38: =F38+H38+J38+L38 -> 314.56 | O38: =G38+I38+K38+M38 -> 2
A39: =orcamento!A39 -> 2.6 | B39: =orcamento!D39 -> COLETA DE ENSAIOS
A40: =orcamento!A40 -> 2.6.1 | B40: =orcamento!D40 -> COLETA CONJUNTO DE AMOSTRAS | C40: =orcamento!F40 -> 9 | D40: =orcamento!E40 -> UN | E40: =orcamento!K40 -> 71.3 | F40: =ROUND($E40*G40,2) -> 213.9 | G40: 3 | H40: =ROUND($E40*I40,2) -> 213.9 | I40: 3 | L40: =ROUND($E40*M40,2) -> 213.9 | M40: 3 | N40: =F40+H40+J40+L40 -> 641.7 | O40: =G40+I40+K40+M40 -> 9
A41: =orcamento!A41 -> 3 | B41: =orcamento!D41 -> LOCAÇÕES NO CANTEIRO
A42: =orcamento!A42 -> 3.1 | B42: =orcamento!D42 -> LOCACAO DE CONTAINER 2,30 X 6,00 M, ALT. 2,50 M, PARA ESCRITORIO, SEM DIVISORIAS INTERNAS E SEM SANITARIO (NAO INCLUI MOBILIZACAO/DESMOBILIZACAO) | C42: =orcamento!F42 -> 4 | D42: =orcamento!E42 -> MES | E42: =orcamento!K42 -> 1062.41 | F42: =ROUND($E42*G42,2) -> 1062.41 | G42: 1 | H42: =ROUND($E42*I42,2) -> 1062.41 | I42: 1 | J42: =ROUND($E42*K42,2) -> 1062.41 | K42: 1 | L42: =ROUND(C42*E42-(F42+H42+J42),2) -> 1062.41 | M42: 1 | N42: =F42+H42+J42+L42 -> 4249.64 | O42: =G42+I42+K42+M42 -> 4
A43: =orcamento!A43 -> 3.2 | B43: =orcamento!D43 -> LOCAÇÃO DE BANHEIRO QUÍMICO INDIVIDUAL, INCLUSO TRANSPORTE, LIMPEZA E REPOSIÇÃO DE PAPEL HIGIENICO | C43: =orcamento!F43 -> 4 | D43: =orcamento!E43 -> MES | E43: =orcamento!K43 -> 1859.98 | F43: =ROUND($E43*G43,2) -> 1859.98 | G43: 1 | H43: =ROUND($E43*I43,2) -> 1859.98 | I43: 1 | J43: =ROUND($E43*K43,2) -> 1859.98 | K43: 1 | L43: =ROUND(C43*E43-(F43+H43+J43),2) -> 1859.98 | M43: 1 | N43: =F43+H43+J43+L43 -> 7439.92 | O43: =G43+I43+K43+M43 -> 4
A44: =orcamento!A44 -> 4 | B44: =orcamento!D44 -> MOBILIZAÇÃO/DESMOBILIZAÇÃO
A45: =orcamento!A45 -> 4.1 | B45: =orcamento!D45 -> MOBILIZAÇÃO EQUIPAMENTOS AUTOPROPELIDOS E LEVES | C45: =orcamento!F45 -> 1 | D45: =orcamento!E45 -> UN | E45: =orcamento!K45 -> 4261.45 | F45: =ROUND($E45*G45,2) -> 4261.45 | G45: =C45 -> 1 | N45: =F45+H45+J45+L45 -> 4261.45 | O45: =G45+I45+K45+M45 -> 1
A46: =orcamento!A46 -> 4.2 | B46: =orcamento!D46 -> FRETE CONTAINER | C46: =orcamento!F46 -> 1 | D46: =orcamento!E46 -> UN | E46: =orcamento!K46 -> 780.95 | F46: =ROUND($E46*G46,2) -> 780.95 | G46: =C46 -> 1 | N46: =F46+H46+J46+L46 -> 780.95 | O46: =G46+I46+K46+M46 -> 1
A47: =orcamento!A47 -> 4.3 | B47: =orcamento!D47 -> INSTALAÇÃO E DESINSTALAÇÃO MECANIZADA DE CONTÊINER OU MÓDULO HABITÁVEL DE USOS DIVERSOS. AF_03/2024 | C47: =orcamento!F47 -> 1 | D47: =orcamento!E47 -> UN | E47: =orcamento!K47 -> 162.84 | F47: =ROUND($E47*G47,2) -> 162.84 | G47: =C47 -> 1 | N47: =F47+H47+J47+L47 -> 162.84 | O47: =G47+I47+K47+M47 -> 1
A48: =orcamento!A48 -> 5 | B48: =orcamento!D48 -> SINALIZAÇÃO DE OBRAS
A49: =orcamento!A49 -> 5.1 | B49: =orcamento!D49 -> CONE DE SINALIZACAO EM PVC FLEXIVEL, H = 70 / 76 CM - FORNECIMENTO E INSTALAÇÃO | C49: =orcamento!F49 -> 9 | D49: =orcamento!E49 -> UN | E49: =orcamento!K49 -> 156.37 | F49: =ROUND($E49*G49,2) -> 1407.33 | G49: =C49 -> 9 | N49: =F49+H49+J49+L49 -> 1407.33 | O49: =G49+I49+K49+M49 -> 9
A50: =orcamento!A50 -> 5.2 | B50: =orcamento!D50 -> TELA TAPUME LARANJA - FORNECIMENTO E INSTALAÇÃO COM MADEIRA | C50: =orcamento!F50 -> 300 | D50: =orcamento!E50 -> M | E50: =orcamento!K50 -> 23.14 | F50: =ROUND($E50*G50,2) -> 4628 | G50: 200 | J50: =ROUND($E50*K50,2) -> 2314 | K50: 100 | N50: =F50+H50+J50+L50 -> 6942 | O50: =G50+I50+K50+M50 -> 300
A51: =orcamento!A51 -> 5.3 | B51: =orcamento!D51 -> BALIZADOR REFLETIVO - FORNECIMENTO E MANUTENÇÃO | C51: =orcamento!F51 -> 9 | D51: =orcamento!E51 -> UN | E51: =orcamento!K51 -> 253.89 | F51: =ROUND($E51*G51,2) -> 2285.01 | G51: =C51 -> 9 | N51: =F51+H51+J51+L51 -> 2285.01 | O51: =G51+I51+K51+M51 -> 9
A52: =orcamento!A52 -> 5.4 | B52: =orcamento!D52 -> PASSADICOS C/ TÁBUAS DE MADEIRA P/ PEDESTRES - FORNEC., INST. E DESLOCAMENTOS AO LONGO DA OBRA | C52: =orcamento!F52 -> 20 | D52: =orcamento!E52 -> M2 | E52: =orcamento!K52 -> 119.75 | F52: =ROUND($E52*G52,2) -> 2395 | G52: =C52 -> 20 | N52: =F52+H52+J52+L52 -> 2395 | O52: =G52+I52+K52+M52 -> 20
A53: =orcamento!A53 -> 6 | B53: =orcamento!D53 -> CANTEIRO DE OBRAS
A54: =orcamento!A54 -> 6.1 | B54: =orcamento!D54 -> FORNECIMENTO E INSTALAÇÃO DE PLACA DE OBRA COM CHAPA GALVANIZADA E ESTRUTURA DE MADEIRA. AF_03/2022_PS | C54: =orcamento!F54 -> 6.96 | D54: =orcamento!E54 -> M2 | E54: =orcamento!K54 -> 617.16 | F54: =ROUND($E54*G54,2) -> 4295.43 | G54: =C54 -> 6.96 | N54: =F54+H54+J54+L54 -> 4295.43 | O54: =G54+I54+K54+M54 -> 6.96
A55: =orcamento!A55 -> 6.2 | B55: =orcamento!D55 -> EXTINTOR DE INCÊNDIO PORTÁTIL COM CARGA DE ÁGUA PRESSURIZADA DE 10 L, CLASSE A - FORNECIMENTO E INSTALAÇÃO. AF_01/2026_PE | C55: =orcamento!F55 -> 1 | D55: =orcamento!E55 -> UN | E55: =orcamento!K55 -> 279.63 | F55: =ROUND($E55*G55,2) -> 279.63 | G55: =C55 -> 1 | N55: =F55+H55+J55+L55 -> 279.63 | O55: =G55+I55+K55+M55 -> 1
A56: =orcamento!A56 -> 6.3 | B56: =orcamento!D56 -> EXTINTOR DE INCÊNDIO PORTÁTIL COM CARGA DE PQS DE 8 KG, CLASSE BC - FORNECIMENTO E INSTALAÇÃO. AF_01/2026_PE | C56: =orcamento!F56 -> 1 | D56: =orcamento!E56 -> UN | E56: =orcamento!K56 -> 369.34 | F56: =ROUND($E56*G56,2) -> 369.34 | G56: =C56 -> 1 | N56: =F56+H56+J56+L56 -> 369.34 | O56: =G56+I56+K56+M56 -> 1
A57: =orcamento!A57 -> 6.4 | B57: =orcamento!D57 -> LIMPEZA MECANIZADA DE CAMADA VEGETAL, VEGETAÇÃO E PEQUENAS ÁRVORES (DIÂMETRO DE TRONCO MENOR QUE 0,20 M), COM TRATOR DE ESTEIRAS. AF_03/2024 | C57: =orcamento!F57 -> 165 | D57: =orcamento!E57 -> M2 | E57: =orcamento!K57 -> 0.87 | F57: =ROUND($E57*G57,2) -> 143.55 | G57: =C57 -> 165 | N57: =F57+H57+J57+L57 -> 143.55 | O57: =G57+I57+K57+M57 -> 165
A58: =orcamento!A58 -> 6.5 | B58: =orcamento!D58 -> FORNECIMENTO DE ENERGIA PARA INÍCIO DE INSTALAÇÃO DE CANTEIRO POR MEIO DE GRUPO GERADOR REBOCÁVEL, POTÊNCIA 66 KVA, MOTOR A DIESEL | C58: =orcamento!F58 -> 1 | D58: =orcamento!E58 -> UN | E58: =orcamento!K58 -> 2056.5 | F58: =ROUND($E58*G58,2) -> 2056.5 | G58: =C58 -> 1 | N58: =F58+H58+J58+L58 -> 2056.5 | O58: =G58+I58+K58+M58 -> 1
A59: =orcamento!A59 -> 6.7 | B59: =orcamento!D59 -> ASSENTAMENTO DE POSTE DE CONCRETO COM COMPRIMENTO NOMINAL DE 10 M, CARGA NOMINAL DE 300 DAN, ENGASTAMENTO BASE CONCRETADA COM 1 M DE CONCRETO E 0,6 M DE SOLO (NÃO INCLUI FORNECIMENTO). AF_04/2025 | C59: =orcamento!F59 -> 1 | D59: =orcamento!E59 -> UN | E59: =orcamento!K59 -> 1017.48 | F59: =ROUND($E59*G59,2) -> 1017.48 | G59: =C59 -> 1 | N59: =F59+H59+J59+L59 -> 1017.48 | O59: =G59+I59+K59+M59 -> 1
A60: =orcamento!A60 -> 6.8 | B60: =orcamento!D60 -> POSTE DE CONCRETO ARMADO DE SECAO CIRCULAR, EXTENSAO DE 10,00 M, RESISTENCIA DE 150 A 200 DAN, TIPO C-14 | C60: =orcamento!F60 -> 1 | D60: =orcamento!E60 -> UN | E60: =orcamento!K60 -> 1793.35 | F60: =ROUND($E60*G60,2) -> 1793.35 | G60: =C60 -> 1 | N60: =F60+H60+J60+L60 -> 1793.35 | O60: =G60+I60+K60+M60 -> 1
A61: =orcamento!A61 -> 6.9 | B61: =orcamento!D61 -> ENTRADA DE ENERGIA ELÉTRICA, AÉREA, BIFÁSICA, COM CAIXA DE SOBREPOR, CABO DE 10 MM2 E DISJUNTOR DIN 50A (NÃO INCLUSO O POSTE DE CONCRETO). AF_12/2025 | C61: =orcamento!F61 -> 1 | D61: =orcamento!E61 -> UN | E61: =orcamento!K61 -> 2495.25 | F61: =ROUND($E61*G61,2) -> 2495.25 | G61: =C61 -> 1 | N61: =F61+H61+J61+L61 -> 2495.25 | O61: =G61+I61+K61+M61 -> 1
A62: =orcamento!A62 -> 6.10 | B62: =orcamento!D62 -> CABO DE COBRE FLEXÍVEL ISOLADO, 10 MM², ANTI-CHAMA 0,6/1,0 KV, PARA CIRCUITOS TERMINAIS - FORNECIMENTO E INSTALAÇÃO. AF_03/2023 | C62: =orcamento!F62 -> 180 | D62: =orcamento!E62 -> M | E62: =orcamento!K62 -> 23.13 | F62: =ROUND($E62*G62,2) -> 4163.4 | G62: =C62 -> 180 | N62: =F62+H62+J62+L62 -> 4163.4 | O62: =G62+I62+K62+M62 -> 180
A63: =orcamento!A63 -> 6.11 | B63: =orcamento!D63 -> CABO DE COBRE FLEXÍVEL ISOLADO, 4 MM², ANTI-CHAMA 0,6/1,0 KV, PARA CIRCUITOS TERMINAIS - FORNECIMENTO E INSTALAÇÃO. AF_03/2023 | C63: =orcamento!F63 -> 15 | D63: =orcamento!E63 -> M | E63: =orcamento!K63 -> 10.27 | F63: =ROUND($E63*G63,2) -> 154.05 | G63: =C63 -> 15 | N63: =F63+H63+J63+L63 -> 154.05 | O63: =G63+I63+K63+M63 -> 15
A64: =orcamento!A64 -> 6.12 | B64: =orcamento!D64 -> CABO DE COBRE FLEXÍVEL ISOLADO, 2,5 MM², ANTI-CHAMA 0,6/1,0 KV, PARA CIRCUITOS TERMINAIS - FORNECIMENTO E INSTALAÇÃO. AF_03/2023 | C64: =orcamento!F64 -> 60 | D64: =orcamento!E64 -> M | E64: =orcamento!K64 -> 6.98 | F64: =ROUND($E64*G64,2) -> 418.8 | G64: =C64 -> 60 | N64: =F64+H64+J64+L64 -> 418.8 | O64: =G64+I64+K64+M64 -> 60
A65: =orcamento!A65 -> 6.13 | B65: =orcamento!D65 -> ELETRODUTO FLEXÍVEL LISO, PEAD, DN 32 MM (1"), PARA CIRCUITOS TERMINAIS, INSTALADO EM FORRO - FORNECIMENTO E INSTALAÇÃO. AF_03/2023 | C65: =orcamento!F65 -> 25 | D65: =orcamento!E65 -> M | E65: =orcamento!K65 -> 25.73 | F65: =ROUND($E65*G65,2) -> 643.25 | G65: =C65 -> 25 | N65: =F65+H65+J65+L65 -> 643.25 | O65: =G65+I65+K65+M65 -> 25
... A88: =orcamento!A88 -> 6.36 | B88: =orcamento!D88 -> REATERRO MANUAL DE VALAS, COM PLACA VIBRATÓRIA. AF_08/2023 | C88: =orcamento!F88 -> 0.9 | D88: =orcamento!E88 -> M3 | E88: =orcamento!K88 -> 31.85 | F88: =ROUND($E88*G88,2) -> 28.67 | G88: =C88 -> 0.9 | N88: =F88+H88+J88+L88 -> 28.67 | O88: =G88+I88+K88+M88 -> 0.9
A89: =orcamento!A89 -> 7 | B89: =orcamento!D89 -> SERVIÇOS INICIAIS
A90: =orcamento!A90 -> 7.1 | B90: =orcamento!D90 -> LIMPEZA MECANIZADA DE CAMADA VEGETAL, VEGETAÇÃO E PEQUENAS ÁRVORES (DIÂMETRO DE TRONCO MENOR QUE 0,20 M), COM TRATOR DE ESTEIRAS. AF_03/2024 | C90: =orcamento!F90 -> 1287.2 | D90: =orcamento!E90 -> M2 | E90: =orcamento!K90 -> 0.87 | F90: =ROUND($E90*G90,2) -> 1119.86 | G90: =C90 -> 1287.2 | N90: =F90+H90+J90+L90 -> 1119.86 | O90: =G90+I90+K90+M90 -> 1287.2
A91: =orcamento!A91 -> 7.2 | B91: =orcamento!D91 -> DEMOLIÇÃO DE PISO DE CONCRETO SIMPLES, DE FORMA MECANIZADA COM MARTELETE, SEM REAPROVEITAMENTO. AF_09/2023 | C91: =orcamento!F91 -> 5.62 | D91: =orcamento!E91 -> M3 | E91: =orcamento!K91 -> 152.31 | F91: =ROUND($E91*G91,2) -> 855.98 | G91: =C91 -> 5.62 | N91: =F91+H91+J91+L91 -> 855.98 | O91: =G91+I91+K91+M91 -> 5.62
A92: =orcamento!A92 -> 7.3 | B92: =orcamento!D92 -> DEMOLIÇÃO PARCIAL DE PAVIMENTO ASFÁLTICO, DE FORMA MECANIZADA, SEM REAPROVEITAMENTO. AF_09/2023 | C92: =orcamento!F92 -> 31.56 | D92: =orcamento!E92 -> M2 | E92: =orcamento!K92 -> 29.08 | F92: =ROUND($E92*G92,2) -> 917.76 | G92: =C92 -> 31.56 | N92: =F92+H92+J92+L92 -> 917.76 | O92: =G92+I92+K92+M92 -> 31.56
A93: =orcamento!A93 -> 7.4 | B93: =orcamento!D93 -> DEMOLIÇÃO DE GUIAS, SARJETAS OU SARJETÕES, DE FORMA MECANIZADA, SEM REAPROVEITAMENTO. AF_09/2023 | C93: =orcamento!F93 -> 9.44 | D93: =orcamento!E93 -> M | E93: =orcamento!K93 -> 19.68 | F93: =ROUND($E93*G93,2) -> 185.78 | G93: =C93 -> 9.44 | N93: =F93+H93+J93+L93 -> 185.78 | O93: =G93+I93+K93+M93 -> 9.44
A94: =orcamento!A94 -> 7.5 | B94: =orcamento!D94 -> CARGA, MANOBRA E DESCARGA DE ENTULHO EM CAMINHÃO BASCULANTE 10 M³ - CARGA COM ESCAVADEIRA HIDRÁULICA (CAÇAMBA DE 0,80 M³ / 111 HP) E DESCARGA LIVRE (UNIDADE: M3). AF_02/2026 | C94: =orcamento!F94 -> 171.37 | D94: =orcamento!E94 -> M3 | E94: =orcamento!K94 -> 12.01 | F94: =ROUND($E94*G94,2) -> 2058.15 | G94: =C94 -> 171.37 | N94: =F94+H94+J94+L94 -> 2058.15 | O94: =G94+I94+K94+M94 -> 171.37
A95: =orcamento!A95 -> 7.6 | B95: =orcamento!D95 -> TRANSPORTE COM CAMINHÃO BASCULANTE DE 10 M³, EM VIA URBANA PAVIMENTADA, DMT ATÉ 30 KM (UNIDADE: M3XKM). AF_02/2026 | C95: =orcamento!F95 -> 1131.04 | D95: =orcamento!E95 -> M3XKM | E95: =orcamento!K95 -> 3.52 | F95: =ROUND($E95*G95,2) -> 3981.26 | G95: =C95 -> 1131.04 | N95: =F95+H95+J95+L95 -> 3981.26 | O95: =G95+I95+K95+M95 -> 1131.04
A96: =orcamento!A96 -> 7.7 | B96: =orcamento!D96 -> TAXA PARA BOTA FORA | C96: =orcamento!F96 -> 171.37 | D96: =orcamento!E96 -> M3 | E96: =orcamento!K96 -> 11.5 | F96: =ROUND($E96*G96,2) -> 1970.76 | G96: =C96 -> 171.37 | N96: =F96+H96+J96+L96 -> 1970.76 | O96: =G96+I96+K96+M96 -> 171.37
A97: =orcamento!A97 -> 8 | B97: =orcamento!D97 -> TERRAPLENAGEM
A98: =orcamento!A98 -> 8.1 | B98: =orcamento!D98 -> ESCAVAÇÃO HORIZONTAL, INCLUINDO CARGA, DESCARGA E TRANSPORTE EM SOLO DE 1A CATEGORIA COM TRATOR DE ESTEIRAS (125HP/LÂMINA: 2,70M3) E CAMINHÃO BASCULANTE DE 10M3, DMT ATÉ 200M. AF_07/2020 | C98: =orcamento!F98 -> 229.7 | D98: =orcamento!E98 -> M3 | E98: =orcamento!K98 -> 19.47 | H98: =ROUND($E98*I98,2) -> 2236.13 | I98: =C98/2 -> 114.85 | J98: =ROUND(C98*E98-(F98+H98),2) -> 2236.13 | K98: =I98 -> 114.85 | N98: =F98+H98+J98+L98 -> 4472.26 | O98: =G98+I98+K98+M98 -> 229.7
A99: =orcamento!A99 -> 8.2 | B99: =orcamento!D99 -> EXECUÇÃO E COMPACTAÇÃO DE CORPO DE ATERRO (95% DE ENERGIA DO PROCTOR NORMAL) COM SOLO PREDOMINANTEMENTE ARENOSO ESPESSURA 15CM - EXCLUSIVE MATERIAL, ESCAVAÇÃO, CARGA E TRANSPORTE. AF_09/2024 | C99: =orcamento!F99 -> 53.29 | D99: =orcamento!E99 -> M3 | E99: =orcamento!K99 -> 8.72 | H99: =ROUND($E99*I99,2) -> 232.34 | I99: =C99/2 -> 26.645 | J99: =ROUND(C99*E99-(F99+H99),2) -> 232.35 | K99: =I99 -> 26.645 | N99: =F99+H99+J99+L99 -> 464.69 | O99: =G99+I99+K99+M99 -> 53.29
A100: =orcamento!A100 -> 8.3 | B100: =orcamento!D100 -> CARGA, MANOBRA E DESCARGA DE SOLOS E MATERIAIS GRANULARES EM CAMINHÃO BASCULANTE 10 M³ - CARGA COM ESCAVADEIRA HIDRÁULICA (CAÇAMBA DE 1,20 M³ / 155 HP) E DESCARGA LIVRE (UNIDADE: M3). AF_02/2026 | C100: =orcamento!F100 -> 66.61 | D100: =orcamento!E100 -> M3 | E100: =orcamento!K100 -> 9.22 | H100: =ROUND($E100*I100,2) -> 307.07 | I100: =C100/2 -> 33.305 | J100: =ROUND(C100*E100-(F100+H100),2) -> 307.07 | K100: =I100 -> 33.305 | N100: =F100+H100+J100+L100 -> 614.14 | O100: =G100+I100+K100+M100 -> 66.61
A101: =orcamento!A101 -> 8.4 | B101: =orcamento!D101 -> TRANSPORTE COM CAMINHÃO BASCULANTE DE 10 M³, EM VIA URBANA PAVIMENTADA, DMT ATÉ 30 KM (UNIDADE: M3XKM). AF_02/2026 | C101: =orcamento!F101 -> 1455.38 | D101: =orcamento!E101 -> M3XKM | E101: =orcamento!K101 -> 3.52 | H101: =ROUND($E101*I101,2) -> 2561.47 | I101: =C101/2 -> 727.69 | J101: =ROUND(C101*E101-(F101+H101),2) -> 2561.47 | K101: =I101 -> 727.69 | N101: =F101+H101+J101+L101 -> 5122.94 | O101: =G101+I101+K101+M101 -> 1455.38
A102: =orcamento!A102 -> 8.5 | B102: =orcamento!D102 -> TAXA PARA BOTA FORA | C102: =orcamento!F102 -> 220.51 | D102: =orcamento!E102 -> M3 | E102: =orcamento!K102 -> 11.5 | H102: =ROUND($E102*I102,2) -> 1267.93 | I102: =C102/2 -> 110.255 | J102: =ROUND(C102*E102-(F102+H102),2) -> 1267.94 | K102: =I102 -> 110.255 | N102: =F102+H102+J102+L102 -> 2535.87 | O102: =G102+I102+K102+M102 -> 220.51
A103: =orcamento!A103 -> 9 | B103: =orcamento!D103 -> PAVIMENTAÇÃO VIÁRIA
A104: =orcamento!A104 -> 9.1 | B104: =orcamento!D104 -> REGULARIZAÇÃO E COMPACTAÇÃO DE SUBLEITO DE SOLO PREDOMINANTEMENTE ARGILOSO, PARA OBRAS DE CONSTRUÇÃO DE PAVIMENTOS. AF_09/2024 | C104: =orcamento!F104 -> 702.65 | D104: =orcamento!E104 -> M2 | E104: =orcamento!K104 -> 3.76 | J104: =ROUND($E104*K104,2) -> 1320.98 | K104: =C104/2 -> 351.325 | L104: =ROUND(C104*E104-(F104+H104+J104),2) -> 1320.98 | M104: =K104 -> 351.325 | N104: =F104+H104+J104+L104 -> 2641.96 | O104: =G104+I104+K104+M104 -> 702.65
A105: =orcamento!A105 -> 9.2 | B105: =orcamento!D105 -> CONSTRUÇÃO DE BASE E SUB-BASE PARA PAVIMENTAÇÃO DE RACHÃO, COM ESPESSURA DE 30 CM - EXCLUSIVE CARGA E TRANSPORTE. AF_09/2024 | C105: =orcamento!F105 -> 140.53 | D105: =orcamento!E105 -> M3 | E105: =orcamento!K105 -> 154.91 | J105: =ROUND($E105*K105,2) -> 10884.75 | K105: =C105/2 -> 70.265 | L105: =ROUND(C105*E105-(F105+H105+J105),2) -> 10884.75 | M105: =K105 -> 70.265 | N105: =F105+H105+J105+L105 -> 21769.5 | O105: =G105+I105+K105+M105 -> 140.53
A106: =orcamento!A106 -> 9.3 | B106: =orcamento!D106 -> CONSTRUÇÃO DE BASE E SUB-BASE PARA PAVIMENTAÇÃO DE BRITA GRADUADA SIMPLES, COM ESPESSURA DE 20 CM - EXCLUSIVE CARGA E TRANSPORTE. AF_09/2024 | C106: =orcamento!F106 -> 140.53 | D106: =orcamento!E106 -> M3 | E106: =orcamento!K106 -> 221.79 | J106: =ROUND($E106*K106,2) -> 15584.07 | K106: =C106/2 -> 70.265 | L106: =ROUND(C106*E106-(F106+H106+J106),2) -> 15584.08 | M106: =K106 -> 70.265 | N106: =F106+H106+J106+L106 -> 31168.15 | O106: =G106+I106+K106+M106 -> 140.53
A107: =orcamento!A107 -> 9.4 | B107: =orcamento!D107 -> MEIO-FIO EM TRECHO RETO, CONFECCIONADA EM CONCRETO PRÉ-FABRICADO, DIMENSÕES 100X15X13X30 CM , PARA VIAS URBANAS - FORNECIMENTO | C107: =orcamento!F107 -> 239.93 | D107: =orcamento!E107 -> M | E107: =orcamento!K107 -> 44.53 | J107: =ROUND($E107*K107,2) -> 5342.04 | K107: =C107/2 -> 119.965 | L107: =ROUND(C107*E107-(F107+H107+J107),2) -> 5342.04 | M107: =K107 -> 119.965 | N107: =F107+H107+J107+L107 -> 10684.08 | O107: =G107+I107+K107+M107 -> 239.93
A108: =orcamento!A108 -> 9.5 | B108: =orcamento!D108 -> MEIO-FIO EM TRECHO RETO, CONFECCIONADA EM CONCRETO PRÉ-FABRICADO, DIMENSÕES 100X15X13X30 CM , PARA VIAS URBANAS - EXECUÇÃO | C108: =orcamento!F108 -> 239.93 | D108: =orcamento!E108 -> M | E108: =orcamento!K108 -> 18.99 | J108: =ROUND($E108*K108,2) -> 2278.14 | K108: =C108/2 -> 119.965 | L108: =ROUND(C108*E108-(F108+H108+J108),2) -> 2278.13 | M108: =K108 -> 119.965 | N108: =F108+H108+J108+L108 -> 4556.27 | O108: =G108+I108+K108+M108 -> 239.93
A109: =orcamento!A109 -> 9.6 | B109: =orcamento!D109 -> IMPRIMAÇÃO ASFÁLTICA - FORNECIMENTO | C109: =orcamento!F109 -> 0.77 | D109: =orcamento!E109 -> T | E109: =orcamento!K109 -> 5076.98 | J109: =ROUND($E109*K109,2) -> 1954.64 | K109: =C109/2 -> 0.385 | L109: =ROUND(C109*E109-(F109+H109+J109),2) -> 1954.63 | M109: =K109 -> 0.385 | N109: =F109+H109+J109+L109 -> 3909.27 | O109: =G109+I109+K109+M109 -> 0.77
A110: =orcamento!A110 -> 9.7 | B110: =orcamento!D110 -> IMPRIMAÇÃO ASFALTICA - TRANSPORTE | C110: =orcamento!F110 -> 0.77 | D110: =orcamento!E110 -> T | E110: =orcamento!K110 -> 123.7 | J110: =ROUND($E110*K110,2) -> 47.62 | K110: =C110/2 -> 0.385 | L110: =ROUND(C110*E110-(F110+H110+J110),2) -> 47.63 | M110: =K110 -> 0.385 | N110: =F110+H110+J110+L110 -> 95.25 | O110: =G110+I110+K110+M110 -> 0.77
A111: =orcamento!A111 -> 9.8 | B111: =orcamento!D111 -> IMPRIMAÇÃO ASFÁLTICA - APLICAÇÃO | C111: =orcamento!F111 -> 645.63 | D111: =orcamento!E111 -> M2 | E111: =orcamento!K111 -> 1.61 | J111: =ROUND($E111*K111,2) -> 519.73 | K111: =C111/2 -> 322.815 | L111: =ROUND(C111*E111-(F111+H111+J111),2) -> 519.73 | M111: =K111 -> 322.815 | N111: =F111+H111+J111+L111 -> 1039.46 | O111: =G111+I111+K111+M111 -> 645.63
A112: =orcamento!A112 -> 9.9 | B112: =orcamento!D112 -> USINAGEM CBUQ, INCLUSO FORNECIMENTO DE CONCRETO ASFALTICO (EXCETO CAP) E TRANSPORTE DA JAZIDA ATE PAVIMENTADORA, EXCLUSIVE TRANSPORTE ATE OBRA | C112: =orcamento!F112 -> 73.08 | D112: =orcamento!E112 -> T | E112: =orcamento!K112 -> 307.23 | J112: =ROUND($E112*K112,2) -> 11226.18 | K112: =C112/2 -> 36.54 | L112: =ROUND(C112*E112-(F112+H112+J112),2) -> 11226.19 | M112: =K112 -> 36.54 | N112: =F112+H112+J112+L112 -> 22452.37 | O112: =G112+I112+K112+M112 -> 73.08
A113: =orcamento!A113 -> 9.10 | B113: =orcamento!D113 -> FORNECIMENTO DE CAP PARA PAVIMENTO DE CONCRETO ASFÁLTICO, INCLUSIVE TRANSPORTE ATE PAVIMENTADORA | C113: =orcamento!F113 -> 4.38 | D113: =orcamento!E113 -> T | E113: =orcamento!K113 -> 7434.92 | J113: =ROUND($E113*K113,2) -> 16282.47 | K113: =C113/2 -> 2.19 | L113: =ROUND(C113*E113-(F113+H113+J113),2) -> 16282.48 | M113: =K113 -> 2.19 | N113: =F113+H113+J113+L113 -> 32564.95 | O113: =G113+I113+K113+M113 -> 4.38
A114: =orcamento!A114 -> 9.11 | B114: =orcamento!D114 -> EXECUÇÃO DE PAVIMENTO COM APLICAÇÃO DE CONCRETO ASFÁLTICO, CAMADA DE ROLAMENTO, EXCLUSIVE CARGA E TRANSPORTE | C114: =orcamento!F114 -> 32.28 | D114: =orcamento!E114 -> M3 | E114: =orcamento!K114 -> 163.09 | J114: =ROUND($E114*K114,2) -> 2632.27 | K114: =C114/2 -> 16.14 | L114: =ROUND(C114*E114-(F114+H114+J114),2) -> 2632.28 | M114: =K114 -> 16.14 | N114: =F114+H114+J114+L114 -> 5264.55 | O114: =G114+I114+K114+M114 -> 32.28
A115: =orcamento!A115 -> 9.12 | B115: =orcamento!D115 -> CARGA, MANOBRA E DESCARGA DE PRÉ-MOLDADOS DE CONCRETO, EM CAMINHÃO CARROCERIA COM GUINDAUTO (MUNCK) 11,7 TM | C115: =orcamento!F115 -> 24.18 | D115: =orcamento!E115 -> T | E115: =orcamento!K115 -> 62.46 | J115: =ROUND($E115*K115,2) -> 755.14 | K115: =C115/2 -> 12.09 | L115: =ROUND(C115*E115-(F115+H115+J115),2) -> 755.14 | M115: =K115 -> 12.09 | N115: =F115+H115+J115+L115 -> 1510.28 | O115: =G115+I115+K115+M115 -> 24.18
... A118: =orcamento!A118 -> 9.15 | B118: =orcamento!D118 -> TRANSPORTE COM CAMINHÃO BASCULANTE DE 10 M³, EM VIA URBANA PAVIMENTADA, DMT ATÉ 30 KM (UNIDADE: M3XKM). AF_02/2026 | C118: =orcamento!F118 -> 2068.04 | D118: =orcamento!E118 -> M3XKM | E118: =orcamento!K118 -> 3.52 | J118: =ROUND($E118*K118,2) -> 3639.75 | K118: =C118/2 -> 1034.02 | L118: =ROUND(C118*E118-(F118+H118+J118),2) -> 3639.75 | M118: =K118 -> 1034.02 | N118: =F118+H118+J118+L118 -> 7279.5 | O118: =G118+I118+K118+M118 -> 2068.04
A119: =orcamento!A119 -> 10 | B119: =orcamento!D119 -> PAVIMENTAÇÃO PASSEIOS
A120: =orcamento!A120 -> 10.1 | B120: =orcamento!D120 -> REGULARIZAÇÃO E COMPACTAÇÃO DE SUBLEITO DE SOLO PREDOMINANTEMENTE ARGILOSO, PARA OBRAS DE CONSTRUÇÃO DE PAVIMENTOS. AF_09/2024 | C120: =orcamento!F120 -> 427.67 | D120: =orcamento!E120 -> M2 | E120: =orcamento!K120 -> 3.76 | J120: =ROUND($E120*K120,2) -> 804.02 | K120: =C120/2 -> 213.835 | L120: =ROUND(C120*E120-(F120+H120+J120),2) -> 804.02 | M120: =K120 -> 213.835 | N120: =F120+H120+J120+L120 -> 1608.04 | O120: =G120+I120+K120+M120 -> 427.67
A121: =orcamento!A121 -> 10.2 | B121: =orcamento!D121 -> LASTRO COM MATERIAL GRANULAR (PEDRA BRITADA N.2), APLICADO EM PISOS OU LAJES SOBRE SOLO, ESPESSURA DE *10 CM*. AF_01/2024 | C121: =orcamento!F121 -> 26.66 | D121: =orcamento!E121 -> M3 | E121: =orcamento!K121 -> 233.61 | J121: =ROUND($E121*K121,2) -> 3114.02 | K121: =C121/2 -> 13.33 | L121: =ROUND(C121*E121-(F121+H121+J121),2) -> 3114.02 | M121: =K121 -> 13.33 | N121: =F121+H121+J121+L121 -> 6228.04 | O121: =G121+I121+K121+M121 -> 26.66
A122: =orcamento!A122 -> 10.3 | B122: =orcamento!D122 -> EXECUÇÃO DE PASSEIO (CALÇADA) OU PISO DE CONCRETO COM CONCRETO MOLDADO IN LOCO, USINADO C20, ACABAMENTO CONVENCIONAL, NÃO ARMADO. AF_08/2022 | C122: =orcamento!F122 -> 29.81 | D122: =orcamento!E122 -> M3 | E122: =orcamento!K122 -> 1116.01 | J122: =ROUND($E122*K122,2) -> 16634.13 | K122: =C122/2 -> 14.905 | L122: =ROUND(C122*E122-(F122+H122+J122),2) -> 16634.13 | M122: =K122 -> 14.905 | N122: =F122+H122+J122+L122 -> 33268.26 | O122: =G122+I122+K122+M122 -> 29.81
A123: =orcamento!A123 -> 10.4 | B123: =orcamento!D123 -> ARMAÇÃO PARA EXECUÇÃO DE RADIER, PISO DE CONCRETO OU LAJE SOBRE SOLO, COM USO DE TELA Q-92. AF_07/2026 | C123: =orcamento!F123 -> 206.63 | D123: =orcamento!E123 -> KG | E123: =orcamento!K123 -> 21.34 | J123: =ROUND($E123*K123,2) -> 2204.74 | K123: =C123/2 -> 103.315 | L123: =ROUND(C123*E123-(F123+H123+J123),2) -> 2204.74 | M123: =K123 -> 103.315 | N123: =F123+H123+J123+L123 -> 4409.48 | O123: =G123+I123+K123+M123 -> 206.63
A124: =orcamento!A124 -> 10.5 | B124: =orcamento!D124 -> PISO PODOTÁTIL DE ALERTA OU DIRECIONAL, DE CONCRETO, ASSENTADO SOBRE ARGAMASSA. AF_03/2024 | C124: =orcamento!F124 -> 70.4 | D124: =orcamento!E124 -> M2 | E124: =orcamento!K124 -> 193.31 | J124: =ROUND($E124*K124,2) -> 6804.51 | K124: =C124/2 -> 35.2 | L124: =ROUND(C124*E124-(F124+H124+J124),2) -> 6804.51 | M124: =K124 -> 35.2 | N124: =F124+H124+J124+L124 -> 13609.02 | O124: =G124+I124+K124+M124 -> 70.4
A125: =orcamento!A125 -> 10.6 | B125: =orcamento!D125 -> ESPALHAMENTO DE TERRA VEGETAL PARA O PLANTIO. AF_07/2024 | C125: =orcamento!F125 -> 120.23 | D125: =orcamento!E125 -> M2 | E125: =orcamento!K125 -> 5.33 | J125: =ROUND($E125*K125,2) -> 320.41 | K125: =C125/2 -> 60.115 | L125: =ROUND(C125*E125-(F125+H125+J125),2) -> 320.42 | M125: =K125 -> 60.115 | N125: =F125+H125+J125+L125 -> 640.83 | O125: =G125+I125+K125+M125 -> 120.23
A126: =orcamento!A126 -> 10.7 | B126: =orcamento!D126 -> PLANTIO DE GRAMA BATATAIS EM PLACAS. AF_07/2024 | C126: =orcamento!F126 -> 120.23 | D126: =orcamento!E126 -> M2 | E126: =orcamento!K126 -> 29.26 | J126: =ROUND($E126*K126,2) -> 1758.96 | K126: =C126/2 -> 60.115 | L126: =ROUND(C126*E126-(F126+H126+J126),2) -> 1758.97 | M126: =K126 -> 60.115 | N126: =F126+H126+J126+L126 -> 3517.93 | O126: =G126+I126+K126+M126 -> 120.23
...

Sheet curva ABC
A1: PREFEITURA MUNICIPAL DE PORTO ALEGRE
A2: SECRETARIA MUNICIPAL DE OBRAS E INFRAESTRUTURA
A3: =orcamento!D3 -> Objeto: Execução de Obras de Pavimentação e Redes de Drenagem na Rua Giruá
A4: =orcamento!D4 -> Endereço: Rua Giruá, Vila Panorama, Lomba Pinheiro, Porto Alegre, RS
A6: CURVA ABC
A8: DESCRIÇÃO SERVIÇO | B8: PREÇO TOTAL | C8: % SOBRE TOTAL | D8: % ACUMULADO
A9: EQUIPE E CONSUMOS DE ADMINISTRAÇÃO LOCAL | B9: 159651.45 | C9: =B9/$B$138 -> 0.19354939 | D9: =C9 -> 0.19354939
A10: TUBO DE CONCRETO ARMADO PARA AGUAS PLUVIAIS, CLASSE PA-3, COM ENCAIXE PONTA E BOLSA, COM ENCAIXE PARA ANEL DE VEDAÇÃO, DIAMETRO NOMINAL DE 800 MM - FORNECIMENTO | B10: 66859.09 | C10: =B10/$B$138 -> 0.081054924 | D10: =C10+D9 -> 0.27460431
A11: FORNECIMENTO DE CAP PARA PAVIMENTO DE CONCRETO ASFÁLTICO, INCLUSIVE TRANSPORTE ATE PAVIMENTADORA | B11: 48550.03 | C11: =B11/$B$138 -> 0.058858399 | D11: =C11+D10 -> 0.33346271
A12: SERVIÇO DE VIGILÂNCIA NOTURNO (DIÁRIO) E DIURNO (FINAIS DE SEMANA E FERIADO) | B12: 44037.88 | C12: =B12/$B$138 -> 0.053388208 | D12: =C12+D11 -> 0.38685092
A13: CONSTRUÇÃO DE BASE E SUB-BASE PARA PAVIMENTAÇÃO DE BRITA GRADUADA SIMPLES, COM ESPESSURA DE 20 CM - EXCLUSIVE CARGA E TRANSPORTE. AF_09/2024 | B13: 41720.92 | C13: =B13/$B$138 -> 0.0505793 | D13: =C13+D12 -> 0.43743022
A14: USINAGEM CBUQ, INCLUSO FORNECIMENTO DE CONCRETO ASFALTICO (EXCETO CAP) E TRANSPORTE DA JAZIDA ATE PAVIMENTADORA, EXCLUSIVE TRANSPORTE ATE OBRA | B14: 33481.93 | C14: =B14/$B$138 -> 0.040590969 | D14: =C14+D13 -> 0.47802119
A15: EXECUÇÃO DE PASSEIO (CALÇADA) OU PISO DE CONCRETO COM CONCRETO MOLDADO IN LOCO, USINADO C20, ACABAMENTO CONVENCIONAL, NÃO ARMADO. AF_08/2022 | B15: 33268.26 | C15: =B15/$B$138 -> 0.040331932 | D15: =C15+D14 -> 0.51835312
A16: TRANSPORTE COM CAMINHÃO BASCULANTE DE 10 M³, EM VIA URBANA PAVIMENTADA, DMT ATÉ 30 KM (UNIDADE: M3XKM). AF_02/2026 | B16: 29727.88 | C16: =B16/$B$138 -> 0.036039842 | D16: =C16+D15 -> 0.55439296
A17: CONSTRUÇÃO DE BASE E SUB-BASE PARA PAVIMENTAÇÃO DE RACHÃO, COM ESPESSURA DE 30 CM - EXCLUSIVE CARGA E TRANSPORTE. AF_09/2024 | B17: 29140.12 | C17: =B17/$B$138 -> 0.035327286 | D17: =C17+D16 -> 0.58972025
A18: TUBO DE CONCRETO ARMADO PARA AGUAS PLUVIAIS, CLASSE PA-3, COM ENCAIXE PONTA E BOLSA, COM ENCAIXE PARA ANEL DE VEDAÇÃO, DIAMETRO NOMINAL DE 400 MM - FORNECIMENTO | B18: 18511.08 | C18: =B18/$B$138 -> 0.022441439 | D18: =C18+D17 -> 0.61216169
A19: TUBO CONCRETO ARMADO AGUAS PLUVIAIS, CLASSE PA-3, ENCAIXE PONTA E BOLSA, DN 800 MM - ASSENTAMENTO, INCLUSO ANEL DE VEDAÇÃO | B19: 15998.08 | C19: =B19/$B$138 -> 0.019394867 | D19: =C19+D18 -> 0.63155656
A20: ENVELOPAMENTO EM CONCRETO USINADO FCK = 20MPA | B20: 14460.71 | C20: =B20/$B$138 -> 0.017531075 | D20: =C20+D19 -> 0.64908763
A21: PISO PODOTÁTIL DE ALERTA OU DIRECIONAL, DE CONCRETO, ASSENTADO SOBRE ARGAMASSA. AF_03/2024 | B21: 13609.02 | C21: =B21/$B$138 -> 0.016498551 | D21: =C21+D20 -> 0.66558618
... A137: DISJUNTOR MONOPOLAR TIPO DIN, CORRENTE NOMINAL DE 50A - FORNECIMENTO E INSTALAÇÃO. AF_07/2025 | B137: 29.94 | C137: =B137/$B$138 -> 3.6297e-05 | D137: =C137+D136 -> 1
A138: TOTAL | B138: =SUM(B9:B137) -> 824861.55

Sheet indice reajuste
A1: Item do Orçamento | C1: Índice de Reajuste (*)
A2: 1 | B2: ADMINISTRAÇÃO DA OBRA | C2: Administração Local
A3: 2 | B3: ENSAIOS | C3: Consultoria
A4: 3 | B4: LOCAÇÕES NO CANTEIRO | C4: Administração Local
A5: 4 | B5: MOBILIZAÇÃO/DESMOBILIZAÇÃO | C5: Mobilização e Desmobilização
A6: 5 | B6: SINALIZAÇÃO DE OBRAS | C6: Sinalização Vertical
A7: 6 | B7: CANTEIRO DE OBRAS | C7: Índice Nacional de Custo da Construção
A8: 7 | B8: SERVIÇOS INICIAIS | C8: Mobilização e Desmobilização
A9: 8 | B9: TERRAPLENAGEM | C9: Terraplenagem
A10: 9 (exceto 9.10) | B10: PAVIMENTAÇÃO VIÁRIA | C10: Pavimentação
A11: 9.10 | B11: FORNECIMENTO CAP | C11: Cimento Asfáltico Petróleo - CAP
A12: 10 (exceto 10.3 e 10.5) | B12: PAVIMENTAÇÃO PASSEIOS | C12: Terraplenagem
A13: 10.3 e 10.5 | B13: PASSEIO EM CONCRETO E PISO TATIL | C13: Pavimentos de Concreto de Cimento Portland
A14: 11 | B14: DRENAGEM - SERVIÇOS INICIAIS | C14: Mobilização e Desmobilização
A15: 12 | B15: DRENAGEM - TERRAPLENAGEM | C15: Terraplenagem
A16: 13 | B16: DRENAGEM - FORNECIMENTO TUBULAÇÃO | C16: Drenagem
A17: 14 | B17: DRENAGEM - ASSENTAMENTO TUBULAÇÃO | C17: Drenagem
A18: 15 | B18: DRENAGEM - POÇOS E CAIXAS | C18: Drenagem
A19: 16 (exceto 16.10) | B19: DRENAGEM - SERVIÇOS COMPLEMENTARES | C19: Pavimentação
A20: 16.10 | B20: FORNECIMENTO CAP | C20: Cimento Asfáltico Petróleo - CAP
A21: 17 | B21: SERVIÇOS FINAIS E DESMOBILIZAÇÃO | C21: Mobilização e Desmobilização
B22: * Índices retirados da tabela DNIT/FGV:
B23: https://www.gov.br/dnit/pt-br/assuntos/planejamento-e-pesquisa/custos-e-pagamentos/custos-e-pagamentos-dnit/indices-de-reajustamentos/indices-de-reajustamentos-de-obras-rodoviario

Sheet BDI
A1: PARCELAS | B1: INFRAESTRUTURA
B2: BDI INTEGRAL | C2: BDI DIFERENCIADO
A3: (AC) - Administraçã o Central | B3: 0.0449 | C3: 0.0224
A4: (S) + (G) - Seguro e Garantia | B4: 0.0046 | C4: 0.0039
A5: (R) - Risco | B5: 0.0114 | C5: 0.007
A6: (DF) - Despesas Financeiras | B6: 0.0187 | C6: 0.0187
A7: (L) - Lucro | B7: 0.0788 | C7: 0.043
A8: Impostos (I= I1+I2+I3):
A9: (I1) - PIS | B9: 0.0065 | C9: 0.0065
A10: (I2 ) - COFINS | B10: 0.03 | C10: 0.03
A11: (I3 ) - ISSQN | B11: 0.025 | C11: 0.025
A12: (I4 ) - Contribuição Previdenciária (CPRB) | B12: 0 | C12: 0
A13: BDI | B13: =ROUNDDOWN((((1+(B3+B4+B5))*(1+B6)*(1+B7))/(1-(B9+B10+B11+B12))-1),4) -> 0.2423 | C13: =ROUND((((1+(C3+C4+C5))*(1+C6)*(1+C7))/(1-(C9+C10+C11+C12))-1),4) -> 0.1698
A14: Fonte: Decreto 23.379/2025 | B14: BDI = ( 1 + ( AC + S + G + R ) ) (1 + DF) ( 1+ L) - 1
B15: ( 1 - l1 + l2 + l3 + l4 )

Sheet encargos
A1: TABELA DE ENCARGOS SOCIAIS
A2: CÓD. | B2: DESCRIÇÃO | C2: =dados!B10 -> Não Desonerado
A3: GRUPO A: ENCARGOS BÁSICOS PREVIDENCIÁRIOS | C3: Horista | D3: Mensalista
A4: A1 | B4: INSS | C4: 0.2 | D4: 0.2
A5: A2 | B5: SESI | C5: 0.015 | D5: 0.015
A6: A3 | B6: SENAI | C6: 0.01 | D6: 0.01
A7: A4 | B7: INCRA | C7: 0.002 | D7: 0.002
A8: A5 | B8: SEBRAE | C8: 0.006 | D8: 0.006
A9: A6 | B9: SALÁRIO-EDUCAÇÃO | C9: 0.025 | D9: 0.025
A10: A7 | B10: SEGURO-ACIDENTE | C10: 0.03 | D10: 0.03
A11: A8 | B11: FGTS | C11: 0.08 | D11: 0.08
A12: A9 | B12: SECONDI | C12: 0 | D12: 0
A13: TOTAL GRUPO A | C13: 0.368 | D13: 0.368
A14: GRUPO B: ENCARGOS QUE RECEBEM INCIDÊNCIA DE A
A15: B1 | B15: REPOUSO SEMANAL REMUNERADO | C15: 0.1778 | D15: 0
A16: B2 | B16: FERIADOS | C16: 0.0421 | D16: 0
A17: B3 | B17: AUXÍLIO-ENFERMIDADE | C17: 0.0088 | D17: 0.0067
A18: B4 | B18: 13º SALÁRIO | C18: 0.1092 | D18: 0.0829
A19: B5 | B19: LICENÇA-PATERNIDADE | C19: 0.0007 | D19: 0.0005
A20: B6 | B20: FALTAS JUSTIFICADAS | C20: 0.0073 | D20: 0.0056
A21: B7 | B21: DIAS DE CHUVAS | C21: 0.0165 | D21: 0
A22: B8 | B22: ACIDENTES DE TRABALHO | C22: 0.0003 | D22: 0.0002
A23: B9 | B23: FÉRIAS | C23: 0.1104 | D23: 0.0838
A24: B10 | B24: SALARIO MATERNIDADE | C24: 0.0004 | D24: 0.0003
A25: TOTAL GRUPO B | C25: 0.4735 | D25: 0.18
A26: GRUPO C: ENCARGOS QUE NÃO RECEBEM A INCIDÊNCIA DE A
A27: C1 | B27: AVISO PRÉVIO INDENIZADO | C27: 0.0418 | D27: 0.0317
A28: C2 | B28: AVISO PRÉVIO TRABALHADO | C28: 0.0011 | D28: 0.0008
A29: C3 | B29: FÉRIAS INDENIZADAS + 1/3 | C29: 0.0359 | D29: 0.0273
A30: C4 | B30: DEPOSITO POR DESPEDIDA INJUSTA | C30: 0.0178 | D30: 0.0135
A31: C5 | B31: INDENIZAÇÃO ADICIONAL | C31: 0.0035 | D31: 0.0026
A32: TOTAL GRUPO C | C32: 0.1001 | D32: 0.0759
A33: GRUPO D: INCIDÊNCIA DE ENCARGOS
A34: D1 | B34: REINCIDÊNCIA DE A SOBRE B | C34: 0.1742 | D34: 0.0662
A35: D2 | B35: REINCIDÊNCIA DE A SOBRE C2 + REINCIDÊNCIA DE FGTS SOBRE C1 | C35: 0.0037 | D35: 0.0028
A36: TOTAL GRUPO D | C36: 0.1779 | D36: 0.069
B37: TOTAL GERAL A + B + C + D | C37: 1.1195 | D37: 0.6929
B38: Fonte: SINAPI

Sheet DMT
A1: OBRA | B1: =dados!B4 -> Rua Giruá, Vila Panorama, Lomba Pinheiro, Porto Alegre, RS
A4: EQUAÇÕES TARIFÁRIAS PARA O TRANSPORTE DE MATERIAIS BETUMINOSOS S/ICMS - Data-base: JUL/2014
A5: Atendendo a Portaria nº 1078, de 11 de agosto de 2015 - DNIT
A6: Revestimento | C6: Equações tarifárias
C7: (Custo Direto - R$/ton)
A8: Rodovia com revestimento asfáltico | C8: 26.939 | D8: + | E8: 0.253
A9: Rodovia com revestimento primário | C9: 26.939 | D9: + | E9: 0.299
A10: Rodovia em leito natural | C10: 26.939 | D10: + | E10: 0.412
A11: Custo do transporte = Custo direto do transporte / (1 - % ICMS/100) - ICMS = 17% ( a partir de 01/01/2022)
B13: Índice | C13: Io (JUL/2014) | D13: Ii (JUL/2026) | E13: Índice Atualização
B14: Pavimentação | C14: 270.237 | D14: 618.721 | E14: =TRUNC(D14/C14,4) -> 2.2895
A16: EQUAÇÕES TARIFÁRIAS PARA O TRANSPORTE DE MATERIAIS BETUMINOSOS C/ICMS (17%) - Data-base: AGO/2023
A17: Revestimento | C17: Equações tarifárias
C18: (Custo Direto - R$/ton)
A19: Rodovia com revestimento asfáltico | C19: =ROUND((C8*$E$14)/$E$25,3) -> 74.309 | D19: + | E19: =ROUND((E8*$E$14)/$E$25,3) -> 0.698
A20: Rodovia com revestimento primário | C20: =ROUND((C9*$E$14)/$E$25,3) -> 74.309 | D20: + | E20: =ROUND((E9*$E$14)/$E$25,3) -> 0.825
A21: Rodovia em leito natural | C21: =ROUND((C10*$E$14)/$E$25,3) -> 74.309 | D21: + | E21: =ROUND((E10*$E$14)/$E$25,3) -> 1.136
C22: =CONCATENATE("(",C19," +",E19," D1 + ",E20," D2 + ",E21," D3",")") -> (74,309 +0,698 D1 + 0,825 D2 + 1,136 D3)
D24: 1 - %ICMS/100
D25: 1 - 0,17= | E25: =1-0.17 -> 0.83
B27: Rodovia com revestimento asfáltico (D1) | C27: Rodovia com revestimento primário (D2) | D27: Rodovia em leito natural (D3) | E27: Custo Transporte Materiais Betuminosos (R$/T)
A28: EMULSÃO ASFALTICA | B28: =C38 -> 36.2 | C28: 0 | D28: 0 | E28: =TRUNC($C$19+($E$19*B28)+($E$20*C28)+($E$21*D28),2) -> 99.57
A29: CAP | B29: =C47 -> 6.6 | C29: 0 | D29: 0 | E29: =TRUNC($C$19+($E$19*B29)+($E$20*C29)+($E$21*D29),2) -> 78.91
A31: DMT da EMULSÃO ASFALTICA (incluso passagem pela pavimentadora)
A32: PEDRACCON (Bc. do Davi, 124, Porto Alegre) | D32: ENCOPAV (Estr. Julio de Castilhos, 1009, São Leopoldo) | G32: TONIOLO (Rua Reinaldo Leopoldino de Souza, 555, Portão) | J32: GIOVANELLA (R. Tilápia, 160, Estância Velha) | M32: SULTEPA (R. Florianópolis, 1000, Estância Velha)
B33: DMT (média) | C33: =MIN(C34:C36) -> 29.6 | E33: DMT (média) | F33: =MIN(F34:F36) -> 22.6 | H33: DMT (média) | I33: =MIN(I34:I36) -> 26.6 | K33: DMT (média) | L33: =MIN(L34:L36) -> 29.6 | N33: DMT (média) | O33: =MIN(O34:O36) -> 28.2
A34: BETUNEL | B34: BR-470, 14 - Faxinal, Montenegro/RS | C34: 75.2 | D34: BETUNEL | E34: BR-470, 14 - Faxinal, Montenegro/RS | F34: 29.3 | G34: BETUNEL | H34: BR-470, 14 - Faxinal, Montenegro/RS | I34: 26.6 | J34: BETUNEL | K34: BR-470, 14 - Faxinal, Montenegro/RS | L34: 34.6 | M34: BETUNEL | N34: BR-470, 14 - Faxinal, Montenegro/RS | O34: 39.2
A35: GRECA | B35: R. Bento Gonçalves, 1850, Esteio/RS | C35: 29.6 | D35: GRECA | E35: R. Bento Gonçalves, 1850, Esteio/RS | F35: 22.6 | G35: GRECA | H35: R. Bento Gonçalves, 1850, Esteio/RS | I35: 32.1 | J35: GRECA | K35: R. Bento Gonçalves, 1850, Esteio/RS | L35: 29.6 | M35: GRECA | N35: R. Bento Gonçalves, 1850, Esteio/RS | O35: 28.2
A36: STRATURA | B36: Brigadeira, Canoas - RS | C36: 34.2 | D36: Brigadeira, Canoas - RS | E36: Brigadeira, Canoas - RS | F36: 25.8 | G36: STRATURA | H36: Brigadeira, Canoas - RS | I36: 35.3 | J36: STRATURA | K36: Brigadeira, Canoas - RS | L36: 32.2 | M36: STRATURA | N36: Brigadeira, Canoas - RS | O36: 31.6
A37: OBRA | B37: Rua Giruá, 23, Porto Alegre/RS | C37: 6.6 | D37: OBRA | E37: Rua Giruá, 23, Porto Alegre/RS | F37: 56.5 | G37: OBRA | H37: Rua Giruá, 23, Porto Alegre/RS | I37: 65 | J37: OBRA | K37: Rua Giruá, 23, Porto Alegre/RS | L37: 62.4 | M37: OBRA | N37: Rua Giruá, 23, Porto Alegre/RS | O37: 62.1
A38: DMT ADOTADO (KM) | C38: =ROUND(C33+C37,2) -> 36.2
A41: DMT do CONCRETO ASFALTICO (CAP)
A42: PEDRACCON | B42: Bc. do Davi, 124 Porto Alegre/RS | C42: 6.6
A43: ENCOPAV | B43: Estr. Julio de Castilhos, 1009 São Leopoldo/RS | C43: 56.5
A44: TONIOLO | B44: Rua Reinaldo Leopoldino de Souza, 555, Portão/RS | C44: 65
A45: GIOVANELLA | B45: R. Tilápia, 160, Estância Velha/RS | C45: 62.4
A46: SULTEPA | B46: R. Florianópolis, 1000, Estância Velha/RS | C46: 62.1
A47: DMT MÉDIO ADOTADO (KM) | C47: =C42 -> 6.6
A50: DMT de Peças de Concreto Pré-moldados
A51: ENGEMIX | B51: R. Gen. Câmara, 1042, Rio Branco, Canoas/RS | C51: 26.1
A52: DOMUS | B52: R. Araçá, 1109, Centro, Canoas/RS | C52: 29.9
A53: DIBLOCOS | B53: R. Voluntários da Pátria, 4069, Navegantes Porto Alegre/RS | C53: 21
A54: DICONCRETUS | B54: Av. Antunes Ribas, 206, Jardim Itu, Porto Alegre/RS | C54: 16.1
A55: DMT ADOTADO (KM) | C55: =C54 -> 16.1
A58: DMT do BRITA/RACHÃO
A59: PEDRACCON | B59: Bc. do Davi, 124 Porto Alegre/RS | C59: 6.6
A60: MINERAÇÃO VERA CRUZ | B60: Estrada Henrique Closs, 200, Gravataí/RS | C60: 46
A61: INCOPEL | B61: Rod. BR 116, Km 232, Estância Velha/RS | C61: 63.4
A62: DMT ADOTADO (KM) | C62: =C59 -> 6.6
A65: DMT do AREIA
A66: H V TRANS. E COM. DE AREIA LTDA | B66: R. Saco do Cabral, 521, Porto Alegre/RS | C66: 25.6
A67: COMERCIAL DE AREIA FERRAZ | B67: R. Saco do Cabral, 701, Porto Alegre/RS | C67: 25.8
A68: ARGAMASSA PAMPA | B68: R. Saco do Cabral, 219, Porto Alegre/RS | C68: 25.5
A69: DMT ADOTADO (KM) | C69: =C68 -> 25.5
A72: DMT do BOTA FORA
A73: MIN. VERA CRUZ | B73: Bc. do Davi, 124 Porto Alegre/RS | C73: 6.6
A74: BRASERV | B74: Av. Ricardo Leonidas Ribas 275, Restinga, Porto Alegre/RS | C74: 6.6
A76: DMT ADOTADO (KM) | C76: =C74 -> 6.6

Sheet quant_pavim
A1: QUANTITATIVO DE PROJETO | G1: QUANTITATIVO DE TERRAPLANAGEM | Z1: QUADRO RESUMO DE TERRAPLENAGEM
A2: Rua Giruá
A3: Estaca 0 à Estaca 5+14,14
A4: (da interseção com a Rua Taunaí da Silva Boeira até o final)
A5: EXTENSÃO DE PROJETO: | B5: =5*20+14.14 -> 114.14 | C5: m
G6: ESTACA | I6: ÁREA (m²) | P6: DISTÂNCIA (m) | R6: VOLUME GEOMÉTRICO (m³) | Z6: Material Escavado (compactado) | AG6: Destino
A7: Pavimentação pista | I7: CORTE | K7: ATERRO | N7: LIMPEZA | R7: CORTE | T7: ATERRO | W7: LIMPEZA | Z7: Tipo | AE7: Un. | AF7: Corte Solo | AG7: Aterro | AH7: Bota-fora
A8: Material | B8: Camada (m) | C8: Área (m²) | D8: Volume (m³) | I8: PISTA | J8: PASSEIO | K8: PISTA | L8: PASSEIO | M8: VALA | R8: PISTA | S8: PASSEIO | T8: PISTA | U8: PASSEIO | V8: VALA
A9: CBUQ | B9: 0.05 | C9: 645.63 | D9: =TRUNC(C9*B9,2) -> 32.28 | Z9: Pista | AE9: m³ | AF9: =R27/Z23 -> 200.288 | AG9: =AF18 -> 53.2956 | AH9: =AF9-AG9 -> 146.9924
A10: Base de brita graduada | B10: 0.2 | C10: =C15 -> 702.65 | D10: =TRUNC(C10*B10,2) -> 140.53 | G10: 0+2,93 | I10: 2.2284 | J10: 0.1629 | K10: 0 | L10: 0.9201 | M10: 0 | N10: 1.3913 | P10: 0 | R10: 0 | S10: 0 | T10: 0 | U10: 0 | V10: 0 | W10: 0 | Z10: Passeio | AE10: m³ | AF10: =S27/Z23 -> 29.416 | AG10: - | AH10: =AF10 -> 29.416
A11: Sub-base de rachão | B11: 0.2 | C11: =C15 -> 702.65 | D11: =TRUNC(C11*B11,2) -> 140.53 | G11: 0+10 | I11: =I34-6.5*0.11 -> 1.7871 | J11: 0.2902 | K11: 0 | L11: 0.4739 | M11: 0 | N11: 1.2027 | P11: =10-2.93 -> 7.07 | R11: =((I11+I10)/2)*$P11 -> 14.194793 | S11: =((J11+J10)/2)*$P11 -> 1.6017085 | T11: =((K11+K10)/2)*$P11 -> 0 | U11: =((L11+L10)/2)*$P11 -> 4.92779 | V11: =((M11+M10)/2)*$P11 -> 0 | W11: =((N11+N10)/2)*$P11 -> 9.16979 | Z11: Limpeza (10 cm) | AE11: m³ | AF11: =W27/Z23 -> 102.976 | AG11: - | AH11: =AF11 -> 102.976
A12: Reforço de areia | B12: 0 | C12: =C15 -> 702.65 | D12: =TRUNC(C12*B12,2) -> 0 | G12: 1 | I12: =I35-6.5*0.11 -> 2.8234 | J12: 0.1302 | K12: 0 | L12: 0.4227 | M12: 0 | N12: 1.2164 | P12: 10 | R12: =((I12+I11)/2)*$P12 -> 23.0525 | S12: =((J12+J11)/2)*$P12 -> 2.102 | T12: =((K12+K11)/2)*$P12 -> 0 | U12: =((L12+L11)/2)*$P12 -> 4.483 | V12: =((M12+M11)/2)*$P12 -> 0 | W12: =((N12+N11)/2)*$P12 -> 12.0955 | Z12: Total | AE12: m³ | AF12: =SUM(AF9:AF11) -> 332.68 | AG12: =SUM(AG9:AG11) -> 53.2956 | AH12: =SUM(AH9:AH11) -> 279.3844
G13: 1+10 | I13: =I36-6.5*0.11 -> 2.554 | J13: 0.1522 | K13: 0 | L13: 0.3657 | M13: 0 | N13: 1.3294 | P13: 10 | R13: =((I13+I12)/2)*$P13 -> 26.887 | S13: =((J13+J12)/2)*$P13 -> 1.412 | T13: =((K13+K12)/2)*$P13 -> 0 | U13: =((L13+L12)/2)*$P13 -> 3.942 | V13: =((M13+M12)/2)*$P13 -> 0 | W13: =((N13+N12)/2)*$P13 -> 12.729
A14: Limpeza e destocamento | C14: =W27/0.1 -> 1287.2 | D14: m² | G14: 2 | I14: =I37-6.5*0.11 -> 2.0587 | J14: 0.1699 | K14: 0 | L14: 0.4496 | M14: 0 | N14: 1.1555 | P14: 10 | R14: =((I14+I13)/2)*$P14 -> 23.0635 | S14: =((J14+J13)/2)*$P14 -> 1.6105 | T14: =((K14+K13)/2)*$P14 -> 0 | U14: =((L14+L13)/2)*$P14 -> 4.0765 | V14: =((M14+M13)/2)*$P14 -> 0 | W14: =((N14+N13)/2)*$P14 -> 12.4245 | Z14: Aterro Projeto | AG14: Origem
A15: Regularização do subleito | C15: 702.65 | D15: m² | G15: 2+10 | I15: =I38-6.5*0.11 -> 2.2305 | J15: 0.2181 | K15: 0 | L15: 0.1256 | M15: 0 | N15: 1.121 | P15: 10 | R15: =((I15+I14)/2)*$P15 -> 21.446 | S15: =((J15+J14)/2)*$P15 -> 1.94 | T15: =((K15+K14)/2)*$P15 -> 0 | U15: =((L15+L14)/2)*$P15 -> 2.876 | V15: =((M15+M14)/2)*$P15 -> 0 | W15: =((N15+N14)/2)*$P15 -> 11.3825 | Z15: Tipo | AE15: Un. | AF15: Aterro | AG15: Material Escavado | AH15: Material Importado
A16: Área de regularização do passeio | C16: =SUM(C17:C19) -> 357.27 | D16: m² | G16: 3 | I16: =I39-6.5*0.11 -> 2.688 | J16: 0.806 | K16: 0 | L16: 0.6478 | M16: 0 | N16: 1.1991 | P16: 10 | R16: =((I16+I15)/2)*$P16 -> 24.5925 | S16: =((J16+J15)/2)*$P16 -> 5.1205 | T16: =((K16+K15)/2)*$P16 -> 0 | U16: =((L16+L15)/2)*$P16 -> 3.867 | V16: =((M16+M15)/2)*$P16 -> 0 | W16: =((N16+N15)/2)*$P16 -> 11.6005
A17: Concreto "in loco" 6 cm + lastro de brita 5 cm | C17: 217.65 | D17: m² | G17: 3+10 | I17: =I40-6.5*0.11 -> 2.2018 | J17: 0.344 | K17: 0 | L17: 0.6572 | M17: 0 | N17: 1.1766 | P17: 10 | R17: =((I17+I16)/2)*$P17 -> 24.449 | S17: =((J17+J16)/2)*$P17 -> 5.75 | T17: =((K17+K16)/2)*$P17 -> 0 | U17: =((L17+L16)/2)*$P17 -> 6.525 | V17: =((M17+M16)/2)*$P17 -> 0 | W17: =((N17+N16)/2)*$P17 -> 11.8785 | Z17: Pista | AE17: m³ | AF17: =T27 -> 0 | AG17: - | AH17: =AF17 -> 0
A18: Concreto "in loco" 12 cm + tela Q92 + lastro de brita 5 cm | C18: 139.62 | D18: m² | G18: 4 | I18: =I41-6.5*0.11 -> 2.2583 | J18: 0.5973 | K18: 0 | L18: 0.4168 | M18: 0 | N18: 1.1523 | P18: 10 | R18: =((I18+I17)/2)*$P18 -> 22.3005 | S18: =((J18+J17)/2)*$P18 -> 4.7065 | T18: =((K18+K17)/2)*$P18 -> 0 | U18: =((L18+L17)/2)*$P18 -> 5.37 | V18: =((M18+M17)/2)*$P18 -> 0 | W18: =((N18+N17)/2)*$P18 -> 11.6445 | Z18: Passeio (geométrico + reaterro) | AE18: m³ | AF18: =U27+0.02*2*114.14 -> 53.2956 | AG18: =AF18 -> 53.2956 | AH18: -
B19: Rampas de pedestres | C19: 0 | D19: m² | G19: 4+10 | I19: =I42-6.5*0.11 -> 2.261 | J19: 0.6965 | K19: 0 | L19: 0.4392 | M19: 0 | N19: 1.1244 | P19: 10 | R19: =((I19+I18)/2)*$P19 -> 22.5965 | S19: =((J19+J18)/2)*$P19 -> 6.469 | T19: =((K19+K18)/2)*$P19 -> 0 | U19: =((L19+L18)/2)*$P19 -> 4.28 | V19: =((M19+M18)/2)*$P19 -> 0 | W19: =((N19+N18)/2)*$P19 -> 11.3835 | Z19: Valas | AE19: m³ | AF19: =V27 -> 0 | AG19: - | AH19: =AF19 -> 0
A20: Piso podotátil 40x40 | C20: =SUM(C21:C22) -> 176 | D20: m | G20: 5 | I20: =I43-6.5*0.11 -> 1.9223 | J20: 0.0265 | K20: 0 | L20: 0.393 | M20: 0 | N20: 1.0187 | P20: 10 | R20: =((I20+I19)/2)*$P20 -> 20.9165 | S20: =((J20+J19)/2)*$P20 -> 3.615 | T20: =((K20+K19)/2)*$P20 -> 0 | U20: =((L20+L19)/2)*$P20 -> 4.161 | V20: =((M20+M19)/2)*$P20 -> 0 | W20: =((N20+N19)/2)*$P20 -> 10.7155 | Z20: Aterro Total | AE20: m³ | AF20: =SUM(AF17:AF19) -> 53.2956 | AG20: =SUM(AG17:AG19) -> 53.2956 | AH20: =SUM(AH17:AH19) -> 0
B21: alerta | C21: 46 | D21: m | G21: 5+6,76 | I21: =I44-6.5*0.11 -> 2.7278 | J21: 0.1658 | K21: 0 | L21: 0.1598 | M21: 0 | N21: 1.0107 | P21: 6.76 | R21: =((I21+I20)/2)*$P21 -> 15.717338 | S21: =((J21+J20)/2)*$P21 -> 0.649974 | T21: =((K21+K20)/2)*$P21 -> 0 | U21: =((L21+L20)/2)*$P21 -> 1.868464 | V21: =((M21+M20)/2)*$P21 -> 0 | W21: =((N21+N20)/2)*$P21 -> 6.859372
B22: direcional | C22: 130 | D22: m | G22: 5+8,79 | I22: =I45-3.5*0.11 -> 1.6412 | J22: 0.2752 | K22: 0 | L22: 0.2662 | M22: 0 | N22: 1.0364 | P22: =8.79-6.76 -> 2.03 | R22: =((I22+I21)/2)*$P22 -> 4.434535 | S22: =((J22+J21)/2)*$P22 -> 0.447615 | T22: =((K22+K21)/2)*$P22 -> 0 | U22: =((L22+L21)/2)*$P22 -> 0.43239 | V22: =((M22+M21)/2)*$P22 -> 0 | W22: =((N22+N21)/2)*$P22 -> 2.0778065 | Z22: Empolamento
A23: Meio-fio de concreto | C23: =13.53+110.74+3+112.66 -> 239.93 | D23: m | G23: 5+10 | I23: =I46-3.5*0.11 -> 1.7886 | J23: 0.368 | K23: 0 | L23: 0.3567 | M23: 0 | N23: 0.9519 | P23: =10-8.79 -> 1.21 | R23: =((I23+I22)/2)*$P23 -> 2.075029 | S23: =((J23+J22)/2)*$P23 -> 0.389136 | T23: =((K23+K22)/2)*$P23 -> 0 | U23: =((L23+L22)/2)*$P23 -> 0.3768545 | V23: =((M23+M22)/2)*$P23 -> 0 | W23: =((N23+N22)/2)*$P23 -> 1.2029215 | Z23: 1.25 | AA23: 1ª cat
B24: entradas de garagem | C24: 54.27 | D24: m | G24: 5+11,79 | I24: =I47-3.5*0.11 -> 1.467 | J24: 0.0123 | K24: 0 | L24: 0.5942 | M24: 0 | N24: 0.9345 | P24: 1.79 | R24: =((I24+I23)/2)*$P24 -> 2.913762 | S24: =((J24+J23)/2)*$P24 -> 0.3403685 | T24: =((K24+K23)/2)*$P24 -> 0 | U24: =((L24+L23)/2)*$P24 -> 0.8510555 | V24: =((M24+M23)/2)*$P24 -> 0 | W24: =((N24+N23)/2)*$P24 -> 1.688328 | AA24: 2ª cat
B25: transição | C25: =17*2 -> 34 | D25: m | G25: 5+14,14 | I25: 0 | J25: 0.5173 | K25: 0 | L25: 0 | M25: 0 | N25: 0.6588 | P25: =14.14-11.79 -> 2.35 | R25: =((I25+I24)/2)*$P25 -> 1.723725 | S25: =((J25+J24)/2)*$P25 -> 0.62228 | T25: =((K25+K24)/2)*$P25 -> 0 | U25: =((L25+L24)/2)*$P25 -> 0.698185 | V25: =((M25+M24)/2)*$P25 -> 0 | W25: =((N25+N24)/2)*$P25 -> 1.8721275 | AA25: 3ª cat
B26: enterrado | C26: 13.53 | D26: m²
B27: 15 cm | C27: =C23-C24-C25-C26 -> 138.13 | D27: m² | G27: TOTAL: | R27: =TRUNC(SUM(R10:R25),2) -> 250.36 | S27: =TRUNC(SUM(S10:S25),2) -> 36.77 | T27: =TRUNC(SUM(T10:T25),2) -> 0 | U27: =TRUNC(SUM(U10:U25),2) -> 48.73 | V27: =TRUNC(SUM(V10:V25),2) -> 0 | W27: =TRUNC(SUM(W10:W25),2) -> 128.72
A28: Grama para enleivamento do passeio | C28: 120.23 | D28: m²
G29: APOIO TERRAPLENAGEM
G30: ESTACA | I30: ÁREAS (m²)
I31: CORTE | K31: ATERRO | N31: LIMPEZA
A32: Remoção de Elementos | I32: PISTA | J32: PASSEIO | K32: PISTA | L32: PASSEIO | M32: VALA
A33: Descrição | B33: Unidade | C33: Remoção | G33: 0+2,93 | I33: 3.13
A34: Pavimento Asfáltico (Pista) | B34: m² | C34: 31.56 | G34: 0+10 | I34: 2.5021
A35: Pavimento Asfáltico (Passeio) | B35: m² | C35: 0 | G35: 1 | I35: 3.5384
A36: Piso de Concreto | B36: m² | C36: 80.3 | G36: 1+10 | I36: 3.269
A37: Bloco de concreto | B37: m² | C37: 0 | G37: 2 | I37: 2.7737
A38: Basalto Regular | B38: m² | C38: 0 | G38: 2+10 | I38: 2.9455
A39: Basalto Irregular | B39: m² | C39: 0 | G39: 3 | I39: 3.403
A40: Lajota de Concreto | B40: m² | C40: 0 | G40: 3+10 | I40: 2.9168
A41: Meio-fio | B41: m | C41: =4.01+5.43 -> 9.44 | G41: 4 | I41: 2.9733
A42: Árvores | B42: un | C42: 0 | G42: 4+10 | I42: 2.976
A43: Postes | B43: un | C43: 0 | G43: 5 | I43: 2.6373
G44: 5+6,76 | I44: 3.4428
G45: 5+8,79 | I45: 2.0262
G46: 5+10 | I46: 2.1736
G47: 5+11,79 | I47: 1.852
G48: 5+14,14 | I48: 0

Sheet quant_drenagem
A1: Item | B1: Descrição | C1: Qtd. | D1: Un
A2: 1. ESCAVAÇÃO
A3: 1.1 | B3: ESCAVAÇÃO GERAL ATÉ 1,5 M | C3: 389.52 | D3: m³
A4: 1.2 | B4: ESCAVAÇÃO GERAL ENTRE 1,5 M E 3,0M | C4: 0 | D4: m³
A5: 1.3 | B5: ESCAVAÇÃO GERAL ACIMA DE 3,0 M | C5: 0 | D5: m³
A6: 1.4 | B6: ESCAVAÇÃO MANUAL ATÉ 1,5 M | C6: 0 | D6: m³
A7: 1.5 | B7: ESCAVAÇÃO MECANICA ATE 1,5 M | C7: 389.52 | D7: m³
A8: 1.6 | B8: ESCAVAÇÃO COM MINIESCAVAEIRA (BOBCAT) | C8: 0 | D8: m³
A9: 1.7 | B9: ESCAVAÇÃO MECANICA ENTRE 1,5 M E 3,0M | C9: 0 | D9: m³
A10: 1.8 | B10: ESCAVAÇÃO MECANICA SOLOS MOLES | C10: 0 | D10: m³
A11: 1.9 | B11: ESCAVAÇÃO LEITO EM ROCHA | C11: 0 | D11: m³
A13: 2. REMOÇÃO DO MATERIAL ESCAVADO
A14: 2.1 | B14: REMOÇÃO DE MATERIAL ESCAVADO | C14: 114.18 | D14: m³
A15: 2.2 | B15: REMOÇÃO DE MATERIAL ESCAVADO (ASFALTO) | C15: 0 | D15: m³
A17: 3. REATERRO
A18: 3.1 | B18: REATERRO COM SOLO LOCAL | C18: 239.43 | D18: m³
A19: 3.2 | B19: REATERRO COM BRITA N°1 (ATÉ 1/3 ALTURA DO TUBO ATÉ DN600) | C19: 12.02 | D19: m³
A20: 3.3 | B20: REATERRO COM BRITA N°1 (ATÉ 1/3 ALTURA DO TUBO MAIOR DN800) | C20: 34.9 | D20: m³
A21: 3.4 | B21: REATERRO COM SAIBRO IMPORTADO ISC>20% (COMPACTADO MANUALMENTE) | C21: 0 | D21: m³
A22: 3.5 | B22: REATERRO COM SAIBRO IMPORTADO ISC>20% (COMPACTADO MECANICAMENTE) | C22: 0 | D22: m³
A24: 4. ESCORAMENTO
A25: 4.1 | B25: ESCORAMENTO DESCONTINUO MADEIRA | C25: 98.36 | D25: m²
A26: 4.2 | B26: ESCORAMENTO CONTINUO MADEIRA | C26: 0 | D26: m²
A27: 4.3 | B27: ESCORAMENTO METÁLICO BLINDAGEM PESADA | C27: 0 | D27: m
A28: 4.4 | B28: ESCORAMENTO CONTINUO METALICO | C28: 0 | D28: m²
A30: 5. BASE ASSENTAMENTO DA TUBULAÇÃO
A31: 5.1 | B31: ENROCAMENTO COM PEDRA AMARROADA (15cm) PARA VALA DESCARGA | C31: 0 | D31: m³
A32: 5.2 | B32: RADIER DE 10cm | C32: 10.22 | D32: m³
A33: 5.3 | B33: LASTRO BRITA (10cm) PARA TUBOS ATÉ DN600 | C33: 12.51 | D33: m³
A34: 5.4 | B34: LASTRO BRITA (10cm) PARA TUBOS MAIOR OU IGUAL A DN800 | C34: 14.3 | D34: m³
A36: 6. FORNECIMENTO DE TUBOS
A37: 6.1 | B37: FORNECIMENTO TUBO CONCRETO DN 300mm | C37: 22.71 | D37: m
A38: 6.2 | B38: FORNECIMENTO TUBO CONCRETO PA3 DN 400mm | C38: 71.43 | D38: m
A39: 6.3 | B39: FORNECIMENTO TUBO CONCRETO DN 500mm | C39: 27.7 | D39: m
A40: 6.4 | B40: FORNECIMENTO TUBO CONCRETO PA3 DN 600mm | C40: 0 | D40: m
A41: 6.5 | B41: FORNECIMENTO TUBO DE CONCRETO PA3 DN 800mm | C41: 88.1 | D41: m
A42: 6.6 | B42: FORNECIMENTO TUBO CONCRETO DN 1000mm | C42: 0 | D42: m
A43: 6.7 | B43: FORNECIMENTO TUBO CONCRETO DN 1200mm | C43: 0 | D43: m
A44: 6.8 | B44: FORNECIMENTO GALERIA/ADUELA 2000x1000mm ESP. 150mm MÍSULA 150mm | C44: 0 | D44: m
A46: 7. REMOÇÃO DE PAVIMENTAÇÃO
A47: 7.1 | B47: REMOÇÃO - ASFALTO (vias LOCAIS e=5 cm) | C47: 15.86 | D47: m³
A48: 7.2 | B48: REMOÇÃO - ASFALTO (base paralelepípedo e=5cm) | C48: 0 | D48: m³
A49: 7.3 | B49: REMOÇÃO - PARALELEPIPEDO / PEDRA IRREGULAR | C49: 0 | D49: m²
A50: 7.4 | B50: REMOÇÃO - BLOCOS DE CONCRETO INTERTRAVADOS | C50: 0 | D50: m²
A51: 7.5 | B51: REMOÇÃO - BASALTO REGULAR / IRREGULAR | C51: 0 | D51: m²
A52: 7.6 | B52: REMOÇÃO - LAJE DE GRES | C52: 0 | D52: m²
A53: 7.7 | B53: REMOÇÃO - PISO CIMENTADO/DESEMPENADO | C53: 0 | D53: m²
A54: 7.8 | B54: REMOÇÃO - GRAMA EM LEIVA | C54: 0 | D54: m²
A55: 7.9 | B55: MEIO-FIO DE CONCRETO PRÉ-MOLDADO PARA VIAS SEM PAVIMENTO | C55: 0 | D55: m
A56: 7.10 | B56: REMOÇÃO PEDRA DE GRANITO (DESCARGA) | C56: 0 | D56: m²
A58: 8. EXECUÇÃO DE POÇOS DE VISITA
A59: 8.1 | B59: PLUVIAL - PV TIPO A - 0,80x0,80x1,00 - VIA - COMPLETO | C59: 2 | D59: un
A60: 8.2 | B60: PLUVIAL - PV TIPO A - 0,80x0,80x1,50 - CALÇADA - COMPLETO | C60: 0 | D60: un
A61: 8.3 | B61: METRO ADICIONAL DE POCO DE VISITA TIPO A | C61: 0.59 | D61: m
A62: 8.4 | B62: PLUVIAL - PV TIPO B - 1,00x1,00x1,50 - VIA - COMPLETO | C62: 1 | D62: un
A63: 8.5 | B63: PLUVIAL - PV TIPO B - 1,00x1,00x1,50 - CALÇADA COMPLETO | C63: 0 | D63: un
A64: 8.6 | B64: METRO ADICIONAL DE POCO DE VISITA TIPO B | C64: 0 | D64: m
A65: 8.7 | B65: PLUVIAL - PV - TIPO E - 1,50x1,50 - VIA - COMPLETO | C65: 2.4 | D65: m
A66: 8.8 | B66: PLUVIAL - PV - TIPO E - 1,20x1,20 - VIA - COMPLETO | C66: 4.41 | D66: m
A67: 8.9 | B67: TAMPÃO DE FERRO DN 600 - FORNEC E INSTALAÇÃO | C67: 1 | D67: un
A68: 8.10 | B68: TAMPÃO DE FERRO DN 800 - FORNEC E INSTALAÇÃO | C68: 0 | D68: un
A69: 8.11 | B69: BOCA DE LOBO SIMPLES | C69: 2 | D69: un
A70: 8.12 | B70: BOCA DE LOBO DUPLA | C70: 0 | D70: un
... A73: 8.15 | B73: GRELHA FARROUPILHA SIMPLES | C73: 0 | D73: un
A75: 9. ENVELOPAMENTO
A76: 9.1 | B76: ENVELOPAMENTO DE CONCRETO | C76: 14.09 | D76: m³
A78: 10. SINALIZAÇÃO
A79: 10.1 | B79: EXTENSÃO DE SINALIZAÇÃO | C79: 0 | D79: m³
A80: 10.2 | B80: SINALIZAÇÃO - CARRO SETA - LOCAÇÃO | C80: 0 | D80: d
A81: 10.3 | B81: PLACA DE OBRA | C81: 0 | D81: m²
A83: 11. DIVERSOS
A84: 11.1 | B84: REMANEJAMENTO DE REDE DE ÁGUA ATÉ DN 300mm | C84: 51 | D84: m
A85: 11.2 | B85: EXTENSÃO DE PROJETO REDES (CADASTRO) | C85: 209.95 | D85: m
A86: 11.3 | B86: ESCAVAR VALA DESCARGA REDE PLUVIAL | C86: 0 | D86: m³
A87: 11.4 | B87: ALAS DE PEDRA (paredes) | C87: 2.78 | D87: m²
A88: 11.5 | B88: ALAS DE PEDRA (Base concreto + viga) | C88: 0.58 | D88: m³
A89: 11.6 | B89: REPOSIÇÃO ASFALTO e=5cm | C89: 15.86 | D89: m³
A90: 11.7 | B90: IMPRIMAÇÃO ASFALTICA | C90: 317.17 | D90: m²
A91: 11.8 | B91: BASE DE BRITA GRADUADA e=15cm | C91: 47.58 | D91: m³
A92: 11.9 | B92: SUB-BASE DE RACHÃO e=15cm | C92: 47.58 | D92: m³
A93: 11.10 | B93: DEMOLIÇÃO E TRANSPORTE DE ALVENARIA DE PVs TIPO A - 4 un. na Rua Tanaui da Silva Boeira | C93: 3.48 | D93: m³
A94: 11.11 | B94: REMOÇÃO E TRANSPORTE TUBO CONCRETO DN300mm na Rua Tanaui | C94: 59.84 | D94: m

Sheet empolamentos
A1: Material | B1: Índice empolamento | C1: Fonte
A2: Entulho | B2: 0.4 | C2: bibliografias
A3: Areia (aterro) | B3: 0.3889 | C3: SINAPI 94339
A4: Brita Graduada | B4: 0.3 | C4: SICRO 4011276 - TCPO 02.720.8.3.1
A5: Limpeza Terreno | B5: 0.25 | C5: CADERNO SINAPI
A6: Escavação Solo 1a cat. | B6: 0.25 | C6: CADERNO SINAPI
A7: Brita | B7: 0.1 | C7: SINAPI 101624
A8: Rachão | B8: 0.1 | C8: SINAPI 96399
A9: Peças pre-moldadas | B9: 2.4 | C9: toneladas/m3
A10: Concreto asfaltico | B10: 0.2 | C10: bibliografias

Sheet SINAPI-comp
A1: SINAPI - Sistema Nacional de Pesquisa de Custos e Índices da Construção Civil
A2: RELATÓRIO DE CUSTOS DE COMPOSIÇÕES - ENCARGOS SOCIAIS SEM DESONERAÇÃO
A3: Mês de Referência: | B3: 07/2026 | D3: Encargos sociais sobre a mão de obra:
A4: Data de emissão: | B4: 11/08/2026 | D4: (SEM DESONERAÇÃO) | E4: RS
D5: Localidade | E5: PORTO ALEGRE
A6: Observação: | B6: %AS (porcentagem Atribuído São Paulo) corresponde a porcentagem do custo total da | D6: Horista | E6: 1.1195
B7: composição que foi obtida utilizando preços de insumos de São Paulo por indisponibilidade | D7: Mensalista | E7: 0.6929
B8: dos preços de insumos necessários à composição no estado em questão. Custo zerado (hífen)
B9: indica que pelo menos um dos itens da composição não tem custo/preço. | E9: RS
A10: Grupo | B10: Código da Composição | C10: Descrição | D10: Unidade | E10: Custo (R$) | F10: %AS | G10: % de MO | H10: R$ de MAT+EQ
B11: 104658 | C11: PISO PODOTÁTIL DE ALERTA OU DIRECIONAL, DE CONCRETO, ASSENTADO SOBRE ARGAMASSA. AF_03/2024 | D11: M2 | E11: 155.61 | F11: 0 | G11: =VLOOKUP(B11,'SINAPI-%MO'!B:E,4,0) -> 0.3398 | H11: =IF(E11>0,TRUNC(E11*(1-G11),2),"") -> 102.73
B12: 105002 | C12: RAMPA DE ACESSIBILIDADE EM CONCRETO MOLDADO IN LOCO, EM CALÇADA NOVA COM LARGURA MAIOR OU IGUAL À 3,00 M, FCK 25MPA, COM PISO PODOTÁTIL. AF_03/2024 | D12: UN | E12: 791.89 | F12: 0 | G12: =VLOOKUP(B12,'SINAPI-%MO'!B:E,4,0) -> 0.4969 | H12: =IF(E12>0,TRUNC(E12*(1-G12),2),"") -> 398.39
B13: 105004 | C13: RAMPA DE ACESSIBILIDADE EM CONCRETO MOLDADO IN LOCO, EM CALÇADA NOVA COM LARGURA MENOR À 3,00 M, FCK 25MPA, COM PISO PODOTÁTIL. AF_03/2024 | D13: M2 | E13: 136.31 | F13: 0 | G13: =VLOOKUP(B13,'SINAPI-%MO'!B:E,4,0) -> 0.4998 | H13: =IF(E13>0,TRUNC(E13*(1-G13),2),"") -> 68.18
B14: 105003 | C14: RAMPA DE ACESSIBILIDADE EM CONCRETO MOLDADO IN LOCO, EM CALÇADA PRÉ EXISTENTE COM LARGURA MAIOR OU IGUAL À 3,00 M, FCK 25MPA, COM PISO PODOTÁTIL. AF_03/2024 | D14: UN | E14: 1293.05 | F14: 0.049 | G14: =VLOOKUP(B14,'SINAPI-%MO'!B:E,4,0) -> 0.6142 | H14: =IF(E14>0,TRUNC(E14*(1-G14),2),"") -> 498.85
B15: 105005 | C15: RAMPA DE ACESSIBILIDADE EM CONCRETO MOLDADO IN LOCO, EM CALÇADA PRÉ EXISTENTE COM LARGURA MENOR À 3,00 M, FCK 25MPA, COM PISO PODOTÁTIL. AF_03/2024 | D15: M2 | E15: 229.11 | F15: 0.0512 | G15: =VLOOKUP(B15,'SINAPI-%MO'!B:E,4,0) -> 0.6212 | H15: =IF(E15>0,TRUNC(E15*(1-G15),2),"") -> 86.78
B16: 105006 | C16: RAMPA DE ACESSIBILIDADE EM CONCRETO PRÉ MOLDADO, EM CALÇADA NOVA COM LARGURA MAIOR OU IGUAL À 3,00 M, FCK 25MPA, COM PISO PODOTÁTIL. AF_03/2024 | D16: UN | E16: 0 | G16: =VLOOKUP(B16,'SINAPI-%MO'!B:E,4,0) -> #N/A | H16: =IF(E16>0,TRUNC(E16*(1-G16),2),"")
B17: 104999 | C17: RAMPA DE ACESSIBILIDADE EM CONCRETO PRÉ MOLDADO, EM CALÇADA PRÉ EXISTENTE COM LARGURA MAIOR OU IGUAL À 3,00 M, FCK 25MPA, COM PISO PODOTÁTIL. AF_03/2024 | D17: UN | E17: 0 | G17: =VLOOKUP(B17,'SINAPI-%MO'!B:E,4,0) -> #N/A | H17: =IF(E17>0,TRUNC(E17*(1-G17),2),"")
B18: 105000 | C18: RAMPA DE ACESSIBILIDADE PARA ACESSO A EDIFICAÇÕES COM INCLINAÇÃO DE 8,33% EM CONCRETO MOLDADO IN LOCO, COM LARGURA DE 1,20M, FCK 25MPA, NÃO ARMADA, COM JUNTA A CADA 2M COM CORTE À SECO. AF_03/2024 | D18: M | E18: 1254.52 | F18: 0.0093 | G18: =VLOOKUP(B18,'SINAPI-%MO'!B:E,4,0) -> 0.3545 | H18: =IF(E18>0,TRUNC(E18*(1-G18),2),"") -> 809.79
B19: 105001 | C19: RAMPA DE ACESSIBILIDADE PARA ACESSO A EDIFICAÇÕES COM INCLINAÇÃO DE 8,33% EM CONCRETO MOLDADO IN LOCO, COM LARGURA DE 1,50M, FCK 25MPA, NÃO ARMADA, COM JUNTA A CADA 2M COM CORTE À SECO. AF_03/2024 | D19: M | E19: 1291.66 | F19: 0.0091 | G19: =VLOOKUP(B19,'SINAPI-%MO'!B:E,4,0) -> 0.3492 | H19: =IF(E19>0,TRUNC(E19*(1-G19),2),"") -> 840.61
B20: 107344 | C20: ALVENARIA ESTRUTURAL DE BLOCOS CERÂMICOS 14X19X29 CM (ESPESSURA 14 CM), FBK = 10 MPA, UTILIZANDO COLHER DE PEDREIRO. AF_07/2026 | D20: M2 | E20: 0 | G20: =VLOOKUP(B20,'SINAPI-%MO'!B:E,4,0) -> #N/A | H20: =IF(E20>0,TRUNC(E20*(1-G20),2),"")
B21: 107342 | C21: ALVENARIA ESTRUTURAL DE BLOCOS CERÂMICOS 14X19X29 CM (ESPESSURA 14 CM), FBK = 10 MPA, UTILIZANDO PALHETA. AF_07/2026 | D21: M2 | E21: 0 | G21: =VLOOKUP(B21,'SINAPI-%MO'!B:E,4,0) -> #N/A | H21: =IF(E21>0,TRUNC(E21*(1-G21),2),"")
B22: 107348 | C22: ALVENARIA ESTRUTURAL DE BLOCOS CERÂMICOS 14X19X29 CM (ESPESSURA 14 CM), FBK = 12 MPA, UTILIZANDO COLHER DE PEDREIRO. AF_07/2026 | D22: M2 | E22: 0 | G22: =VLOOKUP(B22,'SINAPI-%MO'!B:E,4,0) -> #N/A | H22: =IF(E22>0,TRUNC(E22*(1-G22),2),"")
B23: 107346 | C23: ALVENARIA ESTRUTURAL DE BLOCOS CERÂMICOS 14X19X29 CM (ESPESSURA 14 CM), FBK = 12 MPA, UTILIZANDO PALHETA. AF_07/2026 | D23: M2 | E23: 0 | G23: =VLOOKUP(B23,'SINAPI-%MO'!B:E,4,0) -> #N/A | H23: =IF(E23>0,TRUNC(E23*(1-G23),2),"")
B24: 107350 | C24: ALVENARIA ESTRUTURAL DE BLOCOS CERÂMICOS 14X19X29 CM (ESPESSURA 14 CM), FBK = 14 MPA, UTILIZANDO COLHER DE PEDREIRO. AF_07/2026 | D24: M2 | E24: 0 | G24: =VLOOKUP(B24,'SINAPI-%MO'!B:E,4,0) -> #N/A | H24: =IF(E24>0,TRUNC(E24*(1-G24),2),"")
B25: 107349 | C25: ALVENARIA ESTRUTURAL DE BLOCOS CERÂMICOS 14X19X29 CM (ESPESSURA 14 CM), FBK = 14 MPA, UTILIZANDO PALHETA. AF_07/2026 | D25: M2 | E25: 0 | G25: =VLOOKUP(B25,'SINAPI-%MO'!B:E,4,0) -> #N/A | H25: =IF(E25>0,TRUNC(E25*(1-G25),2),"")
B26: 107352 | C26: ALVENARIA ESTRUTURAL DE BLOCOS CERÂMICOS 14X19X29 CM (ESPESSURA 14 CM), FBK = 16 MPA, UTILIZANDO COLHER DE PEDREIRO. AF_07/2026 | D26: M2 | E26: 0 | G26: =VLOOKUP(B26,'SINAPI-%MO'!B:E,4,0) -> #N/A | H26: =IF(E26>0,TRUNC(E26*(1-G26),2),"")
B27: 107351 | C27: ALVENARIA ESTRUTURAL DE BLOCOS CERÂMICOS 14X19X29 CM (ESPESSURA 14 CM), FBK = 16 MPA, UTILIZANDO PALHETA. AF_07/2026 | D27: M2 | E27: 0 | G27: =VLOOKUP(B27,'SINAPI-%MO'!B:E,4,0) -> #N/A | H27: =IF(E27>0,TRUNC(E27*(1-G27),2),"")
B28: 107354 | C28: ALVENARIA ESTRUTURAL DE BLOCOS CERÂMICOS 14X19X29 CM (ESPESSURA 14 CM), FBK = 18 MPA, UTILIZANDO COLHER DE PEDREIRO. AF_07/2026 | D28: M2 | E28: 0 | G28: =VLOOKUP(B28,'SINAPI-%MO'!B:E,4,0) -> #N/A | H28: =IF(E28>0,TRUNC(E28*(1-G28),2),"")
B29: 107353 | C29: ALVENARIA ESTRUTURAL DE BLOCOS CERÂMICOS 14X19X29 CM (ESPESSURA 14 CM), FBK = 18 MPA, UTILIZANDO PALHETA. AF_07/2026 | D29: M2 | E29: 0 | G29: =VLOOKUP(B29,'SINAPI-%MO'!B:E,4,0) -> #N/A | H29: =IF(E29>0,TRUNC(E29*(1-G29),2),"")
B30: 107336 | C30: ALVENARIA ESTRUTURAL DE BLOCOS CERÂMICOS 14X19X29 CM (ESPESSURA 14 CM), FBK = 4 MPA, UTILIZANDO COLHER DE PEDREIRO. AF_07/2026 | D30: M2 | E30: 0 | G30: =VLOOKUP(B30,'SINAPI-%MO'!B:E,4,0) -> #N/A | H30: =IF(E30>0,TRUNC(E30*(1-G30),2),"")
B31: 107334 | C31: ALVENARIA ESTRUTURAL DE BLOCOS CERÂMICOS 14X19X29 CM (ESPESSURA 14 CM), FBK = 4 MPA, UTILIZANDO PALHETA. AF_07/2026 | D31: M2 | E31: 0 | G31: =VLOOKUP(B31,'SINAPI-%MO'!B:E,4,0) -> #N/A | H31: =IF(E31>0,TRUNC(E31*(1-G31),2),"")
B32: 89306 | C32: ALVENARIA ESTRUTURAL DE BLOCOS CERÂMICOS 14X19X29 CM (ESPESSURA 14 CM), FBK = 6 MPA, UTILIZANDO COLHER DE PEDREIRO. AF_07/2026 | D32: M2 | E32: 104.23 | F32: 0 | G32: =VLOOKUP(B32,'SINAPI-%MO'!B:E,4,0) -> 0.5223 | H32: =IF(E32>0,TRUNC(E32*(1-G32),2),"") -> 49.79
B33: 89290 | C33: ALVENARIA ESTRUTURAL DE BLOCOS CERÂMICOS 14X19X29 CM (ESPESSURA 14 CM), FBK = 6 MPA, UTILIZANDO PALHETA. AF_07/2026 | D33: M2 | E33: 94.21 | F33: 0 | G33: =VLOOKUP(B33,'SINAPI-%MO'!B:E,4,0) -> 0.486 | H33: =IF(E33>0,TRUNC(E33*(1-G33),2),"") -> 48.42
B34: 107340 | C34: ALVENARIA ESTRUTURAL DE BLOCOS CERÂMICOS 14X19X29 CM (ESPESSURA 14 CM), FBK = 8 MPA, UTILIZANDO COLHER DE PEDREIRO. AF_07/2026 | D34: M2 | E34: 0 | G34: =VLOOKUP(B34,'SINAPI-%MO'!B:E,4,0) -> #N/A | H34: =IF(E34>0,TRUNC(E34*(1-G34),2),"")
B35: 107338 | C35: ALVENARIA ESTRUTURAL DE BLOCOS CERÂMICOS 14X19X29 CM (ESPESSURA 14 CM), FBK = 8 MPA, UTILIZANDO PALHETA. AF_07/2026 | D35: M2 | E35: 0 | G35: =VLOOKUP(B35,'SINAPI-%MO'!B:E,4,0) -> #N/A | H35: =IF(E35>0,TRUNC(E35*(1-G35),2),"")
B36: 107343 | C36: ALVENARIA ESTRUTURAL DE BLOCOS CERÂMICOS 14X19X39 CM (ESPESSURA 14 CM), FBK = 10 MPA, UTILIZANDO COLHER DE PEDREIRO. AF_07/2026 | D36: M2 | E36: 0 | G36: =VLOOKUP(B36,'SINAPI-%MO'!B:E,4,0) -> #N/A | H36: =IF(E36>0,TRUNC(E36*(1-G36),2),"")
B37: 107341 | C37: ALVENARIA ESTRUTURAL DE BLOCOS CERÂMICOS 14X19X39 CM (ESPESSURA 14 CM), FBK = 10 MPA, UTILIZANDO PALHETA. AF_07/2026 | D37: M2 | E37: 0 | G37: =VLOOKUP(B37,'SINAPI-%MO'!B:E,4,0) -> #N/A | H37: =IF(E37>0,TRUNC(E37*(1-G37),2),"")
B38: 107347 | C38: ALVENARIA ESTRUTURAL DE BLOCOS CERÂMICOS 14X19X39 CM (ESPESSURA 14 CM), FBK = 12 MPA, UTILIZANDO COLHER DE PEDREIRO. AF_07/2026 | D38: M2 | E38: 0 | G38: =VLOOKUP(B38,'SINAPI-%MO'!B:E,4,0) -> #N/A | H38: =IF(E38>0,TRUNC(E38*(1-G38),2),"")
B39: 107345 | C39: ALVENARIA ESTRUTURAL DE BLOCOS CERÂMICOS 14X19X39 CM (ESPESSURA 14 CM), FBK = 12 MPA, UTILIZANDO PALHETA. AF_07/2026 | D39: M2 | E39: 0 | G39: =VLOOKUP(B39,'SINAPI-%MO'!B:E,4,0) -> #N/A | H39: =IF(E39>0,TRUNC(E39*(1-G39),2),"")
B40: 107335 | C40: ALVENARIA ESTRUTURAL DE BLOCOS CERÂMICOS 14X19X39 CM (ESPESSURA 14 CM), FBK = 4 MPA, UTILIZANDO COLHER DE PEDREIRO. AF_07/2026 | D40: M2 | E40: 0 | G40: =VLOOKUP(B40,'SINAPI-%MO'!B:E,4,0) -> #N/A | H40: =IF(E40>0,TRUNC(E40*(1-G40),2),"")
B41: 107333 | C41: ALVENARIA ESTRUTURAL DE BLOCOS CERÂMICOS 14X19X39 CM (ESPESSURA 14 CM), FBK = 4 MPA, UTILIZANDO PALHETA. AF_07/2026 | D41: M2 | E41: 0 | G41: =VLOOKUP(B41,'SINAPI-%MO'!B:E,4,0) -> #N/A | H41: =IF(E41>0,TRUNC(E41*(1-G41),2),"")
B42: 89298 | C42: ALVENARIA ESTRUTURAL DE BLOCOS CERÂMICOS 14X19X39 CM (ESPESSURA 14 CM), FBK = 6 MPA, UTILIZANDO COLHER DE PEDREIRO. AF_07/2026 | D42: M2 | E42: 98.22 | F42: 0 | G42: =VLOOKUP(B42,'SINAPI-%MO'!B:E,4,0) -> 0.4906 | H42: =IF(E42>0,TRUNC(E42*(1-G42),2),"") -> 50.03
B43: 89282 | C43: ALVENARIA ESTRUTURAL DE BLOCOS CERÂMICOS 14X19X39 CM (ESPESSURA 14 CM), FBK = 6 MPA, UTILIZANDO PALHETA. AF_07/2026 | D43: M2 | E43: 88.32 | F43: 0 | G43: =VLOOKUP(B43,'SINAPI-%MO'!B:E,4,0) -> 0.4478 | H43: =IF(E43>0,TRUNC(E43*(1-G43),2),"") -> 48.77
B44: 107339 | C44: ALVENARIA ESTRUTURAL DE BLOCOS CERÂMICOS 14X19X39 CM (ESPESSURA 14 CM), FBK = 8 MPA, UTILIZANDO COLHER DE PEDREIRO. AF_07/2026 | D44: M2 | E44: 0 | G44: =VLOOKUP(B44,'SINAPI-%MO'!B:E,4,0) -> #N/A | H44: =IF(E44>0,TRUNC(E44*(1-G44),2),"")
B45: 107337 | C45: ALVENARIA ESTRUTURAL DE BLOCOS CERÂMICOS 14X19X39 CM (ESPESSURA 14 CM), FBK = 8 MPA, UTILIZANDO PALHETA. AF_07/2026 | D45: M2 | E45: 0 | G45: =VLOOKUP(B45,'SINAPI-%MO'!B:E,4,0) -> #N/A | H45: =IF(E45>0,TRUNC(E45*(1-G45),2),"")
B46: 107358 | C46: MURO DE ALVENARIA ESTRUTURAL DE BLOCOS CERÂMICOS 14X19X29 CM (ESPESSURA 14 CM), FBK = 8 MPA, UTILIZANDO COLHER DE PEDREIRO. AF_07/2026 | D46: M2 | E46: 0 | G46: =VLOOKUP(B46,'SINAPI-%MO'!B:E,4,0) -> #N/A | H46: =IF(E46>0,TRUNC(E46*(1-G46),2),"")
B47: 107356 | C47: MURO DE ALVENARIA ESTRUTURAL DE BLOCOS CERÂMICOS 14X19X29 CM (ESPESSURA 14 CM), FBK = 8 MPA, UTILIZANDO PALHETA. AF_07/2026 | D47: M2 | E47: 0 | G47: =VLOOKUP(B47,'SINAPI-%MO'!B:E,4,0) -> #N/A | H47: =IF(E47>0,TRUNC(E47*(1-G47),2),"")
B48: 107357 | C48: MURO DE ALVENARIA ESTRUTURAL DE BLOCOS CERÂMICOS 14X19X39 CM (ESPESSURA 14 CM), FBK = 8 MPA, UTILIZANDO COLHER DE PEDREIRO. AF_07/2026 | D48: M2 | E48: 0 | G48: =VLOOKUP(B48,'SINAPI-%MO'!B:E,4,0) -> #N/A | H48: =IF(E48>0,TRUNC(E48*(1-G48),2),"")
B49: 107355 | C49: MURO DE ALVENARIA ESTRUTURAL DE BLOCOS CERÂMICOS 14X19X39 CM (ESPESSURA 14 CM), FBK = 8 MPA, UTILIZANDO PALHETA. AF_07/2026 | D49: M2 | E49: 0 | G49: =VLOOKUP(B49,'SINAPI-%MO'!B:E,4,0) -> #N/A | H49: =IF(E49>0,TRUNC(E49*(1-G49),2),"")
B50: 107368 | C50: ALVENARIA DE BLOCOS DE CONCRETO ESTRUTURAL 14X19X29 CM (ESPESSURA 14 CM), FBK = 10 MPA, UTILIZANDO COLHER DE PEDREIRO. AF_07/2026 | D50: M2 | E50: 0 | G50: =VLOOKUP(B50,'SINAPI-%MO'!B:E,4,0) -> #N/A | H50: =IF(E50>0,TRUNC(E50*(1-G50),2),"")
B51: 105771 | C51: ALVENARIA DE BLOCOS DE CONCRETO ESTRUTURAL 14X19X29 CM (ESPESSURA 14 CM), FBK = 10 MPA, UTILIZANDO PALHETA. AF_07/2026 | D51: M2 | E51: 0 | G51: =VLOOKUP(B51,'SINAPI-%MO'!B:E,4,0) -> #N/A | H51: =IF(E51>0,TRUNC(E51*(1-G51),2),"")
B52: 107369 | C52: ALVENARIA DE BLOCOS DE CONCRETO ESTRUTURAL 14X19X29 CM (ESPESSURA 14 CM), FBK = 12 MPA, UTILIZANDO COLHER DE PEDREIRO. AF_07/2026 | D52: M2 | E52: 0 | G52: =VLOOKUP(B52,'SINAPI-%MO'!B:E,4,0) -> #N/A | H52: =IF(E52>0,TRUNC(E52*(1-G52),2),"")
B53: 105770 | C53: ALVENARIA DE BLOCOS DE CONCRETO ESTRUTURAL 14X19X29 CM (ESPESSURA 14 CM), FBK = 12 MPA, UTILIZANDO PALHETA. AF_07/2026 | D53: M2 | E53: 0 | G53: =VLOOKUP(B53,'SINAPI-%MO'!B:E,4,0) -> #N/A | H53: =IF(E53>0,TRUNC(E53*(1-G53),2),"")
B54: 89480 | C54: ALVENARIA DE BLOCOS DE CONCRETO ESTRUTURAL 14X19X29 CM (ESPESSURA 14 CM), FBK = 14 MPA, UTILIZANDO COLHER DE PEDREIRO. AF_07/2026 | D54: M2 | E54: 202.45 | F54: 0 | G54: =VLOOKUP(B54,'SINAPI-%MO'!B:E,4,0) -> 0.3745 | H54: =IF(E54>0,TRUNC(E54*(1-G54),2),"") -> 126.63
B55: 89464 | C55: ALVENARIA DE BLOCOS DE CONCRETO ESTRUTURAL 14X19X29 CM (ESPESSURA 14 CM), FBK = 14 MPA, UTILIZANDO PALHETA. AF_07/2026 | D55: M2 | E55: 172.85 | F55: 0 | G55: =VLOOKUP(B55,'SINAPI-%MO'!B:E,4,0) -> 0.2885 | H55: =IF(E55>0,TRUNC(E55*(1-G55),2),"") -> 122.98
B56: 107370 | C56: ALVENARIA DE BLOCOS DE CONCRETO ESTRUTURAL 14X19X29 CM (ESPESSURA 14 CM), FBK = 16 MPA, UTILIZANDO COLHER DE PEDREIRO. AF_07/2026 | D56: M2 | E56: 0 | G56: =VLOOKUP(B56,'SINAPI-%MO'!B:E,4,0) -> #N/A | H56: =IF(E56>0,TRUNC(E56*(1-G56),2),"")
B57: 105769 | C57: ALVENARIA DE BLOCOS DE CONCRETO ESTRUTURAL 14X19X29 CM (ESPESSURA 14 CM), FBK = 16 MPA, UTILIZANDO PALHETA. AF_07/2026 | D57: M2 | E57: 0 | G57: =VLOOKUP(B57,'SINAPI-%MO'!B:E,4,0) -> #N/A | H57: =IF(E57>0,TRUNC(E57*(1-G57),2),"")
B58: 107371 | C58: ALVENARIA DE BLOCOS DE CONCRETO ESTRUTURAL 14X19X29 CM (ESPESSURA 14 CM), FBK = 18 MPA, UTILIZANDO COLHER DE PEDREIRO. AF_07/2026 | D58: M2 | E58: 0 | G58: =VLOOKUP(B58,'SINAPI-%MO'!B:E,4,0) -> #N/A | H58: =IF(E58>0,TRUNC(E58*(1-G58),2),"")
B59: 105768 | C59: ALVENARIA DE BLOCOS DE CONCRETO ESTRUTURAL 14X19X29 CM (ESPESSURA 14 CM), FBK = 18 MPA, UTILIZANDO PALHETA. AF_07/2026 | D59: M2 | E59: 0 | G59: =VLOOKUP(B59,'SINAPI-%MO'!B:E,4,0) -> #N/A | H59: =IF(E59>0,TRUNC(E59*(1-G59),2),"")
B60: 107372 | C60: ALVENARIA DE BLOCOS DE CONCRETO ESTRUTURAL 14X19X29 CM (ESPESSURA 14 CM), FBK = 20 MPA, UTILIZANDO COLHER DE PEDREIRO. AF_07/2026 | D60: M2 | E60: 0 | G60: =VLOOKUP(B60,'SINAPI-%MO'!B:E,4,0) -> #N/A | H60: =IF(E60>0,TRUNC(E60*(1-G60),2),"")
B61: 105767 | C61: ALVENARIA DE BLOCOS DE CONCRETO ESTRUTURAL 14X19X29 CM (ESPESSURA 14 CM), FBK = 20 MPA, UTILIZANDO PALHETA. AF_07/2026 | D61: M2 | E61: 0 | G61: =VLOOKUP(B61,'SINAPI-%MO'!B:E,4,0) -> #N/A | H61: =IF(E61>0,TRUNC(E61*(1-G61),2),"")
B62: 107366 | C62: ALVENARIA DE BLOCOS DE CONCRETO ESTRUTURAL 14X19X29 CM (ESPESSURA 14 CM), FBK = 3 MPA, UTILIZANDO COLHER DE PEDREIRO. AF_07/2026 | D62: M2 | E62: 0 | G62: =VLOOKUP(B62,'SINAPI-%MO'!B:E,4,0) -> #N/A | H62: =IF(E62>0,TRUNC(E62*(1-G62),2),"")
B63: 105773 | C63: ALVENARIA DE BLOCOS DE CONCRETO ESTRUTURAL 14X19X29 CM (ESPESSURA 14 CM), FBK = 3 MPA, UTILIZANDO PALHETA. AF_07/2026 | D63: M2 | E63: 0 | G63: =VLOOKUP(B63,'SINAPI-%MO'!B:E,4,0) -> #N/A | H63: =IF(E63>0,TRUNC(E63*(1-G63),2),"")
B64: 89478 | C64: ALVENARIA DE BLOCOS DE CONCRETO ESTRUTURAL 14X19X29 CM (ESPESSURA 14 CM), FBK = 4,5 MPA, UTILIZANDO COLHER DE PEDREIRO. AF_07/2026 | D64: M2 | E64: 166.44 | F64: 0 | G64: =VLOOKUP(B64,'SINAPI-%MO'!B:E,4,0) -> 0.3885 | H64: =IF(E64>0,TRUNC(E64*(1-G64),2),"") -> 101.77
B65: 89462 | C65: ALVENARIA DE BLOCOS DE CONCRETO ESTRUTURAL 14X19X29 CM (ESPESSURA 14 CM), FBK = 4,5 MPA, UTILIZANDO PALHETA. AF_07/2026 | D65: M2 | E65: 141.04 | F65: 0 | G65: =VLOOKUP(B65,'SINAPI-%MO'!B:E,4,0) -> 0.2991 | H65: =IF(E65>0,TRUNC(E65*(1-G65),2),"") -> 98.85
B66: 107367 | C66: ALVENARIA DE BLOCOS DE CONCRETO ESTRUTURAL 14X19X29 CM (ESPESSURA 14 CM), FBK = 6 MPA, UTILIZANDO COLHER DE PEDREIRO. AF_07/2026 | D66: M2 | E66: 0 | G66: =VLOOKUP(B66,'SINAPI-%MO'!B:E,4,0) -> #N/A | H66: =IF(E66>0,TRUNC(E66*(1-G66),2),"")
B67: 105772 | C67: ALVENARIA DE BLOCOS DE CONCRETO ESTRUTURAL 14X19X29 CM (ESPESSURA 14 CM), FBK = 6 MPA, UTILIZANDO PALHETA. AF_07/2026 | D67: M2 | E67: 0 | G67: =VLOOKUP(B67,'SINAPI-%MO'!B:E,4,0) -> #N/A | H67: =IF(E67>0,TRUNC(E67*(1-G67),2),"")
B68: 104444 | C68: ALVENARIA DE BLOCOS DE CONCRETO ESTRUTURAL 14X19X29 CM (ESPESSURA 14 CM), FBK = 8 MPA, UTILIZANDO COLHER DE PEDREIRO. AF_07/2026 | D68: M2 | E68: 0 | G68: =VLOOKUP(B68,'SINAPI-%MO'!B:E,4,0) -> #N/A | H68: =IF(E68>0,TRUNC(E68*(1-G68),2),"")
B69: 104442 | C69: ALVENARIA DE BLOCOS DE CONCRETO ESTRUTURAL 14X19X29 CM (ESPESSURA 14 CM), FBK = 8 MPA, UTILIZANDO PALHETA. AF_07/2026 | D69: M2 | E69: 0 | G69: =VLOOKUP(B69,'SINAPI-%MO'!B:E,4,0) -> #N/A | H69: =IF(E69>0,TRUNC(E69*(1-G69),2),"")
B70: 107361 | C70: ALVENARIA DE BLOCOS DE CONCRETO ESTRUTURAL 14X19X39 CM (ESPESSURA 14 CM), FBK = 10 MPA, UTILIZANDO COLHER DE PEDREIRO. AF_07/2026 | D70: M2 | E70: 0 | G70: =VLOOKUP(B70,'SINAPI-%MO'!B:E,4,0) -> #N/A | H70: =IF(E70>0,TRUNC(E70*(1-G70),2),"")
B71: 105764 | C71: ALVENARIA DE BLOCOS DE CONCRETO ESTRUTURAL 14X19X39 CM (ESPESSURA 14 CM), FBK = 10 MPA, UTILIZANDO PALHETA. AF_07/2026 | D71: M2 | E71: 0 | G71: =VLOOKUP(B71,'SINAPI-%MO'!B:E,4,0) -> #N/A | H71: =IF(E71>0,TRUNC(E71*(1-G71),2),"")
B72: 107362 | C72: ALVENARIA DE BLOCOS DE CONCRETO ESTRUTURAL 14X19X39 CM (ESPESSURA 14 CM), FBK = 12 MPA, UTILIZANDO COLHER DE PEDREIRO. AF_07/2026 | D72: M2 | E72: 0 | G72: =VLOOKUP(B72,'SINAPI-%MO'!B:E,4,0) -> #N/A | H72: =IF(E72>0,TRUNC(E72*(1-G72),2),"")
B73: 105763 | C73: ALVENARIA DE BLOCOS DE CONCRETO ESTRUTURAL 14X19X39 CM (ESPESSURA 14 CM), FBK = 12 MPA, UTILIZANDO PALHETA. AF_07/2026 | D73: M2 | E73: 0 | G73: =VLOOKUP(B73,'SINAPI-%MO'!B:E,4,0) -> #N/A | H73: =IF(E73>0,TRUNC(E73*(1-G73),2),"")
B74: 89472 | C74: ALVENARIA DE BLOCOS DE CONCRETO ESTRUTURAL 14X19X39 CM (ESPESSURA 14 CM), FBK = 14 MPA, UTILIZANDO COLHER DE PEDREIRO. AF_07/2026 | D74: M2 | E74: 170.36 | F74: 0 | G74: =VLOOKUP(B74,'SINAPI-%MO'!B:E,4,0) -> 0.3608 | H74: =IF(E74>0,TRUNC(E74*(1-G74),2),"") -> 108.89
B75: 89455 | C75: ALVENARIA DE BLOCOS DE CONCRETO ESTRUTURAL 14X19X39 CM (ESPESSURA 14 CM), FBK = 14 MPA, UTILIZANDO PALHETA. AF_07/2026 | D75: M2 | E75: 142.69 | F75: 0 | G75: =VLOOKUP(B75,'SINAPI-%MO'!B:E,4,0) -> 0.2594 | H75: =IF(E75>0,TRUNC(E75*(1-G75),2),"") -> 105.67
B76: 107363 | C76: ALVENARIA DE BLOCOS DE CONCRETO ESTRUTURAL 14X19X39 CM (ESPESSURA 14 CM), FBK = 16 MPA, UTILIZANDO COLHER DE PEDREIRO. AF_07/2026 | D76: M2 | E76: 0 | G76: =VLOOKUP(B76,'SINAPI-%MO'!B:E,4,0) -> #N/A | H76: =IF(E76>0,TRUNC(E76*(1-G76),2),"")
B77: 105762 | C77: ALVENARIA DE BLOCOS DE CONCRETO ESTRUTURAL 14X19X39 CM (ESPESSURA 14 CM), FBK = 16 MPA, UTILIZANDO PALHETA. AF_07/2026 | D77: M2 | E77: 0 | G77: =VLOOKUP(B77,'SINAPI-%MO'!B:E,4,0) -> #N/A | H77: =IF(E77>0,TRUNC(E77*(1-G77),2),"")
B78: 107364 | C78: ALVENARIA DE BLOCOS DE CONCRETO ESTRUTURAL 14X19X39 CM (ESPESSURA 14 CM), FBK = 18 MPA, UTILIZANDO COLHER DE PEDREIRO. AF_07/2026 | D78: M2 | E78: 0 | G78: =VLOOKUP(B78,'SINAPI-%MO'!B:E,4,0) -> #N/A | H78: =IF(E78>0,TRUNC(E78*(1-G78),2),"")
B79: 105761 | C79: ALVENARIA DE BLOCOS DE CONCRETO ESTRUTURAL 14X19X39 CM (ESPESSURA 14 CM), FBK = 18 MPA, UTILIZANDO PALHETA. AF_07/2026 | D79: M2 | E79: 0 | G79: =VLOOKUP(B79,'SINAPI-%MO'!B:E,4,0) -> #N/A | H79: =IF(E79>0,TRUNC(E79*(1-G79),2),"")
B80: 107365 | C80: ALVENARIA DE BLOCOS DE CONCRETO ESTRUTURAL 14X19X39 CM (ESPESSURA 14 CM), FBK = 20 MPA, UTILIZANDO COLHER DE PEDREIRO. AF_07/2026 | D80: M2 | E80: 0 | G80: =VLOOKUP(B80,'SINAPI-%MO'!B:E,4,0) -> #N/A | H80: =IF(E80>0,TRUNC(E80*(1-G80),2),"")
B81: 105760 | C81: ALVENARIA DE BLOCOS DE CONCRETO ESTRUTURAL 14X19X39 CM (ESPESSURA 14 CM), FBK = 20 MPA, UTILIZANDO PALHETA. AF_07/2026 | D81: M2 | E81: 0 | G81: =VLOOKUP(B81,'SINAPI-%MO'!B:E,4,0) -> #N/A | H81: =IF(E81>0,TRUNC(E81*(1-G81),2),"")
B82: 107359 | C82: ALVENARIA DE BLOCOS DE CONCRETO ESTRUTURAL 14X19X39 CM (ESPESSURA 14 CM), FBK = 3 MPA, UTILIZANDO COLHER DE PEDREIRO. AF_07/2026 | D82: M2 | E82: 0 | G82: =VLOOKUP(B82,'SINAPI-%MO'!B:E,4,0) -> #N/A | H82: =IF(E82>0,TRUNC(E82*(1-G82),2),"")
B83: 105766 | C83: ALVENARIA DE BLOCOS DE CONCRETO ESTRUTURAL 14X19X39 CM (ESPESSURA 14 CM), FBK = 3 MPA, UTILIZANDO PALHETA. AF_07/2026 | D83: M2 | E83: 0 | G83: =VLOOKUP(B83,'SINAPI-%MO'!B:E,4,0) -> #N/A | H83: =IF(E83>0,TRUNC(E83*(1-G83),2),"")
B84: 89470 | C84: ALVENARIA DE BLOCOS DE CONCRETO ESTRUTURAL 14X19X39 CM (ESPESSURA 14 CM), FBK = 4,5 MPA, UTILIZANDO COLHER DE PEDREIRO. AF_07/2026 | D84: M2 | E84: 137.75 | F84: 0 | G84: =VLOOKUP(B84,'SINAPI-%MO'!B:E,4,0) -> 0.386 | H84: =IF(E84>0,TRUNC(E84*(1-G84),2),"") -> 84.57
B85: 89453 | C85: ALVENARIA DE BLOCOS DE CONCRETO ESTRUTURAL 14X19X39 CM (ESPESSURA 14 CM), FBK = 4,5 MPA, UTILIZANDO PALHETA. AF_07/2026 | D85: M2 | E85: 113.84 | F85: 0 | G85: =VLOOKUP(B85,'SINAPI-%MO'!B:E,4,0) -> 0.2796 | H85: =IF(E85>0,TRUNC(E85*(1-G85),2),"") -> 82.01
B86: 107360 | C86: ALVENARIA DE BLOCOS DE CONCRETO ESTRUTURAL 14X19X39 CM (ESPESSURA 14 CM), FBK = 6 MPA, UTILIZANDO COLHER DE PEDREIRO. AF_07/2026 | D86: M2 | E86: 0 | G86: =VLOOKUP(B86,'SINAPI-%MO'!B:E,4,0) -> #N/A | H86: =IF(E86>0,TRUNC(E86*(1-G86),2),"")
B87: 105765 | C87: ALVENARIA DE BLOCOS DE CONCRETO ESTRUTURAL 14X19X39 CM (ESPESSURA 14 CM), FBK = 6 MPA, UTILIZANDO PALHETA. AF_07/2026 | D87: M2 | E87: 0 | G87: =VLOOKUP(B87,'SINAPI-%MO'!B:E,4,0) -> #N/A | H87: =IF(E87>0,TRUNC(E87*(1-G87),2),"")
B88: 104443 | C88: ALVENARIA DE BLOCOS DE CONCRETO ESTRUTURAL 14X19X39 CM (ESPESSURA 14 CM), FBK = 8 MPA, UTILIZANDO COLHER DE PEDREIRO. AF_07/2026 | D88: M2 | E88: 0 | G88: =VLOOKUP(B88,'SINAPI-%MO'!B:E,4,0) -> #N/A | H88: =IF(E88>0,TRUNC(E88*(1-G88),2),"")
B89: 104441 | C89: ALVENARIA DE BLOCOS DE CONCRETO ESTRUTURAL 14X19X39 CM (ESPESSURA 14 CM), FBK = 8 MPA, UTILIZANDO PALHETA. AF_07/2026 | D89: M2 | E89: 0 | G89: =VLOOKUP(B89,'SINAPI-%MO'!B:E,4,0) -> #N/A | H89: =IF(E89>0,TRUNC(E89*(1-G89),2),"")
B90: 107376 | C90: MURO DE ALVENARIA COM BLOCOS DE CONCRETO ESTRUTURAL 14X19X29 CM (ESPESSURA 14 CM), FBK = 8 MPA, UTILIZANDO COLHER DE PEDREIRO, ALTURA = 2,20 M. AF_07/2026 | D90: M2 | E90: 0 | G90: =VLOOKUP(B90,'SINAPI-%MO'!B:E,4,0) -> #N/A | H90: =IF(E90>0,TRUNC(E90*(1-G90),2),"")
B91: 107374 | C91: MURO DE ALVENARIA COM BLOCOS DE CONCRETO ESTRUTURAL 14X19X29 CM (ESPESSURA 14 CM), FBK = 8 MPA, UTILIZANDO PALHETA, ALTURA = 2,20 M. AF_07/2026 | D91: M2 | E91: 0 | G91: =VLOOKUP(B91,'SINAPI-%MO'!B:E,4,0) -> #N/A | H91: =IF(E91>0,TRUNC(E91*(1-G91),2),"")
B92: 107375 | C92: MURO DE ALVENARIA COM BLOCOS DE CONCRETO ESTRUTURAL 14X19X39 CM (ESPESSURA 14 CM), FBK = 8 MPA, UTILIZANDO COLHER DE PEDREIRO, ALTURA = 2,20 M. AF_07/2026 | D92: M2 | E92: 0 | G92: =VLOOKUP(B92,'SINAPI-%MO'!B:E,4,0) -> #N/A | H92: =IF(E92>0,TRUNC(E92*(1-G92),2),"")
B93: 107373 | C93: MURO DE ALVENARIA COM BLOCOS DE CONCRETO ESTRUTURAL 14X19X39 CM (ESPESSURA 14 CM), FBK = 8 MPA, UTILIZANDO PALHETA, ALTURA = 2,20 M. AF_07/2026 | D93: M2 | E93: 0 | G93: =VLOOKUP(B93,'SINAPI-%MO'!B:E,4,0) -> #N/A | H93: =IF(E93>0,TRUNC(E93*(1-G93),2),"")
B94: 103354 | C94: ALVENARIA DE VEDAÇÃO DE BLOCOS CERÂMICOS FURADOS NA HORIZONTAL DE 11,5X14X24 CM (ESPESSURA 11,5 CM) E ARGAMASSA DE ASSENTAMENTO COM PREPARO EM BETONEIRA. AF_12/2021 | D94: M2 | E94: 98.17 | F94: 0 | G94: =VLOOKUP(B94,'SINAPI-%MO'!B:E,4,0) -> 0.6343 | H94: =IF(E94>0,TRUNC(E94*(1-G94),2),"") -> 35.9
B95: 103355 | C95: ALVENARIA DE VEDAÇÃO DE BLOCOS CERÂMICOS FURADOS NA HORIZONTAL DE 11,5X14X24 CM (ESPESSURA 11,5 CM) E ARGAMASSA DE ASSENTAMENTO COM PREPARO MANUAL. AF_12/2021 | D95: M2 | E95: 99.73 | F95: 0 | G95: =VLOOKUP(B95,'SINAPI-%MO'!B:E,4,0) -> 0.6414 | H95: =IF(E95>0,TRUNC(E95*(1-G95),2),"") -> 35.76
B96: 103330 | C96: ALVENARIA DE VEDAÇÃO DE BLOCOS CERÂMICOS FURADOS NA HORIZONTAL DE 11,5X19X19 CM (ESPESSURA 11,5 CM) E ARGAMASSA DE ASSENTAMENTO COM PREPARO EM BETONEIRA. AF_12/2021 | D96: M2 | E96: 90.82 | F96: 0 | G96: =VLOOKUP(B96,'SINAPI-%MO'!B:E,4,0) -> 0.5974 | H96: =IF(E96>0,TRUNC(E96*(1-G96),2),"") -> 36.56
B97: 103331 | C97: ALVENARIA DE VEDAÇÃO DE BLOCOS CERÂMICOS FURADOS NA HORIZONTAL DE 11,5X19X19 CM (ESPESSURA 11,5 CM) E ARGAMASSA DE ASSENTAMENTO COM PREPARO MANUAL. AF_12/2021 | D97: M2 | E97: 92.28 | F97: 0 | G97: =VLOOKUP(B97,'SINAPI-%MO'!B:E,4,0) -> 0.6054 | H97: =IF(E97>0,TRUNC(E97*(1-G97),2),"") -> 36.41
B98: 103358 | C98: ALVENARIA DE VEDAÇÃO DE BLOCOS CERÂMICOS FURADOS NA HORIZONTAL DE 11,5X19X29 CM (ESPESSURA 11,5 CM) E ARGAMASSA DE ASSENTAMENTO COM PREPARO EM BETONEIRA. AF_12/2021 | D98: M2 | E98: 76.84 | F98: 0 | G98: =VLOOKUP(B98,'SINAPI-%MO'!B:E,4,0) -> 0.5657 | H98: =IF(E98>0,TRUNC(E98*(1-G98),2),"") -> 33.37
B99: 103359 | C99: ALVENARIA DE VEDAÇÃO DE BLOCOS CERÂMICOS FURADOS NA HORIZONTAL DE 11,5X19X29 CM (ESPESSURA 11,5 CM) E ARGAMASSA DE ASSENTAMENTO COM PREPARO MANUAL. AF_12/2021 | D99: M2 | E99: 78.08 | F99: 0 | G99: =VLOOKUP(B99,'SINAPI-%MO'!B:E,4,0) -> 0.5742 | H99: =IF(E99>0,TRUNC(E99*(1-G99),2),"") -> 33.24
B100: 103366 | C100: ALVENARIA DE VEDAÇÃO DE BLOCOS CERÂMICOS FURADOS NA HORIZONTAL DE 11,5X19X39 CM (ESPESSURA 11,5 CM) E ARGAMASSA DE ASSENTAMENTO COM PREPARO EM BETONEIRA. AF_12/2021 | D100: M2 | E100: 67.24 | F100: 0 | G100: =VLOOKUP(B100,'SINAPI-%MO'!B:E,4,0) -> 0.5007 | H100: =IF(E100>0,TRUNC(E100*(1-G100),2),"") -> 33.57
...

Sheet SINAPI-insumo
A1: SINAPI - Sistema Nacional de Pesquisa de Custos e Índices da Construção Civil
A2: RELATÓRIO DE PREÇOS DE INSUMOS - ENGARGOS SOCIAIS SEM DESONERAÇÃO
A3: Mês de Referência: | B3: 07/2026 | E3: Encargos sociais sobre a mão de obra:
A4: Data de emissão: | B4: 11/08/2026 | E4: (SEM DESONERAÇÃO) | F4: RS | G4: SP
E5: Localidade | F5: PORTO ALEGRE | G5: SAO PAULO
A6: Origem de preço: | B6: C = COLETADO | C6: CR = COEFICIENTE DE REPRESENTATIVIDADE | E6: Horista | F6: 1.1195 | G6: 1.1501
A7: Preço em branco para determinado estado significa que não houve coleta mínima de preços no mês de referência | E7: Mensalista | F7: 0.6929 | G7: 0.7118
E9: Preços Medianos (R$):
A10: Classificação | B10: Código do Insumo | C10: Descrição do Insumo | D10: Unidade | E10: Origem de Preço | F10: RS | G10: SP | H10: considerado
B11: 45333 | C11: ABERTURA PARA ENCAIXE DE CUBA OU LAVATORIO EM BANCADA DE MARMORE/ GRANITO OU OUTRO TIPO DE PEDRA NATURAL | D11: UN | E11: CR | F11: 217.5 | G11: 201.57 | H11: =IF(F11>0,F11,G11) -> 217.5
B12: 11270 | C12: ABRACADEIRA DE LATAO PARA FIXACAO DE CABO PARA-RAIO, DIMENSOES 32 X 24 X 24 MM | D12: UN | E12: CR | G12: 2.4 | H12: =IF(F12>0,F12,G12) -> 2.4
B13: 412 | C13: ABRACADEIRA DE NYLON PARA AMARRACAO DE CABOS, COMPRIMENTO DE *230* X *7,6* MM | D13: UN | E13: CR | F13: 0.97 | G13: 1.18 | H13: =IF(F13>0,F13,G13) -> 0.97
B14: 414 | C14: ABRACADEIRA DE NYLON PARA AMARRACAO DE CABOS, COMPRIMENTO DE 100 X 2,5 MM | D14: UN | E14: CR | F14: 0.06 | G14: 0.07 | H14: =IF(F14>0,F14,G14) -> 0.06
B15: 410 | C15: ABRACADEIRA DE NYLON PARA AMARRACAO DE CABOS, COMPRIMENTO DE 150 X *3,6* MM | D15: UN | E15: CR | F15: 0.15 | G15: 0.18 | H15: =IF(F15>0,F15,G15) -> 0.15
B16: 411 | C16: ABRACADEIRA DE NYLON PARA AMARRACAO DE CABOS, COMPRIMENTO DE 200 X *4,6* MM | D16: UN | E16: C | F16: 0.19 | G16: 0.23 | H16: =IF(F16>0,F16,G16) -> 0.19
B17: 408 | C17: ABRACADEIRA DE NYLON PARA AMARRACAO DE CABOS, COMPRIMENTO DE 390 X *4,6* MM | D17: UN | E17: CR | F17: 0.94 | G17: 1.14 | H17: =IF(F17>0,F17,G17) -> 0.94
B18: 39131 | C18: ABRACADEIRA EM ACO PARA AMARRACAO DE ELETRODUTOS, TIPO D, COM 1 1/2" E CUNHA DE FIXACAO | D18: UN | E18: CR | F18: 3.5 | G18: 3.16 | H18: =IF(F18>0,F18,G18) -> 3.5
B19: 394 | C19: ABRACADEIRA EM ACO PARA AMARRACAO DE ELETRODUTOS, TIPO D, COM 1 1/2" E PARAFUSO DE FIXACAO | D19: UN | E19: CR | F19: 3.55 | G19: 3.2 | H19: =IF(F19>0,F19,G19) -> 3.55
B20: 39130 | C20: ABRACADEIRA EM ACO PARA AMARRACAO DE ELETRODUTOS, TIPO D, COM 1 1/4" E CUNHA DE FIXACAO | D20: UN | E20: CR | F20: 3.19 | G20: 2.88 | H20: =IF(F20>0,F20,G20) -> 3.19
B21: 395 | C21: ABRACADEIRA EM ACO PARA AMARRACAO DE ELETRODUTOS, TIPO D, COM 1 1/4" E PARAFUSO DE FIXACAO | D21: UN | E21: CR | F21: 3.41 | G21: 3.08 | H21: =IF(F21>0,F21,G21) -> 3.41
B22: 39129 | C22: ABRACADEIRA EM ACO PARA AMARRACAO DE ELETRODUTOS, TIPO D, COM 1" E CUNHA DE FIXACAO | D22: UN | E22: CR | F22: 1.97 | G22: 1.78 | H22: =IF(F22>0,F22,G22) -> 1.97
B23: 393 | C23: ABRACADEIRA EM ACO PARA AMARRACAO DE ELETRODUTOS, TIPO D, COM 1" E PARAFUSO DE FIXACAO | D23: UN | E23: C | F23: 2.06 | G23: 1.86 | H23: =IF(F23>0,F23,G23) -> 2.06
B24: 39127 | C24: ABRACADEIRA EM ACO PARA AMARRACAO DE ELETRODUTOS, TIPO D, COM 1/2" E CUNHA DE FIXACAO | D24: UN | E24: CR | F24: 1.68 | G24: 1.52 | H24: =IF(F24>0,F24,G24) -> 1.68
... B49: 12615 | C49: ABRACADEIRA PVC, PARA CALHA PLUVIAL, DIAMETRO ENTRE *80 E 100* MM, PARA DRENAGEM PLUVIAL PREDIAL | D49: UN | E49: CR | F49: 16.48 | G49: 16.64 | H49: =IF(F49>0,F49,G49) -> 16.48
B50: 11927 | C50: ABRACADEIRA, GALVANIZADA/ZINCADA, ROSCA SEM FIM, PARAFUSO INOX, LARGURA FITA *12,6 A *14 MM, D = 2" A 2 1/2" | D50: UN | E50: CR | G50: 7.16 | H50: =IF(F50>0,F50,G50) -> 7.16
B51: 11928 | C51: ABRACADEIRA, GALVANIZADA/ZINCADA, ROSCA SEM FIM, PARAFUSO INOX, LARGURA FITA *12,6 A *14 MM, D = 3" A 3 3/4" | D51: UN | E51: CR | G51: 8.2 | H51: =IF(F51>0,F51,G51) -> 8.2
B52: 11929 | C52: ABRACADEIRA, GALVANIZADA/ZINCADA, ROSCA SEM FIM, PARAFUSO INOX, LARGURA FITA *12,6 A *14 MM, D = 4" A 4 3/4" | D52: UN | E52: CR | G52: 12.69 | H52: =IF(F52>0,F52,G52) -> 12.69
B53: 44908 | C53: ABRACADEIRA, GALVANIZADA/ZINCADA, ROSCA SEM FIM, PARAFUSO INOX, LARGURA FITA 19 MM, D = 1" | D53: UN | E53: CR | G53: 1.54 | H53: =IF(F53>0,F53,G53) -> 1.54
B54: 36801 | C54: ACABAMENTO DE METAL CROMADO PARA REGISTRO PEQUENO, DE PAREDE, 1/2" OU 3/4" | D54: UN | E54: CR | F54: 66.7 | G54: 34.07 | H54: =IF(F54>0,F54,G54) -> 66.7
B55: 36246 | C55: ACABAMENTO SIMPLES/CONVENCIONAL PARA FORRO PVC, TIPO "U" OU "C", COR BRANCA, COMPRIMENTO 6 M | D55: M | E55: CR | F55: 5.75 | G55: 5.2 | H55: =IF(F55>0,F55,G55) -> 5.75
B56: 37600 | C56: ACESSORIO DE LIGACAO NAO ELETRICO PARA CARGAS EXPLOSIVAS, TUBO DE 6 M | D56: UN | E56: CR | G56: 123.17 | H56: =IF(F56>0,F56,G56) -> 123.17
B57: 37599 | C57: ACESSORIO INICIADOR NAO ELETRICO, TUBO DE 6 M, TEMPO DE RETARDO DE *160* MS | D57: UN | E57: CR | G57: 114.64 | H57: =IF(F57>0,F57,G57) -> 114.64
B58: 1 | C58: ACETILENO - RECARGA DE GAS PARA CILINDRO (NAO INCLUI TROCA/MANUTENCAO DO CILINDRO) | D58: KG | E58: C | F58: 121.5 | G58: 110 | H58: =IF(F58>0,F58,G58) -> 121.5
B59: 3 | C59: ACIDO CLORIDRICO / ACIDO MURIATICO, DILUICAO 10% A 12% PARA USO EM LIMPEZA | D59: L | E59: CR | F59: 17.54 | G59: 20.69 | H59: =IF(F59>0,F59,G59) -> 17.54
B60: 43054 | C60: ACO CA-25, 10,0 MM, OU 12,5 MM, OU 16,0 MM, OU 20,0 MM, OU 25,0 MM, VERGALHAO | D60: KG | E60: CR | F60: 7.69 | G60: 7.18 | H60: =IF(F60>0,F60,G60) -> 7.69
B61: 42402 | C61: ACO CA-25, 16,0 MM, BARRA DE TRANSFERENCIA | D61: KG | E61: CR | F61: 7.35 | G61: 6.86 | H61: =IF(F61>0,F61,G61) -> 7.35
B62: 42403 | C62: ACO CA-25, 20,0 MM, BARRA DE TRANSFERENCIA | D62: KG | E62: CR | F62: 9.43 | G62: 8.8 | H62: =IF(F62>0,F62,G62) -> 9.43
B63: 42404 | C63: ACO CA-25, 25,0 MM, BARRA DE TRANSFERENCIA | D63: KG | E63: CR | F63: 9.37 | G63: 8.75 | H63: =IF(F63>0,F63,G63) -> 9.37
B64: 42405 | C64: ACO CA-25, 32,0 MM, BARRA DE TRANSFERENCIA | D64: KG | E64: CR | F64: 9.98 | G64: 9.32 | H64: =IF(F64>0,F64,G64) -> 9.98
B65: 34341 | C65: ACO CA-25, 32,0 MM, VERGALHAO | D65: KG | E65: CR | F65: 8.67 | G65: 8.09 | H65: =IF(F65>0,F65,G65) -> 8.67
B66: 43053 | C66: ACO CA-25, 6,3 MM OU 8,0 MM, VERGALHAO | D66: KG | E66: CR | F66: 6.87 | G66: 6.41 | H66: =IF(F66>0,F66,G66) -> 6.87
B67: 43058 | C67: ACO CA-50, 10,0 MM, OU 12,5 MM, OU 16,0 MM, OU 20,0 MM, DOBRADO E CORTADO | D67: KG | E67: CR | F67: 7.12 | G67: 6.65 | H67: =IF(F67>0,F67,G67) -> 7.12
B68: 34 | C68: ACO CA-50, 10,0 MM, VERGALHAO | D68: KG | E68: CR | F68: 7.16 | G68: 6.68 | H68: =IF(F68>0,F68,G68) -> 7.16
B69: 43055 | C69: ACO CA-50, 12,5 MM OU 16,0 MM, VERGALHAO | D69: KG | E69: C | F69: 6.2 | G69: 5.79 | H69: =IF(F69>0,F69,G69) -> 6.2
... B78: 43060 | C78: ACO CA-60, 8,0 MM OU 9,5 MM, VERGALHAO | D78: KG | E78: CR | F78: 5.9 | G78: 5.51 | H78: =IF(F78>0,F78,G78) -> 5.9
B79: 40410 | C79: ACOPLAMENTO RIGIDO EM FERRO FUNDIDO PARA SISTEMA DE TUBULACAO RANHURADA, DN 50 MM (2") | D79: UN | E79: C | G79: 22.86 | H79: =IF(F79>0,F79,G79) -> 22.86
B80: 40411 | C80: ACOPLAMENTO RIGIDO EM FERRO FUNDIDO PARA SISTEMA DE TUBULACAO RANHURADA, DN 65 MM (2 1/2") | D80: UN | E80: CR | G80: 24.81 | H80: =IF(F80>0,F80,G80) -> 24.81
B81: 40412 | C81: ACOPLAMENTO RIGIDO EM FERRO FUNDIDO PARA SISTEMA DE TUBULACAO RANHURADA, DN 80 MM (3") | D81: UN | E81: CR | G81: 27.84 | H81: =IF(F81>0,F81,G81) -> 27.84
B82: 44254 | C82: ADAPTADOR CPVC, ROSCAVEL, COM FLANGES E ANEL DE VEDACAO, 15 MM, CAIXA D'AGUA PARA AGUA QUENTE | D82: UN | E82: CR | F82: 41.01 | G82: 29.99 | H82: =IF(F82>0,F82,G82) -> 41.01
B83: 44255 | C83: ADAPTADOR CPVC, ROSCAVEL, COM FLANGES E ANEL DE VEDACAO, 22 MM, CAIXA D'AGUA PARA AGUA QUENTE | D83: UN | E83: CR | F83: 45.46 | G83: 33.24 | H83: =IF(F83>0,F83,G83) -> 45.46
B84: 44256 | C84: ADAPTADOR CPVC, ROSCAVEL, COM FLANGES E ANEL DE VEDACAO, 28 MM, CAIXA D'AGUA PARA AGUA QUENTE | D84: UN | E84: CR | F84: 51.34 | G84: 37.54 | H84: =IF(F84>0,F84,G84) -> 51.34
B85: 44257 | C85: ADAPTADOR CPVC, ROSCAVEL, COM FLANGES E ANEL DE VEDACAO, 35 MM, CAIXA D'AGUA PARA AGUA QUENTE | D85: UN | E85: CR | F85: 81.22 | G85: 59.4 | H85: =IF(F85>0,F85,G85) -> 81.22
B86: 44258 | C86: ADAPTADOR CPVC, ROSCAVEL, COM FLANGES E ANEL DE VEDACAO, 42 MM, CAIXA D'AGUA PARA AGUA QUENTE | D86: UN | E86: CR | F86: 92.83 | G86: 67.88 | H86: =IF(F86>0,F86,G86) -> 92.83
B87: 44259 | C87: ADAPTADOR CPVC, ROSCAVEL, COM FLANGES E ANEL DE VEDACAO, 54 MM, CAIXA D'AGUA PARA AGUA QUENTE | D87: UN | E87: CR | F87: 127.41 | G87: 93.17 | H87: =IF(F87>0,F87,G87) -> 127.41
B88: 37997 | C88: ADAPTADOR CPVC, SOLDAVEL, 15 MM, PARA AGUA QUENTE | D88: UN | E88: CR | F88: 24.44 | G88: 17.87 | H88: =IF(F88>0,F88,G88) -> 24.44
B89: 37998 | C89: ADAPTADOR CPVC, SOLDAVEL, 22 MM, PARA AGUA QUENTE | D89: UN | E89: CR | F89: 32.71 | G89: 23.92 | H89: =IF(F89>0,F89,G89) -> 32.71
B90: 55 | C90: ADAPTADOR DE COMPRESSAO EM POLIPROPILENO (PP), PARA TUBO EM PEAD, 20 MM X 1/2", PARA LIGACAO PREDIAL DE AGUA (NTS 179) | D90: UN | E90: C | F90: 7.1 | G90: 4.86 | H90: =IF(F90>0,F90,G90) -> 7.1
B91: 61 | C91: ADAPTADOR DE COMPRESSAO EM POLIPROPILENO (PP), PARA TUBO EM PEAD, 20 MM X 3/4", PARA LIGACAO PREDIAL DE AGUA (NTS 179) | D91: UN | E91: CR | F91: 6.71 | G91: 4.59 | H91: =IF(F91>0,F91,G91) -> 6.71
B92: 62 | C92: ADAPTADOR DE COMPRESSAO EM POLIPROPILENO (PP), PARA TUBO EM PEAD, 32 MM X 1", PARA LIGACAO PREDIAL DE AGUA (NTS 179) | D92: UN | E92: CR | F92: 13.92 | G92: 9.52 | H92: =IF(F92>0,F92,G92) -> 13.92
B93: 10899 | C93: ADAPTADOR EM LATAO, ENGATE RAPIDO 2 1/2" X ROSCA INTERNA 5 FIOS 2 1/2", PARA INSTALACAO PREDIAL DE COMBATE A INCENDIO | D93: UN | E93: CR | F93: 72.28 | G93: 161.21 | H93: =IF(F93>0,F93,G93) -> 72.28
B94: 10900 | C94: ADAPTADOR EM LATAO, ENGATE RAPIDO1 1/2" X ROSCA INTERNA 5 FIOS 2 1/2", PARA INSTALACAO PREDIAL DE COMBATE A INCENDIO | D94: UN | E94: CR | F94: 56.57 | G94: 126.17 | H94: =IF(F94>0,F94,G94) -> 56.57
B95: 47 | C95: ADAPTADOR PVC PBA, BOLSA/ROSCA, JE, DN 100 / DE 110 MM | D95: UN | E95: CR | G95: 86.69 | H95: =IF(F95>0,F95,G95) -> 86.69
B96: 48 | C96: ADAPTADOR PVC PBA, BOLSA/ROSCA, JE, DN 50 / DE 60 MM | D96: UN | E96: CR | G96: 22.61 | H96: =IF(F96>0,F96,G96) -> 22.61
B97: 46 | C97: ADAPTADOR PVC PBA, BOLSA/ROSCA, JE, DN 75 / DE 85 MM | D97: UN | E97: CR | G97: 50.7 | H97: =IF(F97>0,F97,G97) -> 50.7
B98: 52 | C98: ADAPTADOR PVC PBA, PONTA/ROSCA, JE, DN 50 / DE 60 MM | D98: UN | E98: CR | G98: 17.18 | H98: =IF(F98>0,F98,G98) -> 17.18
B99: 43 | C99: ADAPTADOR PVC PBA, PONTA/ROSCA, JE, DN 75 / DE 85 MM | D99: UN | E99: CR | G99: 57.98 | H99: =IF(F99>0,F99,G99) -> 57.98
B100: 103 | C100: ADAPTADOR PVC SOLDAVEL CURTO COM BOLSA E ROSCA, 110 MM X 4", PARA AGUA FRIA | D100: UN | E100: CR | F100: 53.33 | G100: 54.37 | H100: =IF(F100>0,F100,G100) -> 53.33
